Workbook
Name _AFC1: #REF!
Name _AFC3: #REF!
Name _AFC5: #REF!
Name _BGC1: #REF!
Name _BGC3: #REF!
Name _BGC5: #REF!
Name _CAC1: #REF!
Name _CAC3: #REF!
Name _CAC5: #REF!
Name _Cod1: #REF!
Name _Cod1: #REF!
Name _Cod1: #REF!
Name _Cod1: #REF!
Name _Cod1: #REF!
Name _Cod1: #REF!
Name _Cod1: #REF!
Name _Cod1: #REF!
Name _Cod1: #REF!
Name _Cod1: #REF!
Name _Cod1: #REF!
Name _Cod1: #REF!
Name _Cod1: #REF!
Name _Cod1: #REF!
Name _Cod1: #REF!
Name _Cod1: #REF!
Name _Cod1: #REF!
Name _Cod1: #REF!
Name _Cod1: #REF!
Name _Cod1: #REF!
Name _MA2: #REF!
Name _MA2: #REF!
Name _MA2: #REF!
Name _MA2: #REF!
Name _MA2: #REF!
Name _MA2: #REF!
Name _MA2: #REF!
Name _MA2: #REF!
Name _MA2: #REF!
Name _MA2: #REF!
Name _MA2: #REF!
Name _MA2: #REF!
Name _MA2: #REF!
Name _MA2: #REF!
Name _MA2: #REF!
Name _MA2: #REF!
Name _MA2: #REF!
Name _MA2: #REF!
Name _MA2: #REF!
Name _MA2: #REF!
Name _Pa1: #REF!
Name _Pa2: #REF!
Name _Pa3: #REF!
Name _Pa4: #REF!
Name _SBC1: #REF!
Name _SBC3: #REF!
Name _SBC5: #REF!
Name a: #REF!
Name a: #REF!
Name a: #REF!
Name a: #REF!

Sheet Instructivo
C1: SISTEMA DE GESTIÓN INTEGRAL - SGI
C2: INSTRUCTIVO - COMPONENTE FINANCIERO EP
C3: CÓDIGO: F-PGC-21 | G3: VERSIÓN: 04
A5: Color | B5: Hoja | D5: Color | E5: Celda
A6: Gris | B6: Informativa | D6: Azul | E6: Protegida
A7: Vinotinto | B7: Formatos
A8: Morado | B8: Variables
A10: Para un mejor diligenciamiento de los formatos y uso de las variables y hojas informativas que se encuentran en este libro, se recomienda, antes de empezar a diligenciar, leer el instructivo, que se encuentra consignado en la presente hoja, igualmente, cada hoja contiene un número significativo de comentarios, los cuales, pretenden ayudar al diligenciamiento, se recomienda leerlos y aplicarlos de manera atenta. En caso de requerir apoyo, favor comunicarse con el asesor(a) financiero(a) asignado para el proceso.
A12: HOJAS INFORMATIVAS
A13: Nombre | D13: Descripción
A14: Cuantías de contratación (por pluralidad de oferentes) | D14: En la hoja se encuentran los valores establecidos anualmente, para identificar dentro de la contratación por pluralidad de oferentes, de acuerdo al valor del presupuesto, si se clasifica dentro de una mínima cuantía, menor cuantía o licitación pública, en los casos que aplique.
A15: Documentos de apoyo | D15: En la hoja se encuentran listas enunciativas de documentos de apoyo, que pueden presentar interés, al igual, que guíar el accionar en el ámbito general de la contratación pública y específico de la asesoría financiera a la misma. Se deberá considerar que las listas no son exhaustivas, es decir, no contemplan todos los documentos de cada categoría, al igual, que depende de la actualización constante de la Subdirección Administrativa y Financiera.
A16: Impuestos y garantías | D16: En la hoja se encuentra una lista enunciativa de los impuestos y las garantías en los que puede incurrir el ejecutor, las cuales dependen de la especificidad del proceso. La lista es de carácter informativa en caso que se emitan consultas al respecto.
A17: Información anticipos y pagos anticipados | D17: En la hoja se encuentra una corta explicación sobre la consideración normativa de los anticipos y pagos anticipados, que tiene como objeto orientar respecto a este tema de frecuente consulta e inquietud; tema sobre el cual, se requiere tener claridad para la estipulación de la ejecución física y financiera de los procesos.
A18: Información procesos de obra pública y capacidad residual (K) | D18: En la hoja se encuentra una corta explicación sobre los procesos de obra, y el cálculo de la capacidad residual (K) en los casos que se requiera, que tiene como objeto suministrar información de interés general respecto a este tema de frecuente consulta e inquietud; tener en cuenta que este tema es de competencia tanto jurídica como técnica y financiera.
A19: Información IVA | D19: En la hoja se encuentra una corta explicación sobre las consideraciones respecto al IVA, que tiene como objeto orientar respecto a este tema de frecuente consulta e inquietud.
A20: Notas propuesta económica | D20: En la hoja se encuentra una lista enunciativa de notas, las cuales deberán ser elegidas de acuerdo a la especificidad del proceso contractual, con el fin de incluirlas en el formato de propuesta económica. Las notas tienen como objeto orientar a los oferentes en el diligenciamiento de dicho formato.
A21: Requisitos habilitantes capacidad financiera y organizacional | D21: En la hoja se encuentran los requisitos de capacidad financiera y organizacional vigentes
A23: FORMATOS (PARA DILIGENCIAR) | I23: DILIGENCIAR EN CASO DE:
A24: Nombre | D24: Descripción | I24: Contratos por contratación directa | J24: Contratos por pluralidad de oferentes | K24: Convenios
A25: DILIGENCIAR PARA EVALUACIÓN POR PARTE DEL COMITÉ DE CONTRATACIÓN (Asesor técnico)
A26: Se recomienda que el asesor técnico para la planeación financiera del proceso contractual, empiece con el diligenciamiento paralelo de la memoria de cálculo con su debido estudio de mercado, para seguir con la estipulación de los gastos de administración, si aplican. En un segundo momento, se recomienda diligenciar, el presupuesto de acuerdo a la modalidad del proceso, y el plan de ejecución física y de inversiones. El técnico podrá anexar al presente libro las hojas que considere necesarias con el fin de suportar la estimación de los valores. NOTA: Se recomienda iniciar escribiendo en el formato del Plan de ejecución los datos básicos de modalidad de contratación y objeto a contratar, ya que está información alimenta a las demás hojas.
A27: Plan de ejecución física y de inversiones | D27: Diligenciar la programación física y financiera del proceso, tanto en la étapa inicial, como en el caso de solicitud de Otrosí de adición de recursos o prórroga, o cuando el Otrosí de modificación implique cambios en el presupuesto. | I27: X | J27: X | K27: X
A28: Plan de ejecución física y de inversiones - Prestación de Servicios Personales | D28: Diligenciar exclusivamente para los contratos de Prestación de Servicios Personales que suscribe la Corporación con una persona natural. Este formato simplificado permite la programación física y financiera del proceso, tanto en la étapa inicial, como en el caso de solicitud de Otrosí de adición de recursos o prórroga, o cuando el Otrosí de modificación implique cambios en el presupuesto. | I28: X
A29: Presupuesto - Modalidad contrato | D29: Diligenciar en caso que el proceso se tipifique dentro de las modalidades de contratos. El presupuesto es un documento donde se plasman los recursos económicos requeridos para llevar a cabo de manera exitosa el proceso contractual. | I29: X | J29: X
A30: Presupuesto - Modalidad contrato - Prestación de Servicios Personales | D30: Diligenciar exclusivamente para los contratos de Prestación de Servicios Personales que suscribe la Corporación con una persona natural. En este formato simplificado se plasma el presupuesto, donde se relacionan los recursos económicos requeridos para llevar a cabo de manera exitosa el proceso contractual. | I30: X
A31: Presupuesto - Modalidad convenio | D31: Diligenciar en caso que el proceso se tipifique dentro de las modalidades de convenios. El presupuesto es un documento donde se plasman los recursos económicos requeridos para llevar a cabo de manera exitosa el proceso contractual. | K31: X
A32: Memoria de cálculo - Opción 1 | D32: Diligenciar de acuerdo a las características del proceso, alcance y/o actividad. La memoria de cálculo es un documento descriptivo donde se refleja de manera exhaustiva y detallada, todos y cada uno de los elementos que intervienen en el proceso, alcance y/o actividad que se está valorando. Esta memoria de cálculo es útil para la compra de productos terminados, bienes con características homogéneas, o bienes y servicios que se valoren a todo costo, entre otras opciones, por ejemplo: compra de equipos o insumos. Nota: Tener en cuenta que para valorar una variable o ítem se utiliza una sola memoria de cálculo y no las tres opciones, por ejemplo, si se quiere valorar la adquisición de 1 equipo de cómputo, dicha adquisición se deja consignada en solo una de las memorias de cálculo, no se tiene que utilizar las tres opciones para este mismo ítem. | I32: Se seleccionará el formato de memoria de cálculo que mejor se adapte a las características del proceso, alcance y/o actividad a valorar.
A33: Memoria de cálculo - Opción 2 | D33: Diligenciar de acuerdo a las características del proceso, alcance y/o actividad. La memoria de cálculo es un documento descriptivo donde se refleja de manera exhaustiva y detallada, todos y cada uno de los elementos que intervienen en el proceso, alcance y/o actividad que se está valorando. Esta memoria de cálculo es útil para los procesos de obra. Nota: Tener en cuenta que para valorar una variable o ítem se utiliza una sola memoria de cálculo y no las tres opciones, por ejemplo, si se quiere valorar la adquisición de 1 equipo de cómputo, dicha adquisición se deja consignada en solo una de las memorias de cálculo, no se tiene que utilizar las tres opciones para este mismo ítem.
A34: Memoria de cálculo - Opción 3 | D34: Diligenciar de acuerdo a las características del proceso, alcance y/o actividad. La memoria de cálculo es un documento descriptivo donde se refleja de manera exhaustiva y detallada, todos y cada uno de los elementos que intervienen en el proceso, alcance y/o actividad que se está valorando. Esta memoria de cálculo es útil para procesos que requieran detallar todos los elementos del costo, por ejemplo, realización de talleres, donde se debe considerar los materiales, los refrigerios, alquiler de equipos, entre otros. Nota: Tener en cuenta que para valorar una variable o ítem se utiliza una sola memoria de cálculo y no las tres opciones, por ejemplo, si se quiere valorar la adquisición de 1 equipo de cómputo, dicha adquisición se deja consignada en solo una de las memorias de cálculo, no se tiene que utilizar las tres opciones para este mismo ítem.
A35: Estudio de mercado | D35: Un estudio de mercado es el proceso mediante el cual, se recoge y análiza información que sirve para identificar las características, valores y condiciones del bien o servicio a adquirir, con el fin de obtenerlos acuerdo a las estipulaciones del mercado, bajo el principio de plena competencia. En la corporación el estudio de mercado se realiza mediante la identificación de valores por medio de cotizaciones debidamente radicadas, valores históricos de los bienes y servicios de interés, recolección de información de sitios de internet soportados con los debidos pantallazos, y demás información de diferentes fuentes con sus correspondientes medios de verificación. El estudio de mercado no se puede confundir con el estudio de sector, este último, requerido solo para algunos procesos contractuales. En el estudio de mercado, pueden hacer parte, debidamente soportados o en todo caso que permita realizar la trazabilidad, los valores establecidos en otros procesos contractuales para los mismos bienes y servicios, de la misma vigencia o de anteriores vigencias, en caso de utilizar valores de vigencias anteriores se deberá realizar la respectiva actualización con la inflación anual de la o las vigencias pasadas. | I35: X | J35: X | K35: X
A36: Determinación de gastos de administración | D36: Diligenciar para determinar el porcentaje de los gastos de administración o administración del proceso, de acuerdo a las características del mismo, considerando no tener duplicidad en ítems ya contemplados en el presupuesto general del proceso. | I36: X | J36: X | K36: X
A37: Identificación de bienes nacionales relevantes | D37: Diligenciar para identificar los bienes nacionales relevantes en los procesos que apliquen. | J37: X
A38: DILIGENCIAR COMO PARTE DE LOS DOCUMENTOS A SUBIR A LA PLATAFORMA SECOP (Asesor financiero)
A39: Propuesta económica - Opción 1 | D39: Diligenciar con el objeto de suministrarle a los oferentes la estructura y condiciones de la presentación de las respectivas propuestas económicas, se recomienda su uso para procesos que se hayan planeado en el formato memoria de cálculo - opción 1. | J39: X
A40: Propuesta económica - Opción 2 | D40: Diligenciar con el objeto de suministrarle a los oferentes la estructura y condiciones de la presentación de las respectivas propuestas económicas, se recomienda su uso para procesos que se hayan planeado en el formato memoria de cálculo - opción 2. | J40: X
A41: Propuesta económica - Opción 3 | D41: Diligenciar con el objeto de suministrarle a los oferentes la estructura y condiciones de la presentación de las respectivas propuestas económicas, se recomienda su uso para procesos que se hayan planeado en el formato memoria de cálculo - opción 3. | J41: X
A42: Estimación PAB comparación absoluta | D42: Diligenciar con el objeto realizar el acta del Precio Artificialmente Bajo (PAB). La cual, se elabora paralelamente con el formato de propuesta económica para el proceso. | J42: X
A43: DILIGENCIAR PARA EVALUACIÓN FINANCIERA DE OFERENTES (Asesor financiero)
A44: Verificación de requisitos habilitantes de los proponentes sobre capacidad financiera y organizacional | D44: Diligenciar con el fin de consignar la verificación de los requisitos habilitantes de los proponentes, sobre capacidad financiera y organizacional, en los casos que apliquen. | J44: X
A45: Estimación PAB comparación relativa | D45: Diligenciar solamente en el caso que sea necesario aplicar la metodología de comparación relativa, es decir, cuando se hayan presentado más de 5 ofertas, con el fin de evaluar los PAB de los oferentes. | J45: X
A46: DILIGENCIAR EN CASO DE PROCESOS DE SELECCIÓN ABREVIADA POR SUBASTA INVERSA (Asesor financiero)
A47: Subasta inversa - Análisis de habilitados | D47: Diligenciar (de manera física o virtual) en caso de realizarse una subasta inversa | J47: X
A48: Subasta inversa presencial - Análisis de lances | D48: Diligenciar (de manera física o virtual) en caso de realizarse una subasta inversa presencial | J48: X
A49: Subasta inversa presencial - Lances de precios | D49: Imprimir para diligenciar de manera física por parte de los oferentes, en caso de realizarse una subasta inversa presencial | J49: X
A50: Subasta inversa presencial - Declinación de lances | D50: Imprimir para diligenciar de manera física por parte de los oferentes, en caso de realizarse una subasta inversa presencial | J50: X
A52: VARIABLES (ESTIPULACIÓN DE VALORES DE CARÁCTER CORPORATIVO)
A53: Nombre | D53: Descripción
A54: Valores de gastos de desplazamiento y manutención | D54: Determinación de los valores de los gastos de desplazamiento (transporte) y manutención (alimentación y/o alojamiento) a reconocer en las comisiones que se requieran realizar en la ejecución del proceso contractual.
A55: Valores de honorarios (prestadores de servicios) | D55: Determinación de los valores para el reconocimiento de los honorarios a pagar en el caso de vinculación por contrato de prestación de servicios personales (contrato civil).
A56: Valores de jornales | D56: Determinación de los valores para el reconocimiento del pago, cuando el mismo se realiza de manera diaria al trabajador.
A57: Valores de salarios | D57: Determinación de los valores de los salarios percibidos por el personal con vinculación laboral a la corporación, estos valores se utilizan únicamente para cuantificar el aporte en especie corporativo de su personal, en los casos que aplique.
A58: Valores de alimentación | D58: Determinación de los valores a reconocer por el suministro de alimentación, tales como refrigerios y almuerzos, entre otros.
A59: Valores de distintivos corporativos | D59: Determinación de los valores a reconocer por el suministro de distintivos corporativos, tales como gorras, pavas, camisetas, chalecos, entre otros.
A61: Nota 1: El presente libro en excel contiene los formatos y variables de frecuente y general uso para la planeación financiera de los procesos contractuales de la entidad, los mismos se diligenciarán y utilizarán de acuerdo a la especificidad del proceso, el diligenciamiento es de responsabilidad del técnico del proceso (a excepción de los formatos donde expresamente se señale que el diligenciamiento es por el asesor financiero), el cual, tendrá acompañamiento por parte del respectivo asesor financiero del proceso. En caso de no requerir una o varias hojas del presente libro, favor ocultarlas (no eliminarlas).
A62: Nota 2: En los contratos por pluralidad de oferentes al momento de subir el presente libro a la plataforma SECOP, el asesor jurídico y el asesor técnico deberán coordinar con el asesor financiero las hojas del presente libro a publicar y su debida protección, considerando que se recomienda dejar visibles las hojas que hayan sido diligenciadas o se hayan utilizado para el diligenciamiento del presupuesto y el soporte de las estimaciones del mismo, en los casos que se puedan, lo que implica que las demás hojas se deben ocultar, y el libro proteger, con el fin de evitar confusiones innecesarias a los posibles oferentes. Así mismo, con el fin de proporcionarles claridades a las oferentes, se publicará la hoja de propuesta económica que estos deben diligenciar aparte del libro con las hojas de la planeación del proceso, y se debe ocultar la hoja de la estimación del PAB por comparación absoluta. En todo caso, para la publicación de la información, se debe considerar lo dispuesto en el Decreto 1510 de 2013 artículos 19 y 20.
A63: Nota 3: La actualización del presente libro es responsabilidad de la Subdirección Administrativa y Financiera, quien actualizará los formatos en caso de alguna novedad, y actualizará las variables a inicio de cada año con la expedición del respectivo memorando, en caso de las variables que se actualicen por parte de otras dependencias, por ejemplo, costos de alimentación por parte de la Subdirección de Cultura y Participación, o Distintivos por parte de la Subdirección de Comunicaciones, la Subdirección Administrativa y Financiera actualizará la variable posterior a que la subdirección encargada emita el memorando, para estos casos, si hay cambio de vigencia (de un año a otro), se utilizará el valor que actualmente esté establecido por memorando, actualizado con la inflación anual de la o las vigencias pasadas, cifra a expresar redondeada a la centena más cercana.

Sheet Plan Ejecución
C1: SISTEMA DE GESTIÓN INTEGRAL - SGI | AE1: Instructivo
C2: COMPONENTE FINANCIERO EP - PLAN DE EJECUCIÓN FÍSICA Y DE INVERSIONES
C3: CÓDIGO: F-PGC-21 | H3: =+Instructivo!G3 -> VERSIÓN: 04
A5: MODALIDAD DE CONTRATACIÓN: | C5: Contrato Interadministrativo | AE5: =C5 -> Contrato Interadministrativo
A6: OBJETO A CONTRATAR: | C6: Implementación de estrategias enfocadas en la gestión integral de los residuos sólidos en la jurisdicción de Corantioquia | AE6: =C6 -> Implementación de estrategias enfocadas en la gestión integral de los residuos sólidos en la jurisdicción de Corantioquia
A8: CONTRATISTA/CONVENIANTE: | C8: CIS
A9: NOMBRE DEL TÉCNICO (A): | C9: Jairo Arango
A10: DURACIÓN Y/O PLAZO DEL CONTRATO (MESES): | C10: 6 meses
A11: PERIODO DE PROGRAMACIÓN Y SEGUIMIENTO: | C11: Mensual
A13: PROGRAMACIÓN FÍSICA
B14: Descripción | C14: % de importancia | D14: % de importancia subactividades | E14: Unidad de medida | F14: Cantidad Programada | G14: Distribución física
G15: Período 1 | H15: Período 2 | I15: Período 3 | J15: Período 4 | K15: Período 5 | L15: Período 6 | M15: Período 7 | N15: Período 8 | O15: Período 9 | P15: Período 10 | Q15: Período 11 | R15: Período 12 | S15: Período 13 | T15: Período 14 | U15: Período 15 | V15: Período 16 | W15: Período 17 | X15: Período 18 | Y15: Período 19 | Z15: Período 20 | AA15: Período 21 | AB15: Período 22 | AC15: Período 23 | AD15: Período 24
A16: META/ PRODUCTO A OBTENER: | D16: =+D19+D27+D34+D40+D59+D65+D75 -> 1 | AE16: =F16-SUM(G16:AD16) -> 0
A17: Alcance 1 | B17: ACOMPAÑAMIENTO A PGIRS MUNICIPALES, PROGRAMAS DE APROVECHAMIENTO DE RESIDUOS Y OTRAS ACCIONES DE GESTIÓN INTEGRAL DE RESIDUOS. | C17: =+'Presupuesto Contrato'!I110 -> 0.16289029 | F17: =+F18+F26+F33+F39 -> 11 | G17: =+G18+G26+G33+G39 -> 1 | H17: =+H18+H26+H33+H39 -> 1 | I17: =+I18+I26+I33+I39 -> 4 | J17: =+J18+J26+J33+J39 -> 2 | K17: =+K18+K26+K33+K39 -> 2 | L17: =+L18+L26+L33+L39 -> 1 | S17: =S18+S26+S33+S39+S45 -> 0 | T17: =T18+T26+T33+T39+T45 -> 0 | U17: =U18+U26+U33+U39+U45 -> 0 | V17: =V18+V26+V33+V39+V45 -> 0 | W17: =W18+W26+W33+W39+W45 -> 0 | X17: =X18+X26+X33+X39+X45 -> 0 | Y17: =Y18+Y26+Y33+Y39+Y45 -> 0 | Z17: =Z18+Z26+Z33+Z39+Z45 -> 0 | ... AD17: =AD18+AD26+AD33+AD39+AD45 -> 0 | AE17: =F17-SUM(G17:AD17) -> 0
A18: Actividad 1.1 | B18: Diagnóstico de los PGIRS municipales | C18: 0.25 | E18: Paquete documenta | F18: 5 | G18: =+G19 -> 1 | H18: =+H19 -> 1 | I18: =+I19 -> 3 | J18: =+J19 -> 0 | K18: =+K19 -> 0 | L18: =+L19 -> 0 | S18: =SUM(S19:S25) -> 0 | T18: =SUM(T19:T25) -> 0 | U18: =SUM(U19:U25) -> 0 | V18: =SUM(V19:V25) -> 0 | W18: =SUM(W19:W25) -> 0 | X18: =SUM(X19:X25) -> 0 | Y18: =SUM(Y19:Y25) -> 0 | Z18: =SUM(Z19:Z25) -> 0 | ... AD18: =SUM(AD19:AD25) -> 0 | AE18: =F18-SUM(G18:AD18) -> 0
A19: Subactividad 1.1.1 | B19: Diagnóstico de los PGIRS municipales | C19: 1 | D19: 0.2 | E19: Paquete documental | F19: 5 | G19: 1 | H19: 1 | I19: 3 | J19: 0 | K19: 0 | L19: 0 | AE19: =F19-SUM(G19:AD19) -> 0
A20: Subactividad 1.1.2 | D20: =C20*$C$18*$C$17 -> 0 | AE20: =F20-SUM(G20:AD20) -> 0
A21: Subactividad 1.1.3 | D21: =C21*$C$18*$C$17 -> 0 | AE21: =F21-SUM(G21:AD21) -> 0
A22: Subactividad 1.1.4 | D22: =C22*$C$18*$C$17 -> 0 | AE22: =F22-SUM(G22:AD22) -> 0
A23: Subactividad 1.1.5 | D23: =C23*$C$18*$C$17 -> 0 | AE23: =F23-SUM(G23:AD23) -> 0
A24: Subactividad 1.1.6 | D24: =C24*$C$18*$C$17 -> 0
A25: Subactividad 1.1.7 | D25: =C25*$C$18*$C$17 -> 0
A26: Actividad 1.2 | B26: Propuestas técnicas y socialización preliminar para cada municipio | C26: 0.25 | E26: Paquete documental | F26: =SUM(F27:F32) -> 2 | G26: =SUM(G27:G32) -> 0 | H26: =SUM(H27:H32) -> 0 | I26: =SUM(I27:I32) -> 1 | J26: =SUM(J27:J32) -> 1 | K26: =SUM(K27:K32) -> 0 | L26: =SUM(L27:L32) -> 0 | S26: =SUM(S27:S32) -> 0 | T26: =SUM(T27:T32) -> 0 | U26: =SUM(U27:U32) -> 0 | V26: =SUM(V27:V32) -> 0 | W26: =SUM(W27:W32) -> 0 | X26: =SUM(X27:X32) -> 0 | Y26: =SUM(Y27:Y32) -> 0 | Z26: =SUM(Z27:Z32) -> 0 | ... AD26: =SUM(AD27:AD32) -> 0 | AE26: =F26-SUM(G26:AD26) -> 0
A27: Subactividad 1.2.1 | B27: Propuestas técnicas y socialización preliminar para cada municipio | C27: 1 | D27: 0.2 | E27: Paquete documental | F27: 2 | I27: 1 | J27: 1 | AE27: =F27-SUM(G27:AD27) -> 0
A28: Subactividad 1.2.2 | D28: =C28*$C$26*$C$17 -> 0 | AE28: =F28-SUM(G28:AD28) -> 0
A29: Subactividad 1.2.3 | D29: =C29*$C$26*$C$17 -> 0 | AE29: =F29-SUM(G29:AD29) -> 0
A30: Subactividad 1.2.4 | D30: =C30*$C$26*$C$17 -> 0 | AE30: =F30-SUM(G30:AD30) -> 0
A31: Subactividad 1.2.5 | D31: =C31*$C$26*$C$17 -> 0 | AE31: =F31-SUM(G31:AD31) -> 0
A32: Subactividad 1.2.6 | D32: =C32*$C$26*$C$17 -> 0
A33: Actividad 1.3 | B33: Socialización de recomendaciones al PGIRS, retroalimentación y ajuste | C33: 0.25 | E33: Paquete documental | F33: =SUM(F34:F38) -> 3 | G33: =SUM(G34:G38) -> 0 | H33: =SUM(H34:H38) -> 0 | I33: =SUM(I34:I38) -> 0 | J33: =SUM(J34:J38) -> 1 | K33: =SUM(K34:K38) -> 1 | L33: =SUM(L34:L38) -> 1 | S33: =SUM(S34:S38) -> 0 | T33: =SUM(T34:T38) -> 0 | U33: =SUM(U34:U38) -> 0 | V33: =SUM(V34:V38) -> 0 | W33: =SUM(W34:W38) -> 0 | X33: =SUM(X34:X38) -> 0 | Y33: =SUM(Y34:Y38) -> 0 | Z33: =SUM(Z34:Z38) -> 0 | ... AD33: =SUM(AD34:AD38) -> 0 | AE33: =F33-SUM(G33:AD33) -> 0
A34: Subactividad 1.3.1 | B34: Socialización de recomendaciones al PGIRS | C34: 1 | D34: 0.1 | E34: Paquete documental | F34: 3 | H34: 0 | J34: 1 | K34: 1 | L34: 1 | AE34: =F34-SUM(G34:AD34) -> 0
A35: Subactividad 1.3.2 | D35: =C35*$C$33*$C$17 -> 0 | AE35: =F35-SUM(G35:AD35) -> 0
A36: Subactividad 1.3.3 | D36: =C36*$C$33*$C$17 -> 0 | AE36: =F36-SUM(G36:AD36) -> 0
A37: Subactividad 1.3.4 | D37: =C37*$C$33*$C$17 -> 0 | AE37: =F37-SUM(G37:AD37) -> 0
A38: Subactividad 1.3.5 | D38: =C38*$C$33*$C$17 -> 0 | AE38: =F38-SUM(G38:AD38) -> 0
A39: Actividad 1.4 | B39: Aplicativo para cifras de aprovechamiento | C39: 0.25 | E39: Aplicativo/Documentos | F39: =SUM(F40:F44) -> 1 | G39: =SUM(G40:G44) -> 0 | H39: =SUM(H40:H44) -> 0 | I39: =SUM(I40:I44) -> 0 | J39: 0 | K39: 1 | L39: =SUM(L40:L44) -> 0 | S39: =SUM(S40:S44) -> 0 | T39: =SUM(T40:T44) -> 0 | U39: =SUM(U40:U44) -> 0 | V39: =SUM(V40:V44) -> 0 | W39: =SUM(W40:W44) -> 0 | X39: =SUM(X40:X44) -> 0 | Y39: =SUM(Y40:Y44) -> 0 | Z39: =SUM(Z40:Z44) -> 0 | ... AD39: =SUM(AD40:AD44) -> 0 | AE39: =F39-SUM(G39:AD39) -> 0
A40: Subactividad 1.4.1 | B40: Aplicativo para cifras de aprovechamiento | C40: 1 | D40: 0.1 | E40: Aplicativo/Documentos | F40: 1 | J40: 0 | K40: 1 | AE40: =F40-SUM(G40:AD40) -> 0
A41: Subactividad 1.4.2 | D41: =C41*$C$39*$C$17 -> 0 | AE41: =F41-SUM(G41:AD41) -> 0
A42: Subactividad 1.4.3 | D42: =C42*$C$39*$C$17 -> 0 | AE42: =F42-SUM(G42:AD42) -> 0
A43: Subactividad 1.4.4 | D43: =C43*$C$39*$C$17 -> 0 | AE43: =F43-SUM(G43:AD43) -> 0
A44: Subactividad 1.4.5 | D44: =C44*$C$39*$C$17 -> 0 | AE44: =F44-SUM(G44:AD44) -> 0
A45: Actividad 1.5 | G45: =SUM(G46:G50) -> 0 | H45: =SUM(H46:H50) -> 0 | I45: =SUM(I46:I50) -> 0 | J45: =SUM(J46:J50) -> 0 | K45: =SUM(K46:K50) -> 0 | L45: =SUM(L46:L50) -> 0 | S45: =SUM(S46:S50) -> 0 | T45: =SUM(T46:T50) -> 0 | U45: =SUM(U46:U50) -> 0 | V45: =SUM(V46:V50) -> 0 | W45: =SUM(W46:W50) -> 0 | X45: =SUM(X46:X50) -> 0 | Y45: =SUM(Y46:Y50) -> 0 | Z45: =SUM(Z46:Z50) -> 0 | ... AD45: =SUM(AD46:AD50) -> 0 | AE45: =F45-SUM(G45:AD45) -> 0
A46: Subactividad 1.5.1 | D46: =C46*$C$45*$C$17 -> 0 | AE46: =F46-SUM(G46:AD46) -> 0
A47: Subactividad 1.5.2 | D47: =C47*$C$45*$C$17 -> 0 | AE47: =F47-SUM(G47:AD47) -> 0
A48: Subactividad 1.5.3 | D48: =C48*$C$45*$C$17 -> 0 | AE48: =F48-SUM(G48:AD48) -> 0
A49: Subactividad 1.5.4 | D49: =C49*$C$45*$C$17 -> 0 | AE49: =F49-SUM(G49:AD49) -> 0
A50: Subactividad 1.5.5 | D50: =C50*$C$45*$C$17 -> 0 | AE50: =F50-SUM(G50:AD50) -> 0
A51: Actividad 1.6 | G51: =SUM(G52:G56) -> 0 | H51: =SUM(H52:H56) -> 0 | I51: =SUM(I52:I56) -> 0 | J51: =SUM(J52:J56) -> 0 | K51: =SUM(K52:K56) -> 0 | L51: =SUM(L52:L56) -> 0 | S51: =SUM(S52:S56) -> 0 | T51: =SUM(T52:T56) -> 0 | U51: =SUM(U52:U56) -> 0 | V51: =SUM(V52:V56) -> 0 | W51: =SUM(W52:W56) -> 0 | X51: =SUM(X52:X56) -> 0 | Y51: =SUM(Y52:Y56) -> 0 | Z51: =SUM(Z52:Z56) -> 0 | ... AD51: =SUM(AD52:AD56) -> 0 | AE51: =F51-SUM(G51:AD51) -> 0
A52: Subactividad 1.6.1 | D52: =C52*$C$45*$C$17 -> 0 | AE52: =F52-SUM(G52:AD52) -> 0
A53: Subactividad 1.6.2 | D53: =C53*$C$45*$C$17 -> 0 | AE53: =F53-SUM(G53:AD53) -> 0
A54: Subactividad 1.6.3 | D54: =C54*$C$45*$C$17 -> 0 | AE54: =F54-SUM(G54:AD54) -> 0
A55: Subactividad 1.6.4 | D55: =C55*$C$45*$C$17 -> 0 | AE55: =F55-SUM(G55:AD55) -> 0
A56: Subactividad 1.6.5 | D56: =C56*$C$45*$C$17 -> 0 | AE56: =F56-SUM(G56:AD56) -> 0
A57: Alcance 2 | B57: PROMOCION DE LA GESTION INTEGRAL DE RESIDUOS | C57: ='Presupuesto Contrato'!I111 -> 0.69946845 | F57: =+F58+F64+F74 -> 104 | G57: =+G58+G64+G74 -> 0 | H57: =+H58+H64+H74 -> 6 | I57: =+I58+I64+I74 -> 11 | J57: =+J58+J64+J74 -> 21 | K57: =+K58+K64+K74 -> 33 | L57: =+L58+L64+L74 -> 33 | S57: =+S58+S64+S74 -> 0 | T57: =+T58+T64+T74 -> 0 | U57: =+U58+U64+U74 -> 0 | V57: =+V58+V64+V74 -> 0 | W57: =+W58+W64+W74 -> 0 | X57: =+X58+X64+X74 -> 0 | Y57: =+Y58+Y64+Y74 -> 0 | Z57: =+Z58+Z64+Z74 -> 0 | ... AE57: =+AE58+AE64+AE74 -> 0
A58: Actividad 2.1 | B58: Acción de promoción al manejo adecuado y reducción en la generación de residuos | C58: 0.3 | E58: Paquete documental | F58: =+F59 -> 4 | G58: =+G59 -> 0 | H58: =+H59 -> 1 | I58: =+I59 -> 1 | J58: =+J59 -> 1 | K58: =+K59 -> 1 | L58: =+L59 -> 0 | S58: =SUM(S59:S63) -> 0 | T58: =SUM(T59:T63) -> 0 | U58: =SUM(U59:U63) -> 0 | V58: =SUM(V59:V63) -> 0 | W58: =SUM(W59:W63) -> 0 | X58: =SUM(X59:X63) -> 0 | Y58: =SUM(Y59:Y63) -> 0 | Z58: =SUM(Z59:Z63) -> 0 | ... AD58: =SUM(AD59:AD63) -> 0 | AE58: =F58-SUM(G58:AD58) -> 0
A59: Subactividad 2.1.1 | B59: Acción de promoción al manejo adecuado y reducción en la generación de residuos | C59: 1 | D59: 0.1 | E59: Paquete documental | F59: 4 | H59: 1 | I59: 1 | J59: 1 | K59: 1 | L59: 0 | AE59: =F59-SUM(G59:AD59) -> 0
A60: Subactividad 2.1.2 | D60: =C60*$C$58*$C$57 -> 0 | AE60: =F60-SUM(G60:AD60) -> 0
A61: Subactividad 2.1.3 | D61: =C61*$C$58*$C$57 -> 0 | AE61: =F61-SUM(G61:AD61) -> 0
A62: Subactividad 2.1.4 | D62: =C62*$C$58*$C$57 -> 0 | AE62: =F62-SUM(G62:AD62) -> 0
A63: Subactividad 2.1.5 | D63: =C63*$C$58*$C$57 -> 0 | AE63: =F63-SUM(G63:AD63) -> 0
A64: Actividad 2.2 | B64: Jornadas de Reciclatón 2026 | C64: 0.3 | E64: Paquete documental | F64: =+F65 -> 5 | G64: =+G65 -> 0 | H64: =+H65 -> 0 | I64: =+I65 -> 0 | J64: =+J65 -> 0 | K64: =+K65 -> 2 | L64: =+L65 -> 3 | S64: =SUM(S65:S69) -> 0 | T64: =SUM(T65:T69) -> 0 | U64: =SUM(U65:U69) -> 0 | V64: =SUM(V65:V69) -> 0 | W64: =SUM(W65:W69) -> 0 | X64: =SUM(X65:X69) -> 0 | Y64: =SUM(Y65:Y69) -> 0 | Z64: =SUM(Z65:Z69) -> 0 | ... AD64: =SUM(AD65:AD69) -> 0 | AE64: =F64-SUM(G64:AD64) -> 0
A65: Subactividad 2.2.1 | B65: Jornadas de Reciclatón 2026 e insumos | C65: 1 | D65: 0.2 | E65: Paquete documental | F65: 5 | G65: 0 | H65: 0 | I65: 0 | J65: 0 | K65: 2 | L65: 3 | AE65: =F65-SUM(G65:AD65) -> 0
A66: Subactividad 2.2.2 | D66: =C66*$C$64*$C$57 -> 0 | AE66: =F66-SUM(G66:AD66) -> 0
A67: Subactividad 2.2.3 | D67: =C67*$C$64*$C$57 -> 0 | AE67: =F67-SUM(G67:AD67) -> 0
A68: Subactividad 2.2.4 | D68: =C68*$C$64*$C$57 -> 0 | AE68: =F68-SUM(G68:AD68) -> 0
A69: Subactividad 2.2.5 | D69: =C69*$C$64*$C$57 -> 0 | AE69: =F69-SUM(G69:AD69) -> 0
A70: Subactividad 2.3.2 | D70: =C70*#REF!*$C$57 -> #REF! | AE70: =F70-SUM(G70:AD70) -> 0
A71: Subactividad 2.3.3 | D71: =C71*#REF!*$C$57 -> #REF! | AE71: =F71-SUM(G71:AD71) -> 0
A72: Subactividad 2.3.4 | D72: =C72*#REF!*$C$57 -> #REF! | AE72: =F72-SUM(G72:AD72) -> 0
A73: Subactividad 2.3.5 | D73: =C73*#REF!*$C$57 -> #REF! | AE73: =F73-SUM(G73:AD73) -> 0
A74: Actividad 2.3 | B74: Promoción de los procesos de aprovechamiento de residuos y prevención en la generación | C74: 0.4 | E74: Paquete documental | F74: 95 | G74: =+G75 -> 0 | H74: =+H75 -> 5 | I74: =+I75 -> 10 | J74: =+J75 -> 20 | K74: =+K75 -> 30 | L74: =+L75 -> 30 | S74: =SUM(S75:S79) -> 0 | T74: =SUM(T75:T79) -> 0 | U74: =SUM(U75:U79) -> 0 | V74: =SUM(V75:V79) -> 0 | W74: =SUM(W75:W79) -> 0 | X74: =SUM(X75:X79) -> 0 | Y74: =SUM(Y75:Y79) -> 0 | Z74: =SUM(Z75:Z79) -> 0 | ... AD74: =SUM(AD75:AD79) -> 0 | AE74: =F74-SUM(G74:AD74) -> 0
A75: Subactividad 2.3.1 | B75: Acciones de educación ambiental y comunicacionales para fomentar las buenas practicas en la gestión integral de residuos | C75: 1 | D75: 0.1 | E75: Paquete documental | F75: 95 | H75: 5 | I75: 10 | J75: 20 | K75: 30 | L75: 30 | AE75: =F75-SUM(G75:AD75) -> 0
A76: Subactividad 2.4.2 | D76: =C76*$C$74*$C$57 -> 0 | AE76: =F76-SUM(G76:AD76) -> 0
A77: Subactividad 2.4.3 | D77: =C77*$C$74*$C$57 -> 0 | AE77: =F77-SUM(G77:AD77) -> 0
A78: Subactividad 2.4.4 | D78: =C78*$C$74*$C$57 -> 0 | AE78: =F78-SUM(G78:AD78) -> 0
A79: Subactividad 2.4.5 | D79: =C79*$C$74*$C$57 -> 0 | AE79: =F79-SUM(G79:AD79) -> 0
A80: Actividad 2.5 | G80: =SUM(G81:G85) -> 0 | H80: =SUM(H81:H85) -> 0 | I80: =SUM(I81:I85) -> 0 | J80: =SUM(J81:J85) -> 0 | K80: =SUM(K81:K85) -> 0 | L80: =SUM(L81:L85) -> 0 | M80: =SUM(M81:M85) -> 0 | N80: =SUM(N81:N85) -> 0 | ... AD80: =SUM(AD81:AD85) -> 0 | AE80: =F80-SUM(G80:AD80) -> 0
A81: Subactividad 2.5.1 | D81: =C81*$C$80*$C$57 -> 0 | AE81: =F81-SUM(G81:AD81) -> 0
A82: Subactividad 2.5.2 | D82: =C82*$C$80*$C$57 -> 0 | AE82: =F82-SUM(G82:AD82) -> 0
A83: Subactividad 2.5.3 | D83: =C83*$C$80*$C$57 -> 0 | AE83: =F83-SUM(G83:AD83) -> 0
A84: Subactividad 2.5.4 | D84: =C84*$C$80*$C$57 -> 0 | AE84: =F84-SUM(G84:AD84) -> 0
A85: Subactividad 2.5.5 | D85: =C85*$C$80*$C$57 -> 0 | AE85: =F85-SUM(G85:AD85) -> 0
A86: Alcance 3 | C86: =+'Presupuesto Contrato'!I115 -> 0 | F86: =+F87 -> 0 | G86: =G87+G93+G99+G105+G111 -> 0 | H86: =H87+H93+H99+H105+H111 -> 0 | I86: =I87+I93+I99+I105+I111 -> 0 | J86: =J87+J93+J99+J105+J111 -> 0 | K86: =K87+K93+K99+K105+K111 -> 0 | L86: =L87+L93+L99+L105+L111 -> 0 | M86: =M87+M93+M99+M105+M111 -> 0 | N86: =N87+N93+N99+N105+N111 -> 0 | ... AD86: =AD87+AD93+AD99+AD105+AD111 -> 0 | AE86: =F86-SUM(G86:AD86) -> 0
A87: Actividad 3.1 | C87: 1 | F87: =+F88 -> 0 | G87: =SUM(G88:G92) -> 0 | H87: =SUM(H88:H92) -> 0 | I87: =SUM(I88:I92) -> 0 | J87: =SUM(J88:J92) -> 0 | K87: =SUM(K88:K92) -> 0 | L87: =SUM(L88:L92) -> 0 | M87: =SUM(M88:M92) -> 0 | N87: =SUM(N88:N92) -> 0 | ... AD87: =SUM(AD88:AD92) -> 0 | AE87: =F87-SUM(G87:AD87) -> 0
A88: Subactividad 3.1.1 | C88: 1 | D88: =C88*$C$87*$C$86 -> 0 | E88: Documentos | AE88: =F88-SUM(G88:AD88) -> 0
A89: Subactividad 3.1.2 | D89: =C89*$C$87*$C$86 -> 0 | AE89: =F89-SUM(G89:AD89) -> 0
A90: Subactividad 3.1.3 | D90: =C90*$C$87*$C$86 -> 0 | AE90: =F90-SUM(G90:AD90) -> 0
A91: Subactividad 3.1.4 | D91: =C91*$C$87*$C$86 -> 0 | AE91: =F91-SUM(G91:AD91) -> 0
A92: Subactividad 3.1.5 | D92: =C92*$C$87*$C$86 -> 0 | AE92: =F92-SUM(G92:AD92) -> 0
A93: Actividad 3.2 | G93: =SUM(G94:G98) -> 0 | H93: =SUM(H94:H98) -> 0 | I93: =SUM(I94:I98) -> 0 | J93: =SUM(J94:J98) -> 0 | K93: =SUM(K94:K98) -> 0 | L93: =SUM(L94:L98) -> 0 | M93: =SUM(M94:M98) -> 0 | N93: =SUM(N94:N98) -> 0 | ... AD93: =SUM(AD94:AD98) -> 0 | AE93: =F93-SUM(G93:AD93) -> 0
A94: Subactividad 3.2.1 | D94: =C94*$C$93*$C$86 -> 0 | AE94: =F94-SUM(G94:AD94) -> 0
A95: Subactividad 3.2.2 | D95: =C95*$C$93*$C$86 -> 0 | AE95: =F95-SUM(G95:AD95) -> 0
A96: Subactividad 3.2.3 | D96: =C96*$C$93*$C$86 -> 0 | AE96: =F96-SUM(G96:AD96) -> 0
A97: Subactividad 3.2.4 | D97: =C97*$C$93*$C$86 -> 0 | AE97: =F97-SUM(G97:AD97) -> 0
A98: Subactividad 3.2.5 | D98: =C98*$C$93*$C$86 -> 0 | AE98: =F98-SUM(G98:AD98) -> 0
A99: Actividad 3.3 | G99: =SUM(G100:G104) -> 0 | H99: =SUM(H100:H104) -> 0 | I99: =SUM(I100:I104) -> 0 | J99: =SUM(J100:J104) -> 0 | K99: =SUM(K100:K104) -> 0 | L99: =SUM(L100:L104) -> 0 | M99: =SUM(M100:M104) -> 0 | N99: =SUM(N100:N104) -> 0 | ... AD99: =SUM(AD100:AD104) -> 0 | AE99: =F99-SUM(G99:AD99) -> 0
A100: Subactividad 3.3.1 | D100: =C100*$C$99*$C$86 -> 0 | AE100: =F100-SUM(G100:AD100) -> 0
A101: Subactividad 3.3.2 | D101: =C101*$C$99*$C$86 -> 0 | AE101: =F101-SUM(G101:AD101) -> 0
A102: Subactividad 3.3.3 | D102: =C102*$C$99*$C$86 -> 0 | AE102: =F102-SUM(G102:AD102) -> 0
A103: Subactividad 3.3.4 | D103: =C103*$C$99*$C$86 -> 0 | AE103: =F103-SUM(G103:AD103) -> 0
...

Sheet PE PSP
C1: SISTEMA DE GESTIÓN INTEGRAL - SGI | R1: Instructivo
C2: COMPONENTE FINANCIERO EP - PRESTACIÓN DE SERVICIOS PERSONALES | R2: Presupuesto - modalidad contrato - prestación de servicios personales
C3: CÓDIGO: F-PGC-21 | J3: =Instructivo!G3 -> VERSIÓN: 04
A5: MODALIDAD DE CONTRATACIÓN: | R5: =C5 -> 0
A6: OBJETO A CONTRATAR: | R6: =C6 -> 0
A8: CONTRATISTA:
A9: NOMBRE SUPERVISOR O INTERVENTOR:
A10: DURACIÓN Y/O PLAZO DEL CONTRATO (MESES):
A11: PERIODO DE PROGRAMACIÓN Y SEGUIMIENTO:
A13: PROGRAMACIÓN FÍSICA
B14: Descripción | C14: % de importancia | D14: Unidad de medida | E14: Cantidad Programada | F14: Distribución física
F15: Período 1 | G15: Período 2 | H15: Período 3 | I15: Período 4 | J15: Período 5 | K15: Período 6 | L15: Período 7 | M15: Período 8 | N15: Período 9 | O15: Período 10 | P15: Período 11 | Q15: Período 12
A16: META/ PRODUCTO A OBTENER: | C16: 1 | D16: Meses | E16: =E17 -> 0 | R16: =E16-SUM(F16:Q16) -> 0
A17: Alcance 1 | C17: 1 | D17: Meses | R17: =E17-SUM(F17:Q17) -> 0
A18: TOTAL | F18: =IFERROR(F17/$E$17,0) -> 0 | G18: =IFERROR(G17/$E$17,0) -> 0 | H18: =IFERROR(H17/$E$17,0) -> 0 | I18: =IFERROR(I17/$E$17,0) -> 0 | J18: =IFERROR(J17/$E$17,0) -> 0 | K18: =IFERROR(K17/$E$17,0) -> 0 | L18: =IFERROR(L17/$E$17,0) -> 0 | M18: =IFERROR(M17/$E$17,0) -> 0 | ... Q18: =IFERROR(Q17/$E$17,0) -> 0
A19: ACUMULADO | F19: =F18 -> 0 | G19: =G18+F19 -> 0 | H19: =H18+G19 -> 0 | I19: =I18+H19 -> 0 | J19: =J18+I19 -> 0 | K19: =K18+J19 -> 0 | L19: =L18+K19 -> 0 | M19: =M18+L19 -> 0 | N19: =N18+M19 -> 0 | ... Q19: =Q18+P19 -> 0
E21: La programación financiera debe ser coherente con la programación física, todo pago que no sea soportado en la ejecución física efectiva y certificada es un anticipo o pago anticipado, de acuerdo al caso; para tener más información sobre anticipos y pagos anticipados remitirse a la hoja | Q21: Información anticipos
E22: PROGRAMACIÓN FINANCIERA INICIAL
F23: Distribución de recursos del valor aportado por Corantioquia
E24: Valor del contrato | F24: Período 1 | G24: Período 2 | H24: Período 3 | I24: Período 4 | J24: Período 5 | K24: Período 6 | L24: Período 7 | M24: Período 8 | N24: Período 9 | O24: Período 10 | P24: Período 11 | Q24: Período 12
F25: =$E$25*F26 -> 0 | G25: =$E$25*G26 -> 0 | H25: =$E$25*H26 -> 0 | I25: =$E$25*I26 -> 0 | J25: =$E$25*J26 -> 0 | K25: =$E$25*K26 -> 0 | L25: =$E$25*L26 -> 0 | M25: =$E$25*M26 -> 0 | ... Q25: =$E$25*Q26 -> 0
E26: Porcentaje (%) | F26: =F18 -> 0 | G26: =G18 -> 0 | H26: =H18 -> 0 | I26: =I18 -> 0 | J26: =J18 -> 0 | K26: =K18 -> 0 | L26: =L18 -> 0 | M26: =M18 -> 0 | ... Q26: =Q18 -> 0
E27: Porcentaje Acumulado (%) | F27: =+F26 -> 0 | G27: =+F27+G26 -> 0 | H27: =+G27+H26 -> 0 | I27: =+H27+I26 -> 0 | J27: =+I27+J26 -> 0 | K27: =+J27+K26 -> 0 | L27: =+K27+L26 -> 0 | M27: =+L27+M26 -> 0 | N27: =+M27+N26 -> 0 | ... Q27: =+P27+Q26 -> 0
C28: Diligenciar esta información solo en caso de solicitud de Otrosí de adición de recursos o prórroga, o cuando el Otrosí de modificación implique cambios en el presupuesto. | E28: Valores ya ejecutados | F28: 0 | G28: 0 | H28: 0 | I28: 0 | J28: 0 | K28: 0 | L28: 0 | M28: 0 | N28: 0 | O28: 0 | P28: 0 | Q28: 0
E29: Porcentaje (%) PGAR | F29: =IFERROR(F28/$E$25,0) -> 0 | G29: =IFERROR(G28/$E$25,0) -> 0 | H29: =IFERROR(H28/$E$25,0) -> 0 | I29: =IFERROR(I28/$E$25,0) -> 0 | J29: =IFERROR(J28/$E$25,0) -> 0 | K29: =IFERROR(K28/$E$25,0) -> 0 | L29: =IFERROR(L28/$E$25,0) -> 0 | M29: =IFERROR(M28/$E$25,0) -> 0 | ... Q29: =IFERROR(Q28/$E$25,0) -> 0
E30: Porcentaje Acumulado (%) PGAR | F30: =F29 -> 0 | G30: =F30+G29 -> 0 | H30: =G30+H29 -> 0 | I30: =H30+I29 -> 0 | J30: =I30+J29 -> 0 | K30: =J30+K29 -> 0 | L30: =K30+L29 -> 0 | M30: =L30+M29 -> 0 | N30: =M30+N29 -> 0 | ... Q30: =P30+Q29 -> 0
C32: PROGRAMACIÓN FINANCIERA EN CASO DE ADICIÓN DE RECURSOS O PRÓRROGA
C33: Valor de la adición | D33: Valor total del contrato (incluida la adición) | E33: Distribución de recursos del valor aportado por Corantioquia
F34: Período 1 | G34: Período 2 | H34: Período 3 | I34: Período 4 | J34: Período 5 | K34: Período 6 | L34: Período 7 | M34: Período 8 | N34: Período 9 | O34: Período 10 | P34: Período 11 | Q34: Período 12 | R34: Total Valores
C35: 0 | D35: =E25+C35 -> 0 | E35: Valores ya ejecutados | F35: =F28 -> 0 | G35: =G28 -> 0 | H35: =H28 -> 0 | I35: =I28 -> 0 | J35: =J28 -> 0 | K35: =K28 -> 0 | L35: =L28 -> 0 | M35: =M28 -> 0 | ... Q35: =Q28 -> 0 | R35: =SUM(F35:Q35) -> 0
E36: Porcentaje (%) | F36: =IFERROR(F35/$D$35,0) -> 0 | G36: =IFERROR(G35/$D$35,0) -> 0 | H36: =IFERROR(H35/$D$35,0) -> 0 | I36: =IFERROR(I35/$D$35,0) -> 0 | J36: =IFERROR(J35/$D$35,0) -> 0 | K36: =IFERROR(K35/$D$35,0) -> 0 | L36: =IFERROR(L35/$D$35,0) -> 0 | M36: =IFERROR(M35/$D$35,0) -> 0 | ... Q36: =IFERROR(Q35/$D$35,0) -> 0
E37: Porcentaje Acumulado (%) | F37: =+F36 -> 0 | G37: =+F37+G36 -> 0 | H37: =+G37+H36 -> 0 | I37: =+H37+I36 -> 0 | J37: =+I37+J36 -> 0 | K37: =+J37+K36 -> 0 | L37: =+K37+L36 -> 0 | M37: =+L37+M36 -> 0 | N37: =+M37+N36 -> 0 | ... Q37: =+P37+Q36 -> 0
E38: Valores por ejecutar | F38: 0 | G38: 0 | H38: 0 | I38: 0 | J38: 0 | K38: 0 | L38: 0 | M38: 0 | N38: 0 | O38: 0 | P38: 0 | Q38: 0 | R38: =SUM(F38:Q38) -> 0
E39: Porcentaje (%) | F39: =IFERROR(F38/$D$35,0) -> 0 | G39: =IFERROR(G38/$D$35,0) -> 0 | H39: =IFERROR(H38/$D$35,0) -> 0 | I39: =IFERROR(I38/$D$35,0) -> 0 | J39: =IFERROR(J38/$D$35,0) -> 0 | K39: =IFERROR(K38/$D$35,0) -> 0 | L39: =IFERROR(L38/$D$35,0) -> 0 | M39: =IFERROR(M38/$D$35,0) -> 0 | ... Q39: =IFERROR(Q38/$D$35,0) -> 0
E40: Porcentaje Acumulado (%) | F40: =+F39 -> 0 | G40: =+F40+G39 -> 0 | H40: =+G40+H39 -> 0 | I40: =+H40+I39 -> 0 | J40: =+I40+J39 -> 0 | K40: =+J40+K39 -> 0 | L40: =+K40+L39 -> 0 | M40: =+L40+M39 -> 0 | N40: =+M40+N39 -> 0 | ... Q40: =+P40+Q39 -> 0
C41: PORCENTAJE ACUMULADO (%) TOTAL | F41: =F37+F40 -> 0 | G41: =G37+G40 -> 0 | H41: =H37+H40 -> 0 | I41: =I37+I40 -> 0 | J41: =J37+J40 -> 0 | K41: =K37+K40 -> 0 | L41: =L37+L40 -> 0 | M41: =M37+M40 -> 0 | ... Q41: =Q37+Q40 -> 0 | R41: =IFERROR((R35+R38)/D35,0) -> 0
B49: GERENTE PROGRAMA | G49: COORDINADOR GIT

Sheet Presupuesto Contrato
C1: SISTEMA DE GESTIÓN INTEGRAL - SGI | P1: Instructivo
C2: PRESUPUESTO - MODALIDAD CONTRATO
C3: CÓDIGO: F-PGC-21 | I3: =Instructivo!G3 -> VERSIÓN: 04
A5: MODALIDAD DE CONTRATACIÓN: | C5: ='Plan Ejecución'!C5 -> Contrato Interadministrativo
A6: OBJETO A CONTRATAR: | C6: ='Plan Ejecución'!C6 -> Implementación de estrategias enfocadas en la gestión integral de los residuos sólidos en la jurisdicción de Corantioquia
M7: 0.5 | N7: 0.5
A8: COSTOS DE PERSONAL | M8: Recursos por alcance, actividad o subactividad
A9: Ítem | B9: Cantidad personal | C9: (%) Dedicación | D9: Unidad de medida | E9: Cantidad 2025 | F9: Cantidad 2026 | G9: Valor unitario base 2025 | H9: Valor unitario base 2026 | I9: Valor Total 2025 | J9: Valor Total 2026 | K9: Dinero | L9: (%) PP | M9: Alcance 1 | N9: Alcance 2 | O9: Alcance 6
A10: Mano de Obra Calificada
A11: Asesor o coordinador | B11: 1 | C11: 1 | D11: Mes | E11: ='ALCANCE 1'!E17 -> 1 | F11: ='ALCANCE 1'!F17 -> 5 | G11: ='ALCANCE 1'!G17 -> 8990280 | H11: ='ALCANCE 1'!H17 -> 9439794 | I11: =IFERROR(B11*C11*E11*G11,0) -> 8990280 | J11: =IFERROR(B11*C11*F11*H11,0) -> 47198970 | K11: =J11+I11 -> 56189250 | L11: =IFERROR(K11/$K$17,0) -> 0.25375496 | M11: =$K$11*M7 -> 28094625 | N11: =$K$11*N7 -> 28094625
A12: Profesional especializado con experiencia | B12: 2 | C12: 1 | D12: Mes | E12: ='ALCANCE 1'!E18 -> 1 | F12: ='ALCANCE 1'!F18 -> 5 | G12: ='ALCANCE 1'!G18 -> 7493940 | H12: ='ALCANCE 1'!H18 -> 7868637 | I12: =IFERROR(B12*C12*E12*G12,0) -> 14987880 | J12: =IFERROR(B12*C12*F12*H12,0) -> 78686370 | K12: =J12+I12 -> 93674250 | L12: =IFERROR(K12/$K$17,0) -> 0.4230401 | M12: =$K$12*M7 -> 46837125 | N12: =$K$12*N7 -> 46837125
A13: Profesional especializado con experiencia | B13: 1 | C13: 1 | D13: Mes | F13: 1 | G13: 0 | H13: ='ALCANCE 2'!H19 -> 7868637 | I13: =IFERROR(B13*C13*E13*G13,0) -> 0 | J13: =IFERROR(B13*C13*F13*H13,0) -> 7868637 | K13: =J13+I13 -> 7868637 | L13: =IFERROR(K13/$K$17,0) -> 0.035535368 | N13: =K13 -> 7868637
A14: Profesional | B14: 2 | C14: 1 | D14: Mes | E14: ='ALCANCE 2'!E20 -> 1 | F14: ='ALCANCE 2'!F20 -> 5 | G14: =IFERROR(VLOOKUP(A14,Honorarios!$A$9:$C$15,2,FALSE),"") -> 5095920 | H14: =G14*1.05 -> 5350716 | I14: =IFERROR(B14*C14*E14*G14,0) -> 10191840 | J14: =IFERROR(B14*C14*F14*H14,0) -> 53507160 | K14: =J14+I14 -> 63699000 | L14: =IFERROR(K14/$K$17,0) -> 0.28766957 | N14: =K14 -> 63699000
J15: =IFERROR(B15*C15*F15*H15,0) -> 0 | K15: =J15+I15 -> 0 | L15: =IFERROR(K15/$K$84,0) -> 0
A17: Subtotal Mano de Obra calificada | I17: =+SUM(I11:I15) -> 34170000 | J17: =+SUM(J11:J15) -> 187261137 | K17: =+SUM(K11:K15) -> 221431137 | L17: =IFERROR(I17/$I$84,0) -> 1 | M17: =SUM(M11:M15) -> 74931750 | N17: =SUM(N11:N15) -> 146499387
A18: PROYECCIÓN COSTOS DE PERSONAL - VIGENCIAS FUTURAS | Q18: PROYECCION DEL IPC 2026-BANCO DE LA REPUBLICA 14-08-2025, EQUIVALENTE AL 3%
M19: ='ALCANCE 1'!M25 -> 0 | N19: ='ALCANCE 2 Anterior'!H26 -> 0 | P19: =I19-SUM(M19:O19) -> 0 | Q19: COORDINADOR DEL PROYECTO (A)
N20: ='ALCANCE 2 Anterior'!H27 -> 0 | P20: =I20-SUM(M20:O20) -> 0 | Q20: PROFESIONAL CON EXPERIENCIA (B) EN RESPEL, POSCONSUMO, ESPECIALES, (SE ENCARGARA TAMBIEN DE OTROS TEMAS)
M21: ='ALCANCE 1'!M26 -> 0 | N21: ='ALCANCE 2 Anterior'!H28 -> 0 | P21: =I21-SUM(M21:O21) -> 0 | Q21: PROFESIONAL CON EXPERIENCIA (C) APOYO AL SEGUIMIENTO DE LA SUPERVISION
M22: ='ALCANCE 1'!M27 -> 0 | P22: =I22-SUM(M22:O22) -> 0 | Q22: PROFESIONALES CON EXPERIENCIA (D) (AMBIENTALES, SANITARIO) PARA REVISION A PGIRS
M23: ='ALCANCE 1'!M28 -> 0 | P23: =I23-SUM(M23:O23) -> 0 | Q23: PROFESIONAL CON EXPERIENCIA (E) (DESARROLLADOR DEL APLICATIVO)
N24: ='ALCANCE 2 Anterior'!H31 -> 0 | P24: =I24-SUM(M24:O24) -> 0 | Q24: PROFESIONAL CON EXPERIENCIA (F) (SOCIAL)
N25: ='ALCANCE 2 Anterior'!H32 -> 0 | P25: =I25-SUM(M25:O25) -> 0 | Q25: PROFESIONAL COMUNICADOR (G)
N26: ='ALCANCE 2 Anterior'!H33 -> 0 | P26: =I26-SUM(M26:O26) -> 0 | Q26: PROFESIONALES AMBIENTALES (H)
G27: =IFERROR(VLOOKUP(A27,Honorarios!$A$9:$C$15,2,FALSE),"")*1.03 -> #VALUE! | H27: =G27*1.05 -> #VALUE! | I27: =IFERROR(B27*C27*E27*G27,0) -> 0 | L27: =IFERROR(I27/$I$84,0) -> 0 | P27: =I27-SUM(M27:O27) -> 0
G28: =IFERROR(VLOOKUP(A28,Honorarios!$A$9:$C$15,2,FALSE),"") | H28: =G28*1.05 -> #VALUE! | I28: =IFERROR(B28*C28*E28*G28*#REF!,0) -> 0 | L28: =IFERROR(I28/$I$84,0) -> 0 | P28: =I28-SUM(M28:O28) -> 0
G29: =IFERROR(VLOOKUP(A29,Honorarios!$A$9:$C$15,2,FALSE),"") | H29: =G29*1.05 -> #VALUE! | I29: =IFERROR(B29*C29*E29*G29*#REF!,0) -> 0 | L29: =IFERROR(I29/$I$84,0) -> 0 | P29: =I29-SUM(M29:O29) -> 0
G30: =IFERROR(VLOOKUP(A30,Honorarios!$A$9:$C$15,2,FALSE),"") | H30: =G30*1.05 -> #VALUE! | I30: =IFERROR(B30*C30*E30*G30*#REF!,0) -> 0 | L30: =IFERROR(I30/$I$84,0) -> 0 | P30: =I30-SUM(M30:O30) -> 0
G31: =IFERROR(VLOOKUP(A31,Honorarios!$A$9:$C$15,2,FALSE),"") | H31: =G31*1.05 -> #VALUE! | I31: =IFERROR(B31*C31*E31*G31*#REF!,0) -> 0 | L31: =IFERROR(I31/$I$84,0) -> 0 | P31: =I31-SUM(M31:O31) -> 0
G32: =IFERROR(VLOOKUP(A32,Honorarios!$A$9:$C$15,2,FALSE),"") | H32: =G32*1.05 -> #VALUE! | I32: =IFERROR(B32*C32*E32*G32*#REF!,0) -> 0 | L32: =IFERROR(I32/$I$84,0) -> 0 | P32: =I32-SUM(M32:O32) -> 0
G33: =IFERROR(VLOOKUP(A33,Honorarios!$A$9:$C$15,2,FALSE),"") | H33: =G33*1.05 -> #VALUE! | I33: =IFERROR(B33*C33*E33*G33*#REF!,0) -> 0 | L33: =IFERROR(I33/$I$84,0) -> 0 | P33: =I33-SUM(M33:O33) -> 0
G34: =IFERROR(VLOOKUP(A34,Honorarios!$A$9:$C$15,2,FALSE),"") | H34: =G34*1.05 -> #VALUE! | I34: =IFERROR(B34*C34*E34*G34*#REF!,0) -> 0 | L34: =IFERROR(I34/$I$84,0) -> 0 | P34: =I34-SUM(M34:O34) -> 0
G35: =IFERROR(VLOOKUP(A35,Honorarios!$A$9:$C$15,2,FALSE),"") | H35: =G35*1.05 -> #VALUE! | I35: =IFERROR(B35*C35*E35*G35*#REF!,0) -> 0 | L35: =IFERROR(I35/$I$84,0) -> 0 | P35: =I35-SUM(M35:O35) -> 0
G36: =IFERROR(VLOOKUP(A36,Honorarios!$A$9:$C$15,2,FALSE),"") | H36: =G36*1.05 -> #VALUE! | I36: =IFERROR(B36*C36*E36*G36*#REF!,0) -> 0 | L36: =IFERROR(I36/$I$84,0) -> 0 | P36: =I36-SUM(M36:O36) -> 0
G37: =IFERROR(VLOOKUP(A37,Honorarios!$A$9:$C$15,2,FALSE),"") | H37: =G37*1.05 -> #VALUE! | I37: =IFERROR(B37*C37*E37*G37*#REF!,0) -> 0 | L37: =IFERROR(I37/$I$84,0) -> 0 | P37: =I37-SUM(M37:O37) -> 0
G38: =IFERROR(VLOOKUP(A38,Honorarios!$A$9:$C$15,2,FALSE),"") | H38: =G38*1.05 -> #VALUE! | I38: =IFERROR(B38*C38*E38*G38*#REF!,0) -> 0 | L38: =IFERROR(I38/$I$84,0) -> 0 | P38: =I38-SUM(M38:O38) -> 0
G39: =IFERROR(VLOOKUP(A39,Honorarios!$A$9:$C$15,2,FALSE),"") | H39: =G39*1.05 -> #VALUE! | I39: =IFERROR(B39*C39*E39*G39*#REF!,0) -> 0 | L39: =IFERROR(I39/$I$84,0) -> 0 | P39: =I39-SUM(M39:O39) -> 0
... G55: =IFERROR(VLOOKUP(A55,Honorarios!$A$9:$C$15,2,FALSE),"") | H55: =G55*1.05 -> #VALUE! | I55: =IFERROR(B55*C55*E55*G55*#REF!,0) -> 0 | L55: =IFERROR(I55/$I$84,0) -> 0 | P55: =I55-SUM(M55:O55) -> 0
A56: Subtotal Mano de Obra calificada | I56: =SUM(I19:I55) -> 0 | J56: =SUM(J19:J55) -> 0 | K56: =SUM(K19:K55) -> 0 | L56: =IFERROR(I56/$I$84,0) -> 0
A57: Mano de Obra No Calificada
L58: =IFERROR(I58/$I$84,0) -> 0 | P58: =I58-SUM(M58:O58) -> 0
I59: =B59*C59*E59*G59 -> 0 | L59: =IFERROR(I59/$I$84,0) -> 0 | P59: =I59-SUM(M59:O59) -> 0
I60: =B60*C60*E60*G60 -> 0 | L60: =IFERROR(I60/$I$84,0) -> 0 | P60: =I60-SUM(M60:O60) -> 0
I61: =B61*C61*E61*G61 -> 0 | L61: =IFERROR(I61/$I$84,0) -> 0 | P61: =I61-SUM(M61:O61) -> 0
I62: =B62*C62*E62*G62 -> 0 | L62: =IFERROR(I62/$I$84,0) -> 0 | P62: =I62-SUM(M62:O62) -> 0
I63: =B63*C63*E63*G63 -> 0 | L63: =IFERROR(I63/$I$84,0) -> 0 | P63: =I63-SUM(M63:O63) -> 0
I64: =B64*C64*E64*G64 -> 0 | L64: =IFERROR(I64/$I$84,0) -> 0 | P64: =I64-SUM(M64:O64) -> 0
I65: =B65*C65*E65*G65 -> 0 | L65: =IFERROR(I65/$I$84,0) -> 0 | P65: =I65-SUM(M65:O65) -> 0
I66: =B66*C66*E66*G66 -> 0 | L66: =IFERROR(I66/$I$84,0) -> 0 | P66: =I66-SUM(M66:O66) -> 0
I67: =B67*C67*E67*G67 -> 0 | L67: =IFERROR(I67/$I$84,0) -> 0 | P67: =I67-SUM(M67:O67) -> 0
I68: =B68*C68*E68*G68 -> 0 | L68: =IFERROR(I68/$I$84,0) -> 0 | P68: =I68-SUM(M68:O68) -> 0
I69: =B69*C69*E69*G69 -> 0 | L69: =IFERROR(I69/$I$84,0) -> 0 | P69: =I69-SUM(M69:O69) -> 0
I70: =B70*C70*E70*G70 -> 0 | L70: =IFERROR(I70/$I$84,0) -> 0 | P70: =I70-SUM(M70:O70) -> 0
... I82: =B82*C82*E82*G82 -> 0 | L82: =IFERROR(I82/$I$84,0) -> 0 | P82: =I82-SUM(M82:O82) -> 0
A83: Subtotal Mano de Obra no Calificada | I83: =SUM(I58:I82) -> 0 | J83: =SUM(J58:J82) -> 0 | K83: =SUM(K58:K82) -> 0 | L83: =SUM(L58:L82) -> 0 | M83: 0 | N83: 0
A84: SUBTOTAL PERSONAL (Mano de Obra Calificada + Mano de Obra no Calificada) | I84: =I17+I56+I83 -> 34170000 | J84: =J17+J56+J83 -> 187261137 | K84: =K17+K56+K83 -> 221431137 | L84: =L17+L56+L83 -> 1
A86: COSTOS (Diferentes a los costos del personal)
A87: Ítem | D87: Unidad de medida | E87: Cantidad 2025 | F87: Cantidad 2026 | G87: Valor unitario base 2025 | H87: Valor unitario base 2026 | I87: Valor Total 2025 | J87: Valor Total 2026 | K87: Dinero | L87: (%) PP
A88: Alcance 1 | D88: Mes | E88: 1 | F88: 5 | G88: =('ALCANCE 1'!I70+'ALCANCE 1'!K70)/E88 -> 359600 | H88: =('ALCANCE 1'!J70+'ALCANCE 1'!L70)/F88 -> 512059.88 | I88: =G88*E88 -> 359600 | J88: =H88*F88 -> 2560299.4 | K88: =I88+J88 -> 2919899.4 | L88: =IFERROR(K88/$K$90,0) -> 0.015309564 | M88: =K88 -> 2919899.4 | N88: 0
A89: Alcance 2 | D89: Mes | E89: 1 | F89: 5 | G89: =('ALCANCE 2'!I55+'ALCANCE 2'!K55)/E89 -> 1.3555928e+08 | H89: =('ALCANCE 2'!J55+'ALCANCE 2'!L55)/F89 -> 10448939 | I89: =G89*E89 -> 1.3555928e+08 | J89: =H89*F89 -> 52244696 | K89: =I89+J89 -> 1.8780398e+08 | L89: =IFERROR(K89/$K$90,0) -> 0.98469044 | M89: 0 | N89: =K89 -> 1.8780398e+08
A90: SUBTOTAL COSTOS (Diferentes a los costos del personal) | I90: =SUM(I88:I89) -> 1.3591888e+08 | J90: =SUM(J88:J89) -> 54804995 | K90: =SUM(K88:K89) -> 1.9072388e+08 | L90: =SUM(L88:L89) -> 1 | M90: =SUM(M88:M89) -> 2919899.4 | N90: =SUM(N88:N89) -> 1.8780398e+08
E91: TOTAL COSTOS | I91: =I90+I17 -> 1.7008888e+08 | J91: =J90+J17 -> 2.4206613e+08 | K91: =K90+K17 -> 4.1215501e+08 | M91: =M90+M83+M17 -> 77851649 | N91: =N90+N83+N17 -> 3.3430336e+08 | O91: =SUM(O10:O90) -> 0
A93: SUBTOTAL (antes de AU e IVA) | I93: Valor Total 2025 | J93: Valor Total 2026 | K93: Dinero | L93: =K84+K90 -> 4.1215501e+08
A94: Administración | H94: 0.16 | I94: =I91*H94 -> 27214221 | J94: =J91*H94 -> 38730581 | K94: =K91*H94 -> 65944802 | L94: =L93*H94 -> 65944802 | M94: Gastos de administración
A95: Utilidad | H95: 0 | I95: 0 | J95: 0 | K95: =I95+J95 -> 0 | L95: =H95*L94 -> 0
A96: IVA | H96: 0.19 | I96: =I102*H96 -> 37487589 | J96: =J102*H96 -> 53351375 | K96: =K102*H96 -> 90838965 | L96: =L102*H96 -> 90838965 | M96: Info IVA
A97: TOTAL (incluido AU e IVA) | I97: =SUM(I94:I96) -> 64701810 | J97: =SUM(J94:J96) -> 92081957 | K97: =SUM(K94:K96) -> 1.5678377e+08 | L97: =L93+L94+L96 -> 5.6893878e+08
I98: =I97+I91 -> 2.3479069e+08 | J98: =J97+J91 -> 3.3414809e+08
A99: RESUMEN POR CONCEPTO
A100: Ítem | D100: Valor total | E100: (%) PP (SUBTOTAL) | G100: (%) PP (TOTAL)
A101: =A84 -> SUBTOTAL PERSONAL (Mano de Obra Calificada + Mano de Obra no Calificada) | D101: =K17 -> 221431137 | E101: =IFERROR(D101/$L$93,0) -> 0.53725208 | G101: =IFERROR(D101/$L$97,0) -> 0.38920029
A102: =A86 -> COSTOS (Diferentes a los costos del personal) | D102: =K90 -> 1.9072388e+08 | E102: =IFERROR(D102/$L$93,0) -> 0.46274792 | G102: =IFERROR(D102/$L$97,0) -> 0.33522741 | I102: =I91+I94 -> 1.973031e+08 | J102: =J91+J94 -> 2.8079671e+08 | K102: =K91+K94 -> 4.7809981e+08 | L102: =L93+L94 -> 4.7809981e+08
A103: =A94 -> Administración | D103: =SUM(D101:D102)*0.16 -> 65944802 | E103: NA | G103: =IFERROR(D103/$L$97,0) -> 0.11590843
A104: =A95 -> Utilidad | D104: 0 | E104: NA | G104: =IFERROR(D104/$L$97,0) -> 0
A105: =A96 -> IVA | D105: =L96 -> 90838965 | E105: NA | G105: =IFERROR(D105/$L$97,0) -> 0.15966387
D106: =SUM(D101:D105) -> 5.6893878e+08 | E106: =SUM(E101:E102) -> 1 | G106: =SUM(G101:G105) -> 1
A108: RESUMEN POR ALCANCES, ACTIVIDADES O SUBACTIVIDADES
A109: Alcance, actividad o subactividad | B109: Subtotal (Costos de personal y diferentes de personal) | C109: Costos de administración Y/O utilidad si aplican | D109: IVA (Si aplica) | E109: TOTAL | G109: ¿Es alcance de obra? (Si, No) | I109: (%) PP (TOTAL)
A110: =+ CONCATENATE(#REF!, " . ",#REF!) -> #REF! | B110: =M91 -> 77851649 | C110: =B110*H94 -> 12456264 | D110: =C110*H96 -> 2366690.1 | E110: =SUM(B110:D110) -> 92674603 | G110: No | I110: =IFERROR(E110/$L$97,0) -> 0.16289029
A111: =+ CONCATENATE(#REF!, " . ",#REF!) -> #REF! | B111: =N91 -> 3.3430336e+08 | C111: =B111*H94 -> 53488538 | D111: =C111*H96 -> 10162822 | E111: =SUM(B111:D111) -> 3.9795472e+08 | G111: No | I111: =IFERROR(E111/$L$97,0) -> 0.69946845
I112: =IFERROR(E112/$L$97,0) -> 0
I113: =IFERROR(E113/$L$97,0) -> 0
I114: =IFERROR(E114/$L$97,0) -> 0
I115: =IFERROR(E115/$L$97,0) -> 0
I116: =IFERROR(E116/$L$97,0) -> 0
I117: =IFERROR(E117/$L$97,0) -> 0
I118: =IFERROR(E118/$L$97,0) -> 0
B119: =+'ALCANCE 1'!M198+'ALCANCE 1'!M215 -> 0 | C119: =+B119*'Gastos de adm'!D69 -> 0 | D119: =+(B119+C119)*19% -> 0 | E119: =SUM(B119:D119) -> 0 | I119: =IFERROR(E119/$L$97,0) -> 0
B120: =+'ALCANCE 1'!M199+'ALCANCE 1'!M216 -> 0 | C120: =+B120*'Gastos de adm'!D70 -> 0 | D120: =+(B120+C120)*19% -> 0 | E120: =SUM(B120:D120) -> 0 | I120: =IFERROR(E120/$L$97,0) -> 0
B121: =+'ALCANCE 1'!M200+'ALCANCE 1'!M217 -> 0 | C121: =+B121*'Gastos de adm'!D71 -> 0 | D121: =+(B121+C121)*19% -> 0 | E121: =SUM(B121:D121) -> 0 | I121: =IFERROR(E121/$L$97,0) -> 0
B122: =+'ALCANCE 1'!M201+'ALCANCE 1'!M218 -> 0 | C122: =+B122*'Gastos de adm'!D72 -> 0 | D122: =+(B122+C122)*19% -> 0 | E122: =SUM(B122:D122) -> 0 | I122: =IFERROR(E122/$L$97,0) -> 0
B123: =+'ALCANCE 1'!M202+'ALCANCE 1'!M219 -> 0 | C123: =+B123*'Gastos de adm'!D73 -> 0 | D123: =+(B123+C123)*19% -> 0 | E123: =SUM(B123:D123) -> 0 | I123: =IFERROR(E123/$L$97,0) -> 0
B124: =+'ALCANCE 1'!M203+'ALCANCE 1'!M220 -> 0 | C124: =+B124*'Gastos de adm'!D74 -> 0 | D124: =+(B124+C124)*19% -> 0 | E124: =SUM(B124:D124) -> 0 | I124: =IFERROR(E124/$L$97,0) -> 0
B125: =+'ALCANCE 1'!M204+'ALCANCE 1'!M221 -> 0 | C125: =+B125*'Gastos de adm'!D75 -> 0 | D125: =+(B125+C125)*19% -> 0 | E125: =SUM(B125:D125) -> 0 | I125: =IFERROR(E125/$L$97,0) -> 0
B126: =+'ALCANCE 1'!M205+'ALCANCE 1'!M222 -> #VALUE! | C126: =+B126*'Gastos de adm'!D76 -> #VALUE! | D126: =+(B126+C126)*19% -> #VALUE! | E126: =SUM(B126:D126) -> #VALUE! | I126: =IFERROR(E126/$L$97,0) -> 0
B127: =+'ALCANCE 1'!M206+'ALCANCE 1'!M223 -> 0 | C127: =+B127*'Gastos de adm'!D77 -> 0 | D127: =+(B127+C127)*19% -> 0 | E127: =SUM(B127:D127) -> 0 | I127: =IFERROR(E127/$L$97,0) -> 0
B128: =+'ALCANCE 1'!M207+'ALCANCE 1'!M224 -> 0 | C128: =+B128*'Gastos de adm'!D78 -> 0 | D128: =+(B128+C128)*19% -> 0 | E128: =SUM(B128:D128) -> 0 | I128: =IFERROR(E128/$L$97,0) -> 0
B129: =+'ALCANCE 1'!M208+'ALCANCE 1'!M225 -> 0 | C129: =+B129*'Gastos de adm'!D79 -> 0 | D129: =+(B129+C129)*19% -> 0 | E129: =SUM(B129:D129) -> 0 | I129: =IFERROR(E129/$L$97,0) -> 0
B130: =SUM(B110:B118) -> 4.1215501e+08 | C130: =SUM(C110:C118) -> 65944802 | D130: =SUM(D110:D118) -> 12529512 | E130: =SUM(E110:E118) -> 4.9062933e+08 | I130: =SUM(I110:I129) -> 0.86235874
A135: Nota: Todas los costos para 2026, tienen un incremento del 5%, ello de acuerdo con estimaciones historicas de incrementos

Sheet Ppto PSP
B1: SISTEMA DE GESTIÓN INTEGRAL - SGI | G1: Instructivo
B2: PRESUPUESTO - MODALIDAD CONTRATO - PRESTACIÓN DE SERVICIOS PERSONALES | G2: Plan de ejecución física y de inversiones - prestación de servicios personales
B3: CÓDIGO: F-PGC-21 | E3: =Instructivo!G3 -> VERSIÓN: 04
A5: MODALIDAD DE CONTRATACIÓN: | B5: ='PE PSP'!R5 -> 0
A6: OBJETO A CONTRATAR: | B6: ='PE PSP'!R6 -> 0
A8: Ítem | B8: Unidad de medida | C8: Cantidad | D8: Valor unitario base | E8: Factor prestacional | F8: Valor total
B9: Mes | D9: =IFERROR(VLOOKUP(A9,Honorarios!$A$9:$C$15,2,FALSE),"") | E9: =IFERROR(VLOOKUP(A9,Honorarios!$A$9:$C$15,3,FALSE),"") | F9: =IFERROR(C9*D9*E9,0) -> 0 | G9: Tabla de honorarios
A11: SUBTOTAL | F11: =F9+F10 -> 0
A12: IVA | F12: 0 | G12: Solo aplica en caso que la persona natural sea responsable de IVA
A13: TOTAL | F13: =F11+F12 -> 0

Sheet Presupuesto Convenio
E1: SISTEMA DE GESTIÓN INTEGRAL - SGI | T1: Instructivo
E2: PRESUPUESTO - MODALIDAD CONVENIO
E3: CÓDIGO: F-PGC-21 | L3: =Instructivo!G3 -> VERSIÓN: 04
A5: MODALIDAD DE CONTRATACIÓN: | C5: =#REF! -> #REF!
A6: OBJETO A CONTRATAR: | C6: =#REF! -> #REF!
A8: COSTOS DE PERSONAL | I8: FUENTES DE COFINANCIACIÓN | N8: Recursos en dinero de CORANTIOQUIA por alcance, actividad o subactividad
A9: Ítem | B9: Cantidad personal | C9: (%) Dedicación | D9: Unidad de medida | E9: Cantidad | F9: Valor unitario base | G9: Valor total | H9: (%) PP | I9: CORANTIOQUIA | K9: Entidad 1:
I10: DINERO | J10: ESPECIE | K10: DINERO | L10: ESPECIE | N10: Alcance 1 | O10: Alcance 2 | P10: Alcance 3 | Q10: Alcance 4 | R10: Alcance 5 | S10: Alcance 6
A11: Mano de Obra Calificada
F12: =IFERROR(VLOOKUP(A12,Honorarios!$A$9:$C$15,2,FALSE),"") | G12: =IFERROR(B12*C12*E12*F12*#REF!,0) -> 0 | H12: =IFERROR(G12/$G$100,0) -> 0 | M12: =IFERROR(G12-SUM(I12:L12),"") -> 0 | T12: =I12-SUM(N12:S12) -> 0
F13: =IFERROR(VLOOKUP(A13,Honorarios!$A$9:$C$15,2,FALSE),"") | G13: =IFERROR(B13*C13*E13*F13*#REF!,0) -> 0 | H13: =IFERROR(G13/$G$100,0) -> 0 | M13: =IFERROR(G13-SUM(I13:L13),"") -> 0 | T13: =I13-SUM(N13:S13) -> 0
F14: =IFERROR(VLOOKUP(A14,Honorarios!$A$9:$C$15,2,FALSE),"") | G14: =IFERROR(B14*C14*E14*F14*#REF!,0) -> 0 | H14: =IFERROR(G14/$G$100,0) -> 0 | M14: =IFERROR(G14-SUM(I14:L14),"") -> 0 | T14: =I14-SUM(N14:S14) -> 0
F15: =IFERROR(VLOOKUP(A15,Honorarios!$A$9:$C$15,2,FALSE),"") | G15: =IFERROR(B15*C15*E15*F15*#REF!,0) -> 0 | H15: =IFERROR(G15/$G$100,0) -> 0 | M15: =IFERROR(G15-SUM(I15:L15),"") -> 0 | T15: =I15-SUM(N15:S15) -> 0
F16: =IFERROR(VLOOKUP(A16,Honorarios!$A$9:$C$15,2,FALSE),"") | G16: =IFERROR(B16*C16*E16*F16*#REF!,0) -> 0 | H16: =IFERROR(G16/$G$100,0) -> 0 | M16: =IFERROR(G16-SUM(I16:L16),"") -> 0 | T16: =I16-SUM(N16:S16) -> 0
F17: =IFERROR(VLOOKUP(A17,Honorarios!$A$9:$C$15,2,FALSE),"") | G17: =IFERROR(B17*C17*E17*F17*#REF!,0) -> 0 | H17: =IFERROR(G17/$G$100,0) -> 0 | M17: =IFERROR(G17-SUM(I17:L17),"") -> 0 | T17: =I17-SUM(N17:S17) -> 0
F18: =IFERROR(VLOOKUP(A18,Honorarios!$A$9:$C$15,2,FALSE),"") | G18: =IFERROR(B18*C18*E18*F18*#REF!,0) -> 0 | H18: =IFERROR(G18/$G$100,0) -> 0 | M18: =IFERROR(G18-SUM(I18:L18),"") -> 0 | T18: =I18-SUM(N18:S18) -> 0
F19: =IFERROR(VLOOKUP(A19,Honorarios!$A$9:$C$15,2,FALSE),"") | G19: =IFERROR(B19*C19*E19*F19*#REF!,0) -> 0 | H19: =IFERROR(G19/$G$100,0) -> 0 | M19: =IFERROR(G19-SUM(I19:L19),"") -> 0 | T19: =I19-SUM(N19:S19) -> 0
F20: =IFERROR(VLOOKUP(A20,Honorarios!$A$9:$C$15,2,FALSE),"") | G20: =IFERROR(B20*C20*E20*F20*#REF!,0) -> 0 | H20: =IFERROR(G20/$G$100,0) -> 0 | M20: =IFERROR(G20-SUM(I20:L20),"") -> 0 | T20: =I20-SUM(N20:S20) -> 0
F21: =IFERROR(VLOOKUP(A21,Honorarios!$A$9:$C$15,2,FALSE),"") | G21: =IFERROR(B21*C21*E21*F21*#REF!,0) -> 0 | H21: =IFERROR(G21/$G$100,0) -> 0 | M21: =IFERROR(G21-SUM(I21:L21),"") -> 0 | T21: =I21-SUM(N21:S21) -> 0
F22: =IFERROR(VLOOKUP(A22,Honorarios!$A$9:$C$15,2,FALSE),"") | G22: =IFERROR(B22*C22*E22*F22*#REF!,0) -> 0 | H22: =IFERROR(G22/$G$100,0) -> 0 | M22: =IFERROR(G22-SUM(I22:L22),"") -> 0 | T22: =I22-SUM(N22:S22) -> 0
F23: =IFERROR(VLOOKUP(A23,Honorarios!$A$9:$C$15,2,FALSE),"") | G23: =IFERROR(B23*C23*E23*F23*#REF!,0) -> 0 | H23: =IFERROR(G23/$G$100,0) -> 0 | M23: =IFERROR(G23-SUM(I23:L23),"") -> 0 | T23: =I23-SUM(N23:S23) -> 0
... F60: =IFERROR(VLOOKUP(A60,Honorarios!$A$9:$C$15,2,FALSE),"") | G60: =IFERROR(B60*C60*E60*F60*#REF!,0) -> 0 | H60: =IFERROR(G60/$G$100,0) -> 0 | M60: =IFERROR(G60-SUM(I60:L60),"") -> 0 | T60: =I60-SUM(N60:S60) -> 0
A61: Subtotal Mano de Obra calificada | G61: =SUM(G12:G60) -> 0 | H61: =SUM(H12:H60) -> 0 | I61: =SUM(I12:I60) -> 0 | J61: =SUM(J12:J60) -> 0 | K61: =SUM(K12:K60) -> 0 | L61: =SUM(L12:L60) -> 0 | M61: =G61-SUM(I61:L61) -> 0
A62: Mano de Obra No Calificada
G63: =IFERROR(B63*C63*E63*F63*#REF!,0) -> 0 | H63: =IFERROR(G63/$G$100,0) -> 0 | M63: =G63-SUM(I63:L63) -> 0 | T63: =I63-SUM(N63:S63) -> 0
G64: =IFERROR(B64*C64*E64*F64*#REF!,0) -> 0 | H64: =IFERROR(G64/$G$100,0) -> 0 | M64: =G64-SUM(I64:L64) -> 0 | T64: =I64-SUM(N64:S64) -> 0
G65: =IFERROR(B65*C65*E65*F65*#REF!,0) -> 0 | H65: =IFERROR(G65/$G$100,0) -> 0 | M65: =G65-SUM(I65:L65) -> 0 | T65: =I65-SUM(N65:S65) -> 0
G66: =IFERROR(B66*C66*E66*F66*#REF!,0) -> 0 | H66: =IFERROR(G66/$G$100,0) -> 0 | M66: =G66-SUM(I66:L66) -> 0 | T66: =I66-SUM(N66:S66) -> 0
G67: =IFERROR(B67*C67*E67*F67*#REF!,0) -> 0 | H67: =IFERROR(G67/$G$100,0) -> 0 | M67: =G67-SUM(I67:L67) -> 0 | T67: =I67-SUM(N67:S67) -> 0
G68: =IFERROR(B68*C68*E68*F68*#REF!,0) -> 0 | H68: =IFERROR(G68/$G$100,0) -> 0 | M68: =G68-SUM(I68:L68) -> 0 | T68: =I68-SUM(N68:S68) -> 0
G69: =IFERROR(B69*C69*E69*F69*#REF!,0) -> 0 | H69: =IFERROR(G69/$G$100,0) -> 0 | M69: =G69-SUM(I69:L69) -> 0 | T69: =I69-SUM(N69:S69) -> 0
G70: =IFERROR(B70*C70*E70*F70*#REF!,0) -> 0 | H70: =IFERROR(G70/$G$100,0) -> 0 | M70: =G70-SUM(I70:L70) -> 0 | T70: =I70-SUM(N70:S70) -> 0
G71: =IFERROR(B71*C71*E71*F71*#REF!,0) -> 0 | H71: =IFERROR(G71/$G$100,0) -> 0 | M71: =G71-SUM(I71:L71) -> 0 | T71: =I71-SUM(N71:S71) -> 0
G72: =IFERROR(B72*C72*E72*F72*#REF!,0) -> 0 | H72: =IFERROR(G72/$G$100,0) -> 0 | M72: =G72-SUM(I72:L72) -> 0 | T72: =I72-SUM(N72:S72) -> 0
G73: =IFERROR(B73*C73*E73*F73*#REF!,0) -> 0 | H73: =IFERROR(G73/$G$100,0) -> 0 | M73: =G73-SUM(I73:L73) -> 0 | T73: =I73-SUM(N73:S73) -> 0
G74: =IFERROR(B74*C74*E74*F74*#REF!,0) -> 0 | H74: =IFERROR(G74/$G$100,0) -> 0 | M74: =G74-SUM(I74:L74) -> 0 | T74: =I74-SUM(N74:S74) -> 0
... G98: =IFERROR(B98*C98*E98*F98*#REF!,0) -> 0 | H98: =IFERROR(G98/$G$100,0) -> 0 | M98: =G98-SUM(I98:L98) -> 0 | T98: =I98-SUM(N98:S98) -> 0
A99: Subtotal Mano de Obra no Calificada | G99: =SUM(G63:G98) -> 0 | H99: =SUM(H63:H98) -> 0 | I99: =SUM(I63:I98) -> 0 | J99: =SUM(J63:J98) -> 0 | K99: =SUM(K63:K98) -> 0 | L99: =SUM(L63:L98) -> 0 | M99: =G99-SUM(I99:L99) -> 0
A100: SUBTOTAL PERSONAL (Mano de Obra Calificada + Mano de Obra no Calificada) | G100: =G61+G99 -> 0 | H100: =H61+H99 -> 0 | I100: =I61+I99 -> 0 | J100: =J61+J99 -> 0 | K100: =K61+K99 -> 0 | L100: =L61+L99 -> 0 | M100: =G100-SUM(I100:L100) -> 0
A102: COSTOS (Diferentes a los costos del personal) | I102: FUENTES DE COFINANCIACIÓN
A103: Ítem | D103: Unidad de medida | E103: Cantidad | F103: Valor unitario | G103: Valor total | H103: (%) PP | I103: CORANTIOQUIA | K103: Entidad 1:
I104: DINERO | J104: ESPECIE | K104: DINERO | L104: ESPECIE
G105: =+F105*E105 -> 0 | H105: =IFERROR(G105/$G$150,0) -> 0 | M105: =G105-SUM(I105:L105) -> 0 | T105: =I105-SUM(N105:S105) -> 0
G106: =+F106*E106 -> 0 | H106: =IFERROR(G106/$G$150,0) -> 0 | M106: =G106-SUM(I106:L106) -> 0 | T106: =I106-SUM(N106:S106) -> 0
G107: =+F107*E107 -> 0 | H107: =IFERROR(G107/$G$150,0) -> 0 | M107: =G107-SUM(I107:L107) -> 0 | T107: =I107-SUM(N107:S107) -> 0
G108: =+F108*E108 -> 0 | H108: =IFERROR(G108/$G$150,0) -> 0 | M108: =G108-SUM(I108:L108) -> 0 | T108: =I108-SUM(N108:S108) -> 0
G109: =+F109*E109 -> 0 | H109: =IFERROR(G109/$G$150,0) -> 0 | M109: =G109-SUM(I109:L109) -> 0 | T109: =I109-SUM(N109:S109) -> 0
G110: =+F110*E110 -> 0 | H110: =IFERROR(G110/$G$150,0) -> 0 | M110: =G110-SUM(I110:L110) -> 0 | T110: =I110-SUM(N110:S110) -> 0
G111: =+F111*E111 -> 0 | H111: =IFERROR(G111/$G$150,0) -> 0 | M111: =G111-SUM(I111:L111) -> 0 | T111: =I111-SUM(N111:S111) -> 0
G112: =+F112*E112 -> 0 | H112: =IFERROR(G112/$G$150,0) -> 0 | M112: =G112-SUM(I112:L112) -> 0 | T112: =I112-SUM(N112:S112) -> 0
G113: =+F113*E113 -> 0 | H113: =IFERROR(G113/$G$150,0) -> 0 | M113: =G113-SUM(I113:L113) -> 0 | T113: =I113-SUM(N113:S113) -> 0
G114: =+F114*E114 -> 0 | H114: =IFERROR(G114/$G$150,0) -> 0 | M114: =G114-SUM(I114:L114) -> 0 | T114: =I114-SUM(N114:S114) -> 0
G115: =+F115*E115 -> 0 | H115: =IFERROR(G115/$G$150,0) -> 0 | M115: =G115-SUM(I115:L115) -> 0 | T115: =I115-SUM(N115:S115) -> 0
G116: =+F116*E116 -> 0 | H116: =IFERROR(G116/$G$150,0) -> 0 | M116: =G116-SUM(I116:L116) -> 0 | T116: =I116-SUM(N116:S116) -> 0
... G149: =+F149*E149 -> 0 | H149: =IFERROR(G149/$G$150,0) -> 0 | M149: =G149-SUM(I149:L149) -> 0 | T149: =I149-SUM(N149:S149) -> 0
A150: SUBTOTAL COSTOS (Diferentes a los costos del personal) | G150: =SUM(G105:G149) -> 0 | H150: =SUM(H105:H149) -> 0 | I150: =SUM(I105:I149) -> 0 | J150: =SUM(J105:J149) -> 0 | K150: =SUM(K105:K149) -> 0 | L150: =SUM(L105:L149) -> 0 | M150: =G150-SUM(I150:L150) -> 0
N151: =SUM(N11:N150) -> 0 | O151: =SUM(O11:O150) -> 0 | P151: =SUM(P11:P150) -> 0 | Q151: =SUM(Q11:Q150) -> 0 | R151: =SUM(R11:R150) -> 0 | S151: =SUM(S11:S150) -> 0
I153: FUENTES DE COFINANCIACIÓN
I154: CORANTIOQUIA | K154: Entidad 1:
I155: DINERO | J155: ESPECIE | K155: DINERO | L155: ESPECIE
A156: SUBTOTAL (antes de administración) | G156: =G100+G150 -> 0 | I156: =I100+I150 -> 0 | J156: =J100+J150 -> 0 | K156: =K100+K150 -> 0 | L156: =L100+L150 -> 0 | M156: =G156-SUM(I156:L156) -> 0
A157: TOTAL APORTES EN DINERO (antes de administración) | G157: =I157 -> 0 | I157: =I156 -> 0 | K157: =IF(G155="Si",K156,0) -> 0 | M157: =G157-SUM(I157:L157) -> 0
A158: Gastos de administración u operativos | G158: =F158*G157 -> 0 | I158: =I157*F158 -> 0 | K158: =IF($G$155="Si",K157*#REF!,0) -> 0 | M158: =G158-SUM(I158:L158) -> 0
A159: TOTAL (incluido administración) | G159: =G156+G158 -> 0 | I159: =SUM(I157:I158) -> 0 | J159: =J156 -> 0 | K159: =IF(G155="Si",SUM(K157:K158),K156) -> 0 | L159: =L156 -> 0 | M159: =G159-SUM(I159:L159) -> 0
I160: =I159+J159 -> 0 | K160: =K159+L159 -> 0 | M160: Total | N160: =G159-I160-K160 -> 0
I161: =IFERROR(I160/G159,0) -> 0 | K161: =IFERROR(K160/G159,0) -> 0 | M161: %
A162: RESUMEN POR CONCEPTO
A163: Ítem | D163: Valor total | E163: (%) PP (SUBTOTAL) | F163: (%) PP (TOTAL)
A164: =A100 -> SUBTOTAL PERSONAL (Mano de Obra Calificada + Mano de Obra no Calificada) | D164: =G100 -> 0 | E164: =IFERROR(D164/$G$156,0) -> 0 | F164: =IFERROR(D164/$G$159,0) -> 0
A165: =A102 -> COSTOS (Diferentes a los costos del personal) | D165: =G150 -> 0 | E165: =IFERROR(D165/$G$156,0) -> 0 | F165: =IFERROR(D165/$G$159,0) -> 0
A166: =A158 -> Gastos de administración u operativos | D166: =G158 -> 0 | E166: NA | F166: =IFERROR(D166/$G$159,0) -> 0
E167: =SUM(E164:E165) -> 0 | F167: =SUM(F164:F166) -> 0
A169: Realizar el análisis respectivo en caso que el conveniante - ejecutor vaya a realizar un contrato derivado, con la claridad que en este momento se está planeando la relación del convenio CAR - 3ro conveniante, y en caso de una subcontratación por parte del 3ro conveniante ejecutor, este debe considerar las implicaciones financieras de dicho contrato derivado, y realizar la respectiva planeación del mismo. Como se está planeando el convenio, el mismo solo lleva gastos de administración u operativos, ahora bien, para efectos de planeación, se puede hacer el análisis del contrato derivado que en vez de gastos de administración puede acarrear AU e IVA, los cuales en caso de que procedan se deberán considerar dentro de los gastos administrativos u operativos del convenio en la proporción que corresponda a los aportes en dinero de la entidad. Teniendo en cuenta que nuestra competencia se circunscribe al convenio a celebrar, y la forma de ejecución del mismo por parte del conveniante ejecutor, sea directamente o por intermedio de un tercero, es discrecional a él.
A170: Ir a estimar gastos de administración | C170: Info IVA
A172: RESUMEN POR ALCANCES, ACTIVIDADES O SUBACTIVIDADES - RECURSOS EN DINERO CORANTIOQUIA
A173: Alcance, actividad o subactividad | B173: Subtotal en dinero (Costos de personal y diferentes de personal) | C173: Costos de administración u operativos, si aplica | D173: TOTAL | E173: ¿Es alcance de obra? (Si, No) | F173: (%) PP (TOTAL)
D174: =SUM(B174:C174) -> 0 | F174: =IFERROR(D174/$I$159,0) -> 0
D175: =SUM(B175:C175) -> 0 | F175: =IFERROR(D175/$I$159,0) -> 0
D176: =SUM(B176:C176) -> 0 | F176: =IFERROR(D176/$I$159,0) -> 0
D177: =SUM(B177:C177) -> 0 | F177: =IFERROR(D177/$I$159,0) -> 0
D178: =SUM(B178:C178) -> 0 | F178: =IFERROR(D178/$I$159,0) -> 0
D179: =SUM(B179:C179) -> 0 | F179: =IFERROR(D179/$I$159,0) -> 0
D180: =SUM(B180:C180) -> 0 | F180: =IFERROR(D180/$I$159,0) -> 0
D181: =SUM(B181:C181) -> 0 | F181: =IFERROR(D181/$I$159,0) -> 0
D182: =SUM(B182:C182) -> 0 | F182: =IFERROR(D182/$I$159,0) -> 0
D183: =SUM(B183:C183) -> 0 | F183: =IFERROR(D183/$I$159,0) -> 0
D184: =SUM(B184:C184) -> 0 | F184: =IFERROR(D184/$I$159,0) -> 0
D185: =SUM(B185:C185) -> 0 | F185: =IFERROR(D185/$I$159,0) -> 0
... D193: =SUM(B193:C193) -> 0 | F193: =IFERROR(D193/$I$159,0) -> 0
B194: =SUM(B174:B193) -> 0 | C194: =SUM(C174:C193) -> 0 | D194: =SUM(D174:D193) -> 0 | F194: =SUM(F174:F193) -> 0
B195: =B194-I157 -> 0 | C195: =C194-I158 -> 0 | D195: =D194-I159 -> 0

Sheet Memoria de cálculo O1
B1: SISTEMA DE GESTIÓN INTEGRAL - SGI | F1: Instructivo
B2: MEMORIA DE CÁLCULO - OPCIÓN 1
B3: CÓDIGO: F-PGC-21 | D3: =Instructivo!G3 -> VERSIÓN: 04
A5: MODALIDAD DE CONTRATACIÓN: | B5: =#REF! -> #REF!
A6: OBJETO A CONTRATAR: | B6: =#REF! -> #REF!
A8: PROCESO/ ALCANCE / ACTIVIDAD:
A9: UNIDAD DE MEDIDA PARA EL PRECIO UNITARIO:
A10: ESPECIFICACIÓN TÉCNICA PARA EL PRECIO UNITARIO:
A12: Ítem | B12: Unidad de medida | C12: Cantidad | D12: Valor unitario | E12: Valor total
E13: =C13*D13 -> 0
E14: =C14*D14 -> 0
E15: =C15*D15 -> 0
E16: =C16*D16 -> 0
E17: =C17*D17 -> 0
E18: =C18*D18 -> 0
E19: =C19*D19 -> 0
E20: =C20*D20 -> 0
E21: =C21*D21 -> 0
E22: =C22*D22 -> 0
E23: =C23*D23 -> 0
E24: =C24*D24 -> 0
... E185: =C185*D185 -> 0
A186: SUBTOTAL (antes de IVA) | E186: =SUM(E13:E185) -> 0
A187: IVA | D187: 0.19 | E187: =E186*19% -> 0 | F187: Info IVA
A188: TOTAL (incluido IVA) | E188: =E186+E187 -> 0

Sheet Memoria de cálculo O2
D1: SISTEMA DE GESTIÓN INTEGRAL - SGI | L1: Instructivo
D2: MEMORIA DE CÁLCULO - OPCIÓN 2
D3: CÓDIGO: F-PGC-21 | G3: =Instructivo!G3 -> VERSIÓN: 04
A5: MODALIDAD DE CONTRATACIÓN: | F5: =#REF! -> #REF!
A6: OBJETO A CONTRATAR: | F6: =#REF! -> #REF!
A8: PROCESO/ ALCANCE / ACTIVIDAD:
A9: UNIDAD DE MEDIDA PARA EL PRECIO UNITARIO:
A10: ESPECIFICACIÓN TÉCNICA PARA EL PRECIO UNITARIO:
A12: DISCRIMINACIÓN DE COSTOS | H12: FUENTES DE COFINANCIACIÓN
H13: CORANTIOQUIA | J13: Entidad 1:
A14: Ítem | B14: Cantidad personal | C14: (%) Dedicación | D14: Unidad de medida | E14: Cantidad | F14: Valor unitario base | G14: Valor total | H14: DINERO | I14: ESPECIE | J14: DINERO | K14: ESPECIE
A15: COSTOS DE PERSONAL
G16: =B16*C16*E16*F16 -> 0
G17: =B17*C17*E17*F17 -> 0
G18: =B18*C18*E18*F18 -> 0
G19: =B19*C19*E19*F19 -> 0
G20: =B20*C20*E20*F20 -> 0
G21: =B21*C21*E21*F21 -> 0
G22: =B22*C22*E22*F22 -> 0
G23: =B23*C23*E23*F23 -> 0
G24: =B24*C24*E24*F24 -> 0
G25: =B25*C25*E25*F25 -> 0
G26: =B26*C26*E26*F26 -> 0
G27: =B27*C27*E27*F27 -> 0
... G40: =B40*C40*E40*F40 -> 0
A41: SUBTOTAL COSTOS DE PERSONAL | G41: =SUM(G16:G40) -> 0 | H41: =SUM(H16:H40) -> 0 | I41: =SUM(I16:I40) -> 0 | J41: =SUM(J16:J40) -> 0 | K41: =SUM(K16:K40) -> 0
A42: Ítem | D42: Unidad de medida | E42: Cantidad | F42: Valor unitario | G42: Valor total oferente | H42: DINERO | I42: ESPECIE | J42: DINERO | K42: ESPECIE
A43: COSTOS DE MATERIALES Y SUMINISTROS
G44: =E44*F44 -> 0
G45: =E45*F45 -> 0
G46: =E46*F46 -> 0
G47: =E47*F47 -> 0
G48: =E48*F48 -> 0
G49: =E49*F49 -> 0
G50: =E50*F50 -> 0
G51: =E51*F51 -> 0
G52: =E52*F52 -> 0
G53: =E53*F53 -> 0
G54: =E54*F54 -> 0
G55: =E55*F55 -> 0
... G119: =E119*F119 -> 0
A120: SUBTOTAL COSTOS DE MATERIALES Y SUMINISTROS | G120: =SUM(G44:G119) -> 0 | H120: =SUM(H44:H119) -> 0 | I120: =SUM(I44:I119) -> 0 | J120: =SUM(J44:J119) -> 0 | K120: =SUM(K44:K119) -> 0
A121: COSTOS DE MAQUINARIA Y EQUIPO
G122: =E122*F122 -> 0
G123: =E123*F123 -> 0
G124: =E124*F124 -> 0
G125: =E125*F125 -> 0
G126: =E126*F126 -> 0
G127: =E127*F127 -> 0
G128: =E128*F128 -> 0
G129: =E129*F129 -> 0
G130: =E130*F130 -> 0
G131: =E131*F131 -> 0
G132: =E132*F132 -> 0
G133: =E133*F133 -> 0
... G176: =E176*F176 -> 0
A177: SUBTOTAL COSTOS DE MAQUINARIA Y EQUIPO | G177: =SUM(G122:G176) -> 0 | H177: =SUM(H122:H176) -> 0 | I177: =SUM(I122:I176) -> 0 | J177: =SUM(J122:J176) -> 0 | K177: =SUM(K122:K176) -> 0
A178: OTROS COSTOS
G179: =E179*F179 -> 0
G180: =E180*F180 -> 0
G181: =E181*F181 -> 0
G182: =E182*F182 -> 0
G183: =E183*F183 -> 0
G184: =E184*F184 -> 0
G185: =E185*F185 -> 0
G186: =E186*F186 -> 0
G187: =E187*F187 -> 0
G188: =E188*F188 -> 0
G189: =E189*F189 -> 0
G190: =E190*F190 -> 0
... G232: =E232*F232 -> 0
A233: SUBTOTAL OTROS COSTOS | G233: =SUM(G179:G232) -> 0 | H233: =SUM(H179:H232) -> 0 | I233: =SUM(I179:I232) -> 0 | J233: =SUM(J179:J232) -> 0 | K233: =SUM(K179:K232) -> 0
A235: ¿ES UN CONTRATO O REQUIERE CONTRATO DERIVADO? | G235: No
A236: =IF(G235="Si","SUBTOTAL (antes de AU e IVA)", "SUBTOTAL (antes de administración)") -> SUBTOTAL (antes de administración) | G236: =G41+G120+G177+G233 -> 0 | H236: =H41+H120+H177+H233 -> 0 | I236: =I41+I120+I177+I233 -> 0 | J236: =J41+J120+J177+J233 -> 0 | K236: =K41+K120+K177+K233 -> 0
A237: =IF(G235="Si","Administración","Gastos de administración") -> Gastos de administración | G237: =G236*F237 -> 0 | L237: Gastos de administración
A238: =IF(G235="Si","Utilidad","") | G238: =G236*F238 -> 0
A239: =IF(G235="Si","IVA","") | G239: =F239*(G236+G237+G238) -> 0 | L239: Info IVA
A240: =IF(G235="Si","TOTAL (incluido AU e IVA)", "TOTAL (incluido administración)") -> TOTAL (incluido administración) | G240: =SUM(G236:G239) -> 0 | H240: =SUM(H236:H239) -> 0 | I240: =SUM(I236:I239) -> 0 | J240: =SUM(J236:J239) -> 0 | K240: =SUM(K236:K239) -> 0
A241: Unidades | C241: Unidad de medida | E241: =IF(G235="Si","Costo unitario (antes de AU e IVA)", "Costo unitario (antes de administración)") -> Costo unitario (antes de administración) | F241: =IFERROR(G236/B241,0) -> 0 | G241: Observaciones:
A242: Unidades | C242: Unidad de medida | E242: =IF(G235="Si","Costo unitario (AU e IVA incluido)", "Costo unitario (administración incluida)") -> Costo unitario (administración incluida) | F242: =IFERROR(G240/B242,0) -> 0
A244: Unidades | C244: Unidad de medida | E244: =IF(G235="Si","Costo unitario sin MO (antes de AU e IVA)", "Costo unitario sin MO (antes de administración)") -> Costo unitario sin MO (antes de administración) | F244: =IFERROR((G236-G41)/B244,0) -> 0 | G244: Observaciones:
A245: Unidades | C245: Unidad de medida | E245: =IF(G235="Si","Costo unitario sin MO (AU e IVA incluido)", "Costo unitario sin MO(administración incluida)") -> Costo unitario sin MO(administración incluida) | F245: =IFERROR((G240-G41)/B245,0) -> 0

Sheet ALCANCE 1
D1: SISTEMA DE GESTIÓN INTEGRAL - SGI | Q1: Instructivo
D2: MEMORIA DE CÁLCULO - OPCIÓN 3
D3: CÓDIGO: F-PGC-21 | J3: =Instructivo!G3 -> VERSIÓN: 04
A5: MODALIDAD DE CONTRATACIÓN: | G5: ='Plan Ejecución'!C5 -> Contrato Interadministrativo
A6: OBJETO A CONTRATAR: | G6: ='Plan Ejecución'!C6 -> Implementación de estrategias enfocadas en la gestión integral de los residuos sólidos en la jurisdicción de Corantioquia
A8: PROCESO/ ALCANCE / ACTIVIDAD:
A9: UNIDAD DE MEDIDA PARA EL PRECIO UNITARIO:
A10: ESPECIFICACIÓN TÉCNICA PARA EL PRECIO UNITARIO:
A12: DISCRIMINACIÓN DE COSTOS | M12: FUENTES DE COFINANCIACIÓN
M13: CORANTIOQUIA | O13: Entidad 1:
A14: =+CONCATENATE(#REF!," ",#REF!) -> #REF!
A15: Ítem | B15: Cantidad personal | C15: (%) Dedicación | D15: Unidad de medida | E15: Cantidad 2025 | F15: Cantidad 2026 | G15: Valor unitario base 2025 | H15: Valor unitario base 2026 | I15: Valor Total 2025 | J15: Valor Total 2026 | M15: DINERO | N15: ESPECIE | O15: DINERO | P15: ESPECIE
A16: COSTOS DE PERSONAL
A17: ='Presupuesto Contrato'!A11 -> Asesor o coordinador | B17: ='Presupuesto Contrato'!B11 -> 1 | C17: 0.5 | D17: Mes | E17: 1 | F17: 5 | G17: =Honorarios!B15 -> 8990280 | H17: =G17*1.05 -> 9439794 | I17: =B17*C17*E17*G17 -> 4495140 | J17: =B17*C17*F17*H17 -> 23599485 | K17: 0 | L17: 0 | M17: =I17+J17 -> 28094625
A18: Profesional especializado con experiencia | B18: ='Presupuesto Contrato'!B13 -> 1 | C18: 0.5 | D18: Mes | E18: 1 | F18: 5 | G18: =Honorarios!B14 -> 7493940 | H18: =G18*1.05 -> 7868637 | I18: =B18*C18*E18*G18 -> 3746970 | J18: =B18*C18*F18*H18 -> 19671592 | K18: 0 | L18: 0 | M18: =I18+J18 -> 23418562
A19: Profesional especializado con experiencia | B19: 1 | C19: 1 | D19: Mes | E19: 1 | F19: 5 | G19: =Honorarios!B14 -> 7493940 | H19: =G19*1.05 -> 7868637 | I19: =B19*C19*E19*G19 -> 7493940 | J19: =B19*C19*F19*H19 -> 39343185 | K19: 0 | L19: 0 | M19: =I19+J19 -> 46837125
I20: =B20*C20*E20*G20 -> 0 | K20: 0 | L20: 0 | M20: =I20+J20 -> 0
I21: =B21*C21*E21*G21 -> 0 | K21: 0 | L21: 0 | M21: =I21+J21 -> 0
I22: =B22*C22*E22*G22 -> 0 | K22: 0 | L22: 0 | M22: =I22+J22 -> 0
A24: PROYECCIÓN COSTOS DE PERSONAL , VIGENCIAS FUTURAS
J29: =B29*C29*E29*G29 -> 0 | M29: =+J29 -> 0
J30: =B30*C30*E30*G30 -> 0 | M30: =+J30 -> 0
J31: =B31*C31*E31*G31 -> 0 | M31: =+J31 -> 0
J32: =B32*C32*E32*G32 -> 0 | M32: =+J32 -> 0
A33: SUBTOTAL COSTOS DE PERSONAL | G33: =SUM(G17:G32) -> 23978160 | H33: =SUM(H17:H32) -> 25177068 | I33: =SUM(I17:I32) -> 15736050 | J33: =SUM(J17:J32) -> 82614262 | K33: =SUM(K17:K32) -> 0 | L33: =SUM(L17:L32) -> 0 | M33: =SUM(M17:M32) -> 98350312 | N33: =SUM(N17:N32) -> 0 | ... P33: =SUM(P17:P32) -> 0
A34: Ítem | D34: Unidad de medida | E34: Cantidad 2025 | F34: Cantidad 2026 | G34: Valor unitario base 2025 | H34: Valor unitario base 2026 | I34: Valor Total 2025 | J34: Valor Total 2026 | M34: DINERO | N34: ESPECIE | O34: DINERO | P34: ESPECIE
A35: OTROS COSTOS (Diferentes a los costos de personal)
A36: Visita inicial (Diagnóstico de los PGIRS municipales) | D36: Viaje | E36: 2 | F36: 3 | G36: =+('Gtos DyM'!$B$110+'Gtos DyM'!$C$110) -> 179800 | H36: =G36*1.05 -> 188790 | I36: =E36*G36 -> 359600 | J36: =F36*H36 -> 566370 | M36: =I36+J36+K36+L36 -> 925970
H37: =G37*1.05 -> 0 | I37: =E37*G37 -> 0 | J37: =F37*H37 -> 0 | M37: =I37+J37+K37+L37 -> 0
A38: Visitas para presentación de propuestas técnicas y socialización preliminar para cada municipio | D38: Viaje | E38: 0 | F38: 5 | G38: =+('Gtos DyM'!$B$110+'Gtos DyM'!$C$110) -> 179800 | H38: =G38*1.05 -> 188790 | I38: =E38*G38 -> 0 | J38: =F38*H38 -> 943950 | M38: =I38+J38+K38+L38 -> 943950
A39: Visitas para la socialización de recomendaciones al PGIRS | D39: Viaje | E39: 0 | F39: 5 | G39: =+('Gtos DyM'!$B$110+'Gtos DyM'!$C$110) -> 179800 | H39: =G39*1.05 -> 188790 | I39: =E39*G39 -> 0 | J39: =F39*H39 -> 943950 | M39: =I39+J39+K39+L39 -> 943950
A40: ='Estudio de mercado'!A15 -> Memoria USB 32 GB | D40: Unidad | E40: 0 | F40: 5 | G40: =('Estudio de mercado'!U15) -> 20196.078 | H40: =G40*1.05 -> 21205.882 | I40: =E40*G40 -> 0 | J40: =F40*H40 -> 106029.41 | M40: =I40+J40+K40+L40 -> 106029.41
Q41: EL DESARROLLADOR NO TIENE DOTACION (Se incrementa el IPC debido a que los valores son de 2022. Para 2023 el IPC fue de 13.12%, para 2024 de 9.28% y para 2025 de 5.2%). Los kits distintivos se compran durante la vigencia 2025, por lo cual no se le incrementa el IPC del 2026
J64: =E64*G64 -> 0
J65: =E65*G65 -> 0
J66: =E66*G66 -> 0
J67: =E67*G67 -> 0
A70: SUBTOTAL OTROS COSTOS | G70: =SUM(G36:G67) -> 559596.08 | H70: =SUM(H36:H67) -> 587575.88 | I70: =SUM(I36:I67) -> 359600 | J70: =SUM(J36:J67) -> 2560299.4 | K70: =SUM(K36:K67) -> 0 | L70: =SUM(L36:L67) -> 0 | M70: =SUM(M36:M67) -> 2919899.4 | N70: =SUM(N36:N67) -> 0 | ... P70: =SUM(P36:P67) -> 0 | Q70: =+M70+'ALCANCE 2'!M55 -> 1.9072388e+08
A71: SUBTOTAL ACTIVIDAD | G71: =G33+G70 -> 24537756 | H71: =H33+H70 -> 25764644 | I71: =I33+I70 -> 16095650 | J71: =J33+J70 -> 85174562 | K71: =K33+K70 -> 0 | L71: =L33+L70 -> 0 | M71: =M33+M70 -> 1.0127021e+08 | N71: =N33+N70 -> 0 | ... P71: =P33+P70 -> 0
A72: ¿ES UN CONTRATO O REQUIERE CONTRATO DERIVADO? | J72: Si
A73: =IF(J72="Si","Administración","Gastos de administración") -> Administración | F73: 0.16 | I73: =I71*$F$73 -> 2575304 | J73: =J71*$F$73 -> 13627930 | K73: =K71*$F$73 -> 0 | L73: =L71*$F$73 -> 0 | M73: =M71*$F$73 -> 16203234 | Q73: Gastos de administración
A74: =IF(J72="Si","Utilidad","") -> Utilidad | F74: 0 | I74: 0 | J74: 0 | K74: 0 | L74: 0 | M74: 0
A75: =IF(J72="Si","IVA","") -> IVA | F75: 0.19 | I75: =I73*$F$75 -> 489307.76 | J75: =J73*$F$75 -> 2589306.7 | K75: =K73*$F$75 -> 0 | L75: =L73*$F$75 -> 0 | M75: =M73*$F$75 -> 3078614.4 | Q75: Info IVA
A76: =IF(J72="Si","TOTAL (después de AU e IVA)", "TOTAL (después de administración)") -> TOTAL (después de AU e IVA) | F76: =SUM(F73:F75)+F71 -> 0.35 | I76: =SUM(I73:I75)+I71 -> 19160262 | J76: =SUM(J73:J75)+J71 -> 1.013918e+08 | K76: =SUM(K73:K75)+K71 -> 0 | L76: =SUM(L73:L75)+L71 -> 0 | M76: =SUM(M73:M75)+M71 -> 1.2055206e+08 | N76: =SUM(N73:N75)+N71 -> 0 | O76: =SUM(O73:O75)+O71 -> 0 | P76: =SUM(P73:P75)+P71 -> 0
A77: Unidades | C77: Unidad de medida | D77: Documentos | E77: Costo unitario (antes de administración, utilidad e IVA si aplican) | G77: =IFERROR(J71/B77,0) -> 0
A79: Unidades | C79: Unidad de medida | D79: =+D77 -> Documentos | E79: Costo unitario sin MO (antes de administración, utilidad e IVA si aplican) | G79: =IFERROR((J71-J33)/B79,0) -> 0 | J79: Descripción:
A82: Ítem | B82: Cantidad personal | C82: (%) Dedicación | D82: Unidad de medida | E82: Cantidad | G82: Valor unitario base | J82: Valor total | M82: DINERO | N82: ESPECIE | O82: DINERO | P82: ESPECIE
A83: COSTOS DE PERSONAL
A87: PROYECCIÓN COSTOS DE PERSONAL , VIGENCIAS FUTURAS
J91: =B91*C91*E91*G91 -> 0
J92: =B92*C92*E92*G92 -> 0
J93: =B93*C93*E93*G93 -> 0
J94: =B94*C94*E94*G94 -> 0
A95: SUBTOTAL COSTOS DE PERSONAL | J95: =SUM(J84:J94) -> 0 | M95: =SUM(M84:M94) -> 0 | N95: =SUM(N84:N94) -> 0 | O95: =SUM(O84:O94) -> 0 | P95: =SUM(P84:P94) -> 0
A96: Ítem | D96: Unidad de medida | E96: Cantidad | G96: Valor unitario | J96: Valor total | M96: DINERO | N96: ESPECIE | O96: DINERO | P96: ESPECIE
A97: OTROS COSTOS (Diferentes a los costos de personal)
J125: =E125*G125 -> 0
J126: =E126*G126 -> 0
J127: =E127*G127 -> 0
J128: =E128*G128 -> 0
J129: =E129*G129 -> 0
J130: =E130*G130 -> 0
J131: =E131*G131 -> 0
A132: SUBTOTAL OTROS COSTOS | J132: =SUM(J98:J131) -> 0 | M132: =SUM(M98:M131) -> 0 | N132: =SUM(N98:N131) -> 0 | O132: =SUM(O98:O131) -> 0 | P132: =SUM(P98:P131) -> 0
A133: SUBTOTAL ACTIVIDAD | J133: =J95+J132 -> 0 | M133: =M95+M132 -> 0 | N133: =N95+N132 -> 0 | O133: =O95+O132 -> 0 | P133: =P95+P132 -> 0
A134: ¿ES UN CONTRATO O REQUIERE CONTRATO DERIVADO? | J134: No
A135: =IF(J134="Si","Administración","Gastos de administración") -> Gastos de administración | G135: 0.16 | J135: 0 | M135: =J135 -> 0 | Q135: Gastos de administración
A136: =IF(J134="Si","Utilidad","") | J136: 0
A137: =IF(J134="Si","IVA","") | J137: 0 | Q137: Info IVA
A138: =IF(J134="Si","TOTAL (después de AU e IVA)", "TOTAL (después de administración)") -> TOTAL (después de administración) | J138: =SUM(J135:J137)+J133 -> 0 | M138: =SUM(M135:M137)+M133 -> 0 | N138: =SUM(N135:N137)+N133 -> 0 | O138: =SUM(O135:O137)+O133 -> 0 | P138: =SUM(P135:P137)+P133 -> 0
A139: Unidades | C139: Unidad de medida | D139: Documentos | E139: Costo unitario (antes de administración, utilidad e IVA si aplican) | G139: =IFERROR(J133/B139,0) -> 0
A141: Unidades | C141: Unidad de medida | D141: Documentos | E141: Costo unitario sin MO (antes de administración, utilidad e IVA si aplican) | G141: =IFERROR((J133-J95)/B141,0) -> 0 | J141: Descripción:
A143: =+CONCATENATE(#REF!," ",#REF!) -> #REF!
A144: Ítem | B144: Cantidad personal | C144: (%) Dedicación | D144: Unidad de medida | E144: Cantidad | G144: Valor unitario base | J144: Valor total | M144: DINERO | N144: ESPECIE | O144: DINERO | P144: ESPECIE
A145: COSTOS DE PERSONAL
M146: =+J146 -> 0
M147: =+J147 -> 0
A148: PROYECCIÓN COSTOS DE PERSONAL , VIGENCIAS FUTURAS
A154: SUBTOTAL COSTOS DE PERSONAL | J154: =SUM(J146:J153) -> 0 | M154: =SUM(M146:M153) -> 0 | N154: =SUM(N146:N153) -> 0 | O154: =SUM(O146:O153) -> 0 | P154: =SUM(P146:P153) -> 0
A155: Ítem | D155: Unidad de medida | E155: Cantidad | G155: Valor unitario | J155: Valor total | M155: DINERO | N155: ESPECIE | O155: DINERO | P155: ESPECIE
A156: OTROS COSTOS (Diferentes a los costos de personal)
J165: =E165*G165 -> 0
J166: =E166*G166 -> 0
J167: =E167*G167 -> 0
J168: =E168*G168 -> 0
J169: =E169*G169 -> 0
J170: =E170*G170 -> 0
A171: SUBTOTAL OTROS COSTOS | J171: =SUM(J157:J170) -> 0 | M171: =SUM(M157:M170) -> 0 | N171: =SUM(N157:N170) -> 0 | O171: =SUM(O157:O170) -> 0 | P171: =SUM(P157:P170) -> 0
A172: SUBTOTAL ACTIVIDAD | J172: =J154+J171 -> 0 | M172: =M154+M171 -> 0 | N172: =N154+N171 -> 0 | O172: =O154+O171 -> 0 | P172: =P154+P171 -> 0
A173: ¿ES UN CONTRATO O REQUIERE CONTRATO DERIVADO? | J173: No
A174: =IF(J173="Si","Administración","Gastos de administración") -> Gastos de administración | G174: 0.16 | J174: 0 | M174: =J174 -> 0 | Q174: Gastos de administración
A175: =IF(J173="Si","Utilidad","") | J175: 0
A176: =IF(J173="Si","IVA","") | J176: 0 | Q176: Info IVA
A177: =IF(J173="Si","TOTAL (después de AU e IVA)", "TOTAL (después de administración)") -> TOTAL (después de administración) | J177: =SUM(J174:J176)+J172 -> 0 | M177: =SUM(M174:M176)+M172 -> 0 | N177: =SUM(N174:N176)+N172 -> 0 | O177: =SUM(O174:O176)+O172 -> 0 | P177: =SUM(P174:P176)+P172 -> 0
A178: Unidades | C178: Unidad de medida | D178: Documentos | E178: Costo unitario (antes de administración, utilidad e IVA si aplican) | G178: =IFERROR(J172/B178,0) -> 0
A180: Unidades | C180: Unidad de medida | D180: =+D178 -> Documentos | E180: Costo unitario sin MO (antes de administración, utilidad e IVA si aplican) | G180: =IFERROR((J172-J154)/B180,0) -> 0 | J180: Descripción:
A182: =+CONCATENATE(#REF!," ",#REF!) -> #REF!
A183: Ítem | B183: Cantidad personal | C183: (%) Dedicación | D183: Unidad de medida | E183: Cantidad | G183: Valor unitario base | J183: Valor total | M183: DINERO | N183: ESPECIE | O183: DINERO | P183: ESPECIE
A184: COSTOS DE PERSONAL
M185: =+J185 -> 0
...

Sheet ALCANCE 2
D1: SISTEMA DE GESTIÓN INTEGRAL - SGI | Q1: Instructivo
D2: MEMORIA DE CÁLCULO - OPCIÓN 3
D3: CÓDIGO: F-PGC-21 | J3: =Instructivo!G3 -> VERSIÓN: 04
A5: MODALIDAD DE CONTRATACIÓN: | G5: =#REF! -> #REF!
A6: OBJETO A CONTRATAR: | G6: =#REF! -> #REF!
A8: PROCESO/ ALCANCE / ACTIVIDAD: | G8: =+ CONCATENATE(#REF!, " . ",#REF!) -> #REF!
A9: UNIDAD DE MEDIDA PARA EL PRECIO UNITARIO:
A10: ESPECIFICACIÓN TÉCNICA PARA EL PRECIO UNITARIO:
A12: DISCRIMINACIÓN DE COSTOS | M12: FUENTES DE COFINANCIACIÓN
M13: CORANTIOQUIA | O13: Entidad 1:
A14: =+CONCATENATE(#REF!," ",#REF!) -> #REF!
A15: Ítem | B15: Cantidad personal | C15: (%) Dedicación | D15: Unidad de medida | E15: Cantidad 2025 | F15: Cantidad 2026 | G15: Valor unitario base 2025 | H15: Valor unitario base 2026 | I15: Valor total 2025 | J15: Valor total 2026 | M15: DINERO | N15: ESPECIE | O15: DINERO | P15: ESPECIE
A16: COSTOS DE PERSONAL
A17: Asesor o coordinador | B17: ='Presupuesto Contrato'!B11 -> 1 | C17: 0.5 | D17: Mes | E17: 1 | F17: 5 | G17: =+'Presupuesto Contrato'!G11 -> 8990280 | H17: =G17*1.05 -> 9439794 | I17: =B17*C17*E17*G17 -> 4495140 | J17: =B17*C17*F17*H17 -> 23599485 | K17: 0 | L17: 0 | M17: =I17+J17+K17+L17 -> 28094625
A18: Profesional especializado con experiencia | B18: ='Presupuesto Contrato'!B12 -> 2 | C18: 0.5 | D18: Mes | E18: 1 | F18: 5 | G18: =+'Presupuesto Contrato'!G12 -> 7493940 | H18: =G18*1.05 -> 7868637 | I18: =B18*C18*E18*G18 -> 7493940 | J18: =B18*C18*F18*H18 -> 39343185 | K18: 0 | L18: 0 | M18: =I18+J18+K18+L18 -> 46837125
A19: Profesional especializado con experiencia | B19: 1 | C19: 1 | D19: Mes | F19: 1 | H19: 7868637 | J19: =B19*C19*F19*H19 -> 7868637 | K19: 0 | L19: 0 | M19: =I19+J19+K19+L19 -> 7868637
A20: Profesional | B20: ='Presupuesto Contrato'!B14 -> 2 | C20: 1 | D20: Mes | E20: 1 | F20: 5 | G20: =+'Presupuesto Contrato'!G14 -> 5095920 | H20: =G20*1.05 -> 5350716 | I20: =B20*C20*E20*G20 -> 10191840 | J20: =B20*C20*F20*H20 -> 53507160 | K20: 0 | L20: 0 | M20: =I20+J20+K20+L20 -> 63699000
I21: =B21*C21*E21*G21 -> 0
I22: =B22*C22*E22*G22 -> 0
A24: PROYECCIÓN COSTOS DE PERSONAL , VIGENCIAS FUTURAS | Q24: PROYECCION DEL IPC 2026-BANCO DE LA REPUBLICA 14-08-2025, EQUIVALENTE AL 3%
M25: =+J25 -> 0 | Q25: COORDINADOR DEL PROYECTO (A)
M26: =+J26 -> 0 | Q26: PROFESIONAL CON EXPERIENCIA (C) APOYO AL SEGUIMIENTO DE LA SUPERVISION
M27: =+J27 -> 0 | Q27: PROFESIONALES CON EXPERIENCIA (D) (AMBIENTALES, SANITARIO) PARA REVISION A PGIRS
M28: =+J28 -> 0 | Q28: PROFESIONAL CON EXPERIENCIA (E) (DESARROLLADOR DEL APLICATIVO)
M29: =+J29 -> 0
M30: =+J30 -> 0
M31: =+J31 -> 0
M32: =+J32 -> 0
A33: SUBTOTAL COSTOS DE PERSONAL | I33: =SUM(I17:I32) -> 22180920 | J33: =SUM(J17:J32) -> 124318467 | K33: =SUM(K17:K32) -> 0 | L33: =SUM(L17:L32) -> 0 | M33: =SUM(M17:M32) -> 146499387 | N33: =SUM(N17:N32) -> 0 | O33: =SUM(O17:O32) -> 0 | P33: =SUM(P17:P32) -> 0
A34: Ítem | D34: Unidad de medida | E34: Cantidad 2025 | F34: Cantidad 2026 | G34: Valor unitario base 2025 | H34: Valor unitario base 2026 | I34: Valor total 2025 | J34: Valor total 2026 | M34: DINERO | N34: ESPECIE | O34: DINERO | P34: ESPECIE
A35: OTROS COSTOS (Diferentes a los costos de personal)
A36: ='Estudio de mercado'!A12 -> Guantes de nitrilo (recueperadores) | D36: Unidad | E36: 640 | G36: ='Estudio de mercado'!U12 -> 7093.8375 | H36: =G36*1.05 -> 7448.5294 | I36: =E36*G36 -> 4540056 | J36: =F36*H36 -> 0 | M36: =I36+J36+K36+L36 -> 4540056
A37: Chaleco en dril y dos bordados (recuperadores) | D37: Unidad | E37: 640 | G37: =Distintivos!H11 -> 114284.12 | H37: =G37*1.05 -> 119998.32 | I37: =E37*G37 -> 73141834 | J37: =F37*H37 -> 0 | M37: =I37+J37+K37+L37 -> 73141834
A38: Pava con solapa y dos bordados | D38: Unidad | E38: 100 | G38: =Distintivos!H13 -> 72669.508 | H38: =G38*1.05 -> 76302.983 | I38: =E38*G38 -> 7266950.8 | J38: =F38*H38 -> 0 | M38: =I38+J38+K38+L38 -> 7266950.8
A39: ='Estudio de mercado'!A14 -> Bolsas en dril (reciclatón) | D39: Unidad | E39: 3500 | G39: ='Estudio de mercado'!U14 -> 13668.5 | H39: =G39*1.05 -> 14351.925 | I39: =E39*G39 -> 47839750 | J39: =F39*H39 -> 0 | M39: =I39+J39+K39+L39 -> 47839750
A40: Valla Hexagonal | D40: Unidad | F40: 30 | G40: 95734.004 | H40: =G40*1.05 -> 100520.7 | I40: =E40*G40 -> 0 | J40: =F40*H40 -> 3015621.1 | M40: =I40+J40+K40+L40 -> 3015621.1
A41: Gastos de desplzamiento Territorial Aburra Norte (reciclatón) | D41: Viaje | F41: 8 | G41: ='Gtos DyM'!B95 -> 16000 | H41: =G41*1.05 -> 16800 | I41: =E41*G41 -> 0 | J41: =F41*H41 -> 134400 | M41: =I41+J41+K41+L41 -> 134400
A42: Gastos de desplzamiento Territorial Aburra Sur (reciclatón) | D42: Viaje | F42: 10 | G42: ='Gtos DyM'!B96 -> 42000 | H42: =G42*1.05 -> 44100 | I42: =E42*G42 -> 0 | J42: =F42*H42 -> 441000 | M42: =I42+J42+K42+L42 -> 441000
A43: Gastos de desplzamiento Territorial Cartama (reciclatón) | D43: Viaje | F43: 11 | G43: ='Gtos DyM'!B97 -> 94000 | H43: =G43*1.05 -> 98700 | I43: =E43*G43 -> 0 | J43: =F43*H43 -> 1085700 | M43: =I43+J43+K43+L43 -> 1085700
A44: Gastos de desplzamiento Territorial Citará (reciclatón) | D44: Viaje | F44: 8 | G44: ='Gtos DyM'!B98 -> 103000 | H44: =G44*1.05 -> 108150 | I44: =E44*G44 -> 0 | J44: =F44*H44 -> 865200 | M44: =I44+J44+K44+L44 -> 865200
A45: Gastos de desplzamiento Territorial Hevéxicos (reciclatón) | D45: Viaje | F45: 10 | G45: ='Gtos DyM'!B99 -> 89000 | H45: =G45*1.05 -> 93450 | I45: =E45*G45 -> 0 | J45: =F45*H45 -> 934500 | M45: =I45+J45+K45+L45 -> 934500
A46: Gastos de desplzamiento Territorial Panzenú (reciclatón) | D46: Viaje | F46: 7 | G46: ='Gtos DyM'!B100 -> 262000 | H46: =G46*1.05 -> 275100 | I46: =E46*G46 -> 0 | J46: =F46*H46 -> 1925700 | M46: =I46+J46+K46+L46 -> 1925700
A47: Gastos de desplzamiento Territorial Tahamíes (reciclatón) | D47: Viaje | F47: 17 | G47: ='Gtos DyM'!B101 -> 95000 | H47: =G47*1.05 -> 99750 | I47: =E47*G47 -> 0 | J47: =F47*H47 -> 1695750 | M47: =I47+J47+K47+L47 -> 1695750
A48: Gastos de desplzamiento Territorial Zenufaná (reciclatón) | D48: Viaje | F48: 12 | G48: ='Gtos DyM'!B102 -> 128000 | H48: =G48*1.05 -> 134400 | I48: =E48*G48 -> 0 | J48: =F48*H48 -> 1612800 | M48: =I48+J48+K48+L48 -> 1612800
A49: Viaticos para apoyo en la reciclatón | D49: Viaje | E49: 0 | F49: 40 | G49: =('Gtos DyM'!B110+'Gtos DyM'!C110) -> 179800 | H49: =G49*1.05 -> 188790 | I49: =E49*G49 -> 0 | J49: =F49*H49 -> 7551600 | M49: =I49+J49+K49+L49 -> 7551600
A50: Visitas de PCB, RESPEL (viaticos) | D50: Viaje | E50: 10 | F50: 50 | G50: =+'Gtos DyM'!C110+'Gtos DyM'!B110 -> 179800 | H50: =G50*1.05 -> 188790 | I50: =E50*G50 -> 1798000 | J50: =F50*H50 -> 9439500 | M50: =I50+J50+K50+L50 -> 11237500
A51: Desplazamientos para la realización capacitaciones (gestión) | D51: Viaje | E51: 0 | F51: 35 | G51: =+('Gtos DyM'!C110+'Gtos DyM'!B110) -> 179800 | H51: =G51*1.05 -> 188790 | I51: =E51*G51 -> 0 | J51: =F51*H51 -> 6607650 | M51: =I51+J51+K51+L51 -> 6607650
A52: Refrigerios gestión | D52: Unidad | E52: 0 | F52: 1400 | G52: =Alimentación!K59 -> 11519.443 | H52: =G52*1.05 -> 12095.416 | I52: =E52*G52 -> 0 | J52: =F52*H52+1692.5 -> 16935274 | M52: =I52+J52+K52+L52 -> 16935274
A53: Dotación Chaleco y gorra | D53: Unidad | E53: 6 | G53: =Distintivos!H11+Distintivos!H12 -> 162114.9 | H53: =G53*1.05 -> 170220.65 | I53: =E53*G53 -> 972689.43 | J53: =F53*H53 -> 0 | M53: =I53+J53+K53+L53 -> 972689.43
I54: =E54*G54 -> 0 | J54: =F54*H54 -> 0 | K54: =I54*0.19 -> 0 | L54: =J54*0.19 -> 0 | M54: =I54+J54 -> 0
A55: SUBTOTAL OTROS COSTOS | G55: =SUM(G36:G54) -> 1845484.3 | H55: =SUM(H36:H54) -> 1937758.5 | I55: =SUM(I36:I54) -> 1.3555928e+08 | J55: =SUM(J36:J54) -> 52244696 | K55: =SUM(K36:K54) -> 0 | L55: =SUM(L36:L54) -> 0 | M55: =SUM(M36:M54) -> 1.8780398e+08 | N55: =SUM(N36:N54) -> 0 | ... P55: =SUM(P36:P54) -> 0
A56: SUBTOTAL ACTIVIDAD | G56: =G33+G55 -> 1845484.3 | H56: =H33+H55 -> 1937758.5 | I56: =I33+I55 -> 1.577402e+08 | J56: =J33+J55 -> 1.7656316e+08 | K56: =K33+K55 -> 0 | L56: =L33+L55 -> 0 | M56: =M33+M55 -> 3.3430336e+08 | N56: =N33+N55 -> 0 | ... P56: =P33+P55 -> 0
A57: ¿ES UN CONTRATO O REQUIERE CONTRATO DERIVADO? | J57: Si
A58: =IF(J57="Si","Administración","Gastos de administración") -> Administración | F58: 0.16 | I58: =I56*$F$58 -> 25238432 | J58: =J56*$F$58 -> 28250106 | K58: =K56*$F$58 -> 0 | L58: =L56*$F$58 -> 0 | M58: =M56*$F$58 -> 53488538 | Q58: Gastos de administración
A59: =IF(J57="Si","Utilidad","") -> Utilidad | F59: 0 | I59: 0 | J59: 0 | K59: 0 | L59: 0 | M59: 0
A60: =IF(J57="Si","IVA","") -> IVA | F60: 0.19 | I60: =I58*$F$60 -> 4795302.1 | J60: =J58*$F$60 -> 5367520.1 | K60: =K58*$F$60 -> 0 | L60: =L58*$F$60 -> 0 | M60: =M58*$F$60 -> 10162822 | Q60: Info IVA
A61: =IF(J57="Si","TOTAL (después de AU e IVA)", "TOTAL (después de administración)") -> TOTAL (después de AU e IVA) | I61: =SUM(I58:I60)+I56 -> 1.8777393e+08 | J61: =SUM(J58:J60)+J56 -> 2.1018079e+08 | K61: =SUM(K58:K60)+K56 -> 0 | L61: =SUM(L58:L60)+L56 -> 0 | M61: =SUM(M58:M60)+M56 -> 3.9795472e+08 | N61: =SUM(N58:N60)+N56 -> 0 | O61: =SUM(O58:O60)+O56 -> 0 | P61: =SUM(P58:P60)+P56 -> 0
A62: Unidades | C62: Unidad de medida | D62: Documentos | E62: Costo unitario (antes de administración, utilidad e IVA si aplican) | G62: =IFERROR(J56/B62,0) -> 0
A64: Unidades | C64: Unidad de medida | D64: =+D62 -> Documentos | E64: Costo unitario sin MO (antes de administración, utilidad e IVA si aplican) | G64: =IFERROR((J56-J33)/B64,0) -> 0 | J64: Descripción:
A67: Ítem | B67: Cantidad personal | C67: (%) Dedicación | D67: Unidad de medida | E67: Cantidad | G67: Valor unitario base | J67: Valor total | M67: DINERO | N67: ESPECIE | O67: DINERO | P67: ESPECIE
A68: COSTOS DE PERSONAL
A72: PROYECCIÓN COSTOS DE PERSONAL , VIGENCIAS FUTURAS
J76: =B76*C76*E76*G76 -> 0
J77: =B77*C77*E77*G77 -> 0
J78: =B78*C78*E78*G78 -> 0
J79: =B79*C79*E79*G79 -> 0
A80: SUBTOTAL COSTOS DE PERSONAL | J80: =SUM(J69:J79) -> 0 | M80: =SUM(M69:M79) -> 0 | N80: =SUM(N69:N79) -> 0 | O80: =SUM(O69:O79) -> 0 | P80: =SUM(P69:P79) -> 0
A81: Ítem | D81: Unidad de medida | E81: Cantidad | G81: Valor unitario | J81: Valor total | M81: DINERO | N81: ESPECIE | O81: DINERO | P81: ESPECIE
A82: OTROS COSTOS (Diferentes a los costos de personal)
J110: =E110*G110 -> 0
J111: =E111*G111 -> 0
J112: =E112*G112 -> 0
J113: =E113*G113 -> 0
J114: =E114*G114 -> 0
J115: =E115*G115 -> 0
J116: =E116*G116 -> 0
A117: SUBTOTAL OTROS COSTOS | J117: =SUM(J83:J116) -> 0 | M117: =SUM(M83:M116) -> 0 | N117: =SUM(N83:N116) -> 0 | O117: =SUM(O83:O116) -> 0 | P117: =SUM(P83:P116) -> 0
A118: SUBTOTAL ACTIVIDAD | J118: =J80+J117 -> 0 | M118: =M80+M117 -> 0 | N118: =N80+N117 -> 0 | O118: =O80+O117 -> 0 | P118: =P80+P117 -> 0
A119: ¿ES UN CONTRATO O REQUIERE CONTRATO DERIVADO? | J119: No
A120: =IF(J119="Si","Administración","Gastos de administración") -> Gastos de administración | G120: 0.16 | J120: 0 | M120: =J120 -> 0 | Q120: Gastos de administración
A121: =IF(J119="Si","Utilidad","") | J121: 0
A122: =IF(J119="Si","IVA","") | J122: 0 | Q122: Info IVA
A123: =IF(J119="Si","TOTAL (después de AU e IVA)", "TOTAL (después de administración)") -> TOTAL (después de administración) | J123: =SUM(J120:J122)+J118 -> 0 | M123: =SUM(M120:M122)+M118 -> 0 | N123: =SUM(N120:N122)+N118 -> 0 | O123: =SUM(O120:O122)+O118 -> 0 | P123: =SUM(P120:P122)+P118 -> 0
A124: Unidades | C124: Unidad de medida | D124: Documentos | E124: Costo unitario (antes de administración, utilidad e IVA si aplican) | G124: =IFERROR(J118/B124,0) -> 0
A126: Unidades | C126: Unidad de medida | D126: Documentos | E126: Costo unitario sin MO (antes de administración, utilidad e IVA si aplican) | G126: =IFERROR((J118-J80)/B126,0) -> 0 | J126: Descripción:
A128: =+CONCATENATE(#REF!," ",#REF!) -> #REF!
A129: Ítem | B129: Cantidad personal | C129: (%) Dedicación | D129: Unidad de medida | E129: Cantidad | G129: Valor unitario base | J129: Valor total | M129: DINERO | N129: ESPECIE | O129: DINERO | P129: ESPECIE
A130: COSTOS DE PERSONAL
M131: =+J131 -> 0
M132: =+J132 -> 0
A133: PROYECCIÓN COSTOS DE PERSONAL , VIGENCIAS FUTURAS
A139: SUBTOTAL COSTOS DE PERSONAL | J139: =SUM(J131:J138) -> 0 | M139: =SUM(M131:M138) -> 0 | N139: =SUM(N131:N138) -> 0 | O139: =SUM(O131:O138) -> 0 | P139: =SUM(P131:P138) -> 0
A140: Ítem | D140: Unidad de medida | E140: Cantidad | G140: Valor unitario | J140: Valor total | M140: DINERO | N140: ESPECIE | O140: DINERO | P140: ESPECIE
A141: OTROS COSTOS (Diferentes a los costos de personal)
J150: =E150*G150 -> 0
J151: =E151*G151 -> 0
J152: =E152*G152 -> 0
J153: =E153*G153 -> 0
J154: =E154*G154 -> 0
J155: =E155*G155 -> 0
...

Sheet ALCANCE 2 Anterior
D1: SISTEMA DE GESTIÓN INTEGRAL - SGI | L1: Instructivo
D2: MEMORIA DE CÁLCULO - OPCIÓN 3
D3: CÓDIGO: F-PGC-21 | G3: =Instructivo!G3 -> VERSIÓN: 04
A5: MODALIDAD DE CONTRATACIÓN: | F5: =#REF! -> #REF!
A6: OBJETO A CONTRATAR: | F6: =#REF! -> #REF!
A8: PROCESO/ ALCANCE / ACTIVIDAD: | F8: =+ CONCATENATE(#REF!, " . ",#REF!) -> #REF!
A9: UNIDAD DE MEDIDA PARA EL PRECIO UNITARIO:
A10: ESPECIFICACIÓN TÉCNICA PARA EL PRECIO UNITARIO:
A12: DISCRIMINACIÓN DE COSTOS | H12: FUENTES DE COFINANCIACIÓN
H13: CORANTIOQUIA | J13: Entidad 1:
A14: =+CONCATENATE(#REF!," ",#REF!) -> #REF!
A15: Ítem | B15: Cantidad personal | C15: (%) Dedicación | D15: Unidad de medida | E15: Cantidad | F15: Valor unitario base | G15: Valor total | H15: DINERO | I15: ESPECIE | J15: DINERO | K15: ESPECIE
A16: COSTOS DE PERSONAL
A17: ='Presupuesto Contrato'!A11 -> Asesor o coordinador | B17: ='Presupuesto Contrato'!B11 -> 1 | C17: 0.5 | D17: Mes | E17: ='Presupuesto Contrato'!E11 -> 1 | F17: =+'Presupuesto Contrato'!G11 -> 8990280 | G17: =B17*C17*E17*F17 -> 4495140 | H17: =+G17 -> 4495140 | L17: COORDINADOR DEL PROYECTO (A)
A18: =+'Presupuesto Contrato'!A12 -> Profesional especializado con experiencia | B18: ='Presupuesto Contrato'!B12 -> 2 | C18: 1 | D18: Mes | E18: ='Presupuesto Contrato'!E12 -> 1 | F18: =+'Presupuesto Contrato'!G12 -> 7493940 | G18: =B18*C18*E18*F18 -> 14987880 | H18: =+G18 -> 14987880 | L18: PROFESIONAL CON EXPERIENCIA (B) EN RESPEL, POSCONSUMO, ESPECIALES, (SE ENCARGARA TAMBIEN DE OTROS TEMAS)
A19: ='Presupuesto Contrato'!A13 -> Profesional especializado con experiencia | B19: ='Presupuesto Contrato'!B13 -> 1 | C19: 0.5 | D19: Mes | E19: ='Presupuesto Contrato'!E13 -> 0 | F19: =+'Presupuesto Contrato'!G13 -> 0 | G19: =B19*C19*E19*F19 -> 0 | H19: =+G19 -> 0 | L19: PROFESIONAL CON EXPERIENCIA (C) APOYO AL SEGUIMIENTO DE LA SUPERVISION
A20: ='Presupuesto Contrato'!#REF! -> #REF! | B20: ='Presupuesto Contrato'!#REF! -> #REF! | C20: 1 | D20: Mes | E20: ='Presupuesto Contrato'!#REF! -> #REF! | F20: ='Presupuesto Contrato'!#REF! -> #REF! | G20: =B20*C20*E20*F20 -> #REF! | H20: =+G20 -> #REF! | L20: PROFESIONAL CON EXPERIENCIA (F) (SOCIAL)
A21: ='Presupuesto Contrato'!A14 -> Profesional | B21: ='Presupuesto Contrato'!B14 -> 2 | C21: 1 | D21: Mes | E21: ='Presupuesto Contrato'!E14 -> 1 | F21: ='Presupuesto Contrato'!G14 -> 5095920 | G21: =B21*C21*E21*F21 -> 10191840 | H21: =+G21 -> 10191840 | L21: PROFESIONALES AMBIENTALES (H)
G22: =B22*C22*E22*F22 -> 0 | H22: =+G22 -> 0
G23: =B23*C23*E23*F23 -> 0 | H23: =+G23 -> 0
G24: =B24*C24*E24*F24 -> 0 | H24: =+G24 -> 0
A25: PROYECCIÓN COSTOS DE PERSONAL , VIGENCIAS FUTURAS | L25: PROYECCION DEL IPC 2026-BANCO DE LA REPUBLICA 14-08-2025, EQUIVALENTE AL 3%
A26: ='Presupuesto Contrato'!A19 -> 0 | B26: ='Presupuesto Contrato'!B19 -> 0 | C26: 0.5 | D26: Mes | E26: ='Presupuesto Contrato'!E19 -> 0 | F26: ='Presupuesto Contrato'!G19 -> 0 | G26: =B26*C26*E26*F26 -> 0 | H26: =+G26 -> 0 | L26: COORDINADOR DEL PROYECTO (A)
A27: ='Presupuesto Contrato'!A20 -> 0 | B27: ='Presupuesto Contrato'!B20 -> 0 | C27: 1 | D27: Mes | E27: ='Presupuesto Contrato'!E20 -> 0 | F27: ='Presupuesto Contrato'!G20 -> 0 | G27: =B27*C27*E27*F27 -> 0 | H27: =+G27 -> 0 | L27: PROFESIONAL CON EXPERIENCIA (B) EN RESPEL, POSCONSUMO, ESPECIALES, (SE ENCARGARA TAMBIEN DE OTROS TEMAS)
A28: ='Presupuesto Contrato'!A21 -> 0 | B28: ='Presupuesto Contrato'!B21 -> 0 | C28: 0.5 | D28: Mes | E28: ='Presupuesto Contrato'!E21 -> 0 | F28: ='Presupuesto Contrato'!G21 -> 0 | G28: =B28*C28*E28*F28 -> 0 | H28: =+G28 -> 0 | L28: PROFESIONAL CON EXPERIENCIA (C) APOYO AL SEGUIMIENTO DE LA SUPERVISION
A29: ='Presupuesto Contrato'!A22 -> 0 | B29: ='Presupuesto Contrato'!B22 -> 0 | C29: 0 | D29: Mes | E29: ='Presupuesto Contrato'!E22 -> 0 | F29: ='Presupuesto Contrato'!G22 -> 0 | G29: =B29*C29*E29*F29 -> 0 | H29: =+G29 -> 0 | L29: PROFESIONALES CON EXPERIENCIA (D) (AMBIENTALES, SANITARIO) PARA REVISION A PGIRS
A30: ='Presupuesto Contrato'!A23 -> 0 | B30: ='Presupuesto Contrato'!B23 -> 0 | C30: 0 | D30: Mes | E30: ='Presupuesto Contrato'!E23 -> 0 | F30: ='Presupuesto Contrato'!G23 -> 0 | G30: =B30*C30*E30*F30 -> 0 | H30: =+G30 -> 0 | L30: PROFESIONAL CON EXPERIENCIA (E) (DESARROLLADOR DEL APLICATIVO)
A31: ='Presupuesto Contrato'!A24 -> 0 | B31: ='Presupuesto Contrato'!B24 -> 0 | C31: 1 | D31: Mes | E31: ='Presupuesto Contrato'!E24 -> 0 | F31: ='Presupuesto Contrato'!G24 -> 0 | G31: =B31*C31*E31*F31 -> 0 | H31: =+G31 -> 0 | L31: PROFESIONAL CON EXPERIENCIA (F) (SOCIAL)
A32: ='Presupuesto Contrato'!A25 -> 0 | B32: ='Presupuesto Contrato'!B25 -> 0 | C32: 1 | D32: Mes | E32: ='Presupuesto Contrato'!E25 -> 0 | F32: ='Presupuesto Contrato'!G25 -> 0 | G32: =B32*C32*E32*F32 -> 0 | H32: =+G32 -> 0 | L32: PROFESIONAL COMUNICADOR (G)
A33: ='Presupuesto Contrato'!A26 -> 0 | B33: ='Presupuesto Contrato'!B26 -> 0 | C33: 1 | D33: Mes | E33: ='Presupuesto Contrato'!E26 -> 0 | F33: ='Presupuesto Contrato'!G26 -> 0 | G33: =B33*C33*E33*F33 -> 0 | H33: =+G33 -> 0 | L33: PROFESIONALES AMBIENTALES (H)
A34: SUBTOTAL COSTOS DE PERSONAL | G34: =SUM(G17:G33) -> #REF! | H34: =SUM(H17:H33) -> #REF! | I34: =SUM(I17:I33) -> 0 | J34: =SUM(J17:J33) -> 0 | K34: =SUM(K17:K33) -> 0
A35: Ítem | D35: Unidad de medida | E35: Cantidad | F35: Valor unitario | G35: Valor total | H35: DINERO | I35: ESPECIE | J35: DINERO | K35: ESPECIE
A36: OTROS COSTOS (Diferentes a los costos de personal)
A37: ='Estudio de mercado'!A12 -> Guantes de nitrilo (recueperadores) | D37: Unidad | E37: 700 | F37: #NAME? | G37: =E37*F37 -> #NAME? | H37: =+G37 -> #NAME? | L37: ACTIVIDAD 2,2: Estos elementos se compran durante la vigencia 2025, por lo cual no se le incrementa el IPC del 2026
A38: Chaleco en dril y dos bordados (recuperadores) | D38: Unidad | E38: 700 | F38: =Distintivos!H11 -> 114284.12 | G38: =E38*F38 -> 79998881 | H38: =+G38 -> 79998881 | L38: ACTIVIDAD 2,2: Se incrementa el IPC debido a que los valores son de 2022. Para 2023 el IPC fue de 13.12%, para 2024 de 9.28% y para 2025 de 5.2%. Estos elementos se compran durante la vigencia 2025, por lo cual no se le incrementa el IPC del 2026
A39: Pava con solapa y dos bordados | D39: Unidad | E39: 700 | F39: =Distintivos!H13 -> 72669.508 | G39: =E39*F39 -> 50868656 | H39: =+G39 -> 50868656 | L39: ACTIVIDAD 2,2: Se incrementa el IPC debido a que los valores son de 2022. Para 2023 el IPC fue de 13.12%, para 2024 de 9.28% y para 2025 de 5.2%. Estos elementos se compran durante la vigencia 2025, por lo cual no se le incrementa el IPC del 2026
A40: ='Estudio de mercado'!A14 -> Bolsas en dril (reciclatón) | D40: Unidad | E40: 4800 | F40: ='Estudio de mercado'!U14 -> 13668.5 | G40: =E40*F40 -> 65608800 | H40: =+G40 -> 65608800 | L40: ACTIVIDAD 2,2: Estos elementos se compran durante la vigencia 2025, por lo cual no se le incrementa el IPC del 2026
A41: ='Estudio de mercado'!A23 -> 0 | D41: Unidad | E41: 103 | F41: ='Estudio de mercado'!U23 | G41: =E41*F41 -> #VALUE! | H41: =+G41 -> #VALUE! | L41: ACTIVIDAD 2,3: Estos elementos se compran durante la vigencia 2025, por lo cual no se le incrementa el IPC del 2026. Se entregaran 2 puntos ecologicos en 50 municipios
A42: ='Estudio de mercado'!A26 -> 0 | D42: Unidad | E42: 10 | F42: ='Estudio de mercado'!U26 | G42: =E42*F42 -> #VALUE! | H42: =+G42 -> #VALUE! | L42: ACTIVIDAD 2,3 : Estos elementos se compran durante la vigencia 2025, por lo cual no se le incrementa el IPC del 2026
A43: ='Estudio de mercado'!A27 -> 0 | D43: Unidad | E43: 10 | F43: ='Estudio de mercado'!U27 | G43: =E43*F43 -> #VALUE! | H43: =+G43 -> #VALUE! | L43: ACTIVIDAD 2,3 : Estos elementos se compran durante la vigencia 2025, por lo cual no se le incrementa el IPC del 2026
A44: ='Estudio de mercado'!A30 -> 0 | D44: Unidad | E44: 7 | F44: ='Estudio de mercado'!U30 | G44: =E44*F44 -> #VALUE! | H44: =+G44 -> #VALUE! | L44: ACTIVIDAD 2,3 : Estos elementos se compran durante la vigencia 2025, por lo cual no se le incrementa el IPC del 2026
A45: ='Estudio de mercado'!A31 -> 0 | D45: Unidad | E45: 6 | F45: ='Estudio de mercado'!U31 | G45: =E45*F45 -> #VALUE! | H45: =+G45 -> #VALUE! | L45: ACTIVIDAD 2,3 : Estos elementos se compran durante la vigencia 2025, por lo cual no se le incrementa el IPC del 2026
A46: ='Estudio de mercado'!A33 -> 0 | D46: Unidad | E46: 1 | F46: ='Estudio de mercado'!U33 | G46: =E46*F46 -> #VALUE! | H46: =+G46 -> #VALUE! | L46: ACTIVIDAD 2,3 : Estos elementos se compran durante la vigencia 2025, por lo cual no se le incrementa el IPC del 2026
A47: ='Estudio de mercado'!A34 -> 0 | D47: Unidad | E47: 28 | F47: ='Estudio de mercado'!U34 | G47: =E47*F47 -> #VALUE! | H47: =+G47 -> #VALUE! | L47: ACTIVIDAD 2,3 : Estos elementos se compran durante la vigencia 2025, por lo cual no se le incrementa el IPC del 2026
A48: Costos de envio de encomiendas Territorial Aburra Norte (reciclatón) | D48: Envio | E48: 5 | F48: ='Gtos DyM'!B95*1.03 -> 16480 | G48: =E48*F48 -> 82400 | H48: =+G48 -> 82400 | L48: ACTIVIDAD 2,2: Se multiplica por el IPC del 3%, ya que la actividad esta programada para realizarse en en la vigencia 2026 y hasta esa fecha se tiene el dato de los municipios inscritos a la reciclatón
A49: Costos de envio de encomiendas Territorial Aburra Sur (reciclatón) | D49: Envio | E49: 10 | F49: ='Gtos DyM'!B96*1.03 -> 43260 | G49: =E49*F49 -> 432600 | H49: =+G49 -> 432600 | L49: ACTIVIDAD 2,2: Se multiplica por el IPC del 3%, ya que la actividad esta programada para realizarse en en la vigencia 2026 y hasta esa fecha se tiene el dato de los municipios inscritos a la reciclatón
A50: Costos de envio de encomiendas Territorial Cartama (reciclatón) | D50: Envio | E50: 11 | F50: ='Gtos DyM'!B97*1.03 -> 96820 | G50: =E50*F50 -> 1065020 | H50: =+G50 -> 1065020 | L50: ACTIVIDAD 2,2: Se multiplica por el IPC del 3%, ya que la actividad esta programada para realizarse en en la vigencia 2026 y hasta esa fecha se tiene el dato de los municipios inscritos a la reciclatón
A51: Costos de envio de encomiendas Territorial Citará (reciclatón) | D51: Envio | E51: 8 | F51: ='Gtos DyM'!B98*1.03 -> 106090 | G51: =E51*F51 -> 848720 | H51: =+G51 -> 848720 | L51: ACTIVIDAD 2,2: Se multiplica por el IPC del 3%, ya que la actividad esta programada para realizarse en en la vigencia 2026 y hasta esa fecha se tiene el dato de los municipios inscritos a la reciclatón
A52: Costos de envio de encomiendas Territorial Hevéxicos (reciclatón) | D52: Envio | E52: 10 | F52: ='Gtos DyM'!B99*1.03 -> 91670 | G52: =E52*F52 -> 916700 | H52: =+G52 -> 916700 | L52: ACTIVIDAD 2,2: Se multiplica por el IPC del 3%, ya que la actividad esta programada para realizarse en en la vigencia 2026 y hasta esa fecha se tiene el dato de los municipios inscritos a la reciclatón
A53: Costos de envio de encomiendas Territorial Panzenú (reciclatón) | D53: Envio | E53: 7 | F53: ='Gtos DyM'!B100*1.03 -> 269860 | G53: =E53*F53 -> 1889020 | H53: =+G53 -> 1889020 | L53: ACTIVIDAD 2,2: Se multiplica por el IPC del 3%, ya que la actividad esta programada para realizarse en en la vigencia 2026 y hasta esa fecha se tiene el dato de los municipios inscritos a la reciclatón
A54: Costos de envio de encomiendas Territorial Tahamíes (reciclatón) | D54: Envio | E54: 17 | F54: ='Gtos DyM'!B101*1.03 -> 97850 | G54: =E54*F54 -> 1663450 | H54: =+G54 -> 1663450 | L54: ACTIVIDAD 2,2: Se multiplica por el IPC del 3%, ya que la actividad esta programada para realizarse en en la vigencia 2026 y hasta esa fecha se tiene el dato de los municipios inscritos a la reciclatón
A55: Costos de envio de encomiendas Territorial Zenufaná (reciclatón) | D55: Envio | E55: 12 | F55: ='Gtos DyM'!B102*1.03 -> 131840 | G55: =E55*F55 -> 1582080 | H55: =+G55 -> 1582080 | L55: ACTIVIDAD 2,2: Se multiplica por el IPC del 3%, ya que la actividad esta programada para realizarse en en la vigencia 2026 y hasta esa fecha se tiene el dato de los municipios inscritos a la reciclatón
A56: Viaticos para apoyo en la reciclatón | D56: Viaje | E56: 22 | F56: =('Gtos DyM'!B110+'Gtos DyM'!C110)*1.03 -> 185194 | G56: =E56*F56 -> 4074268 | H56: =+G56 -> 4074268 | L56: ACTIVIDAD 2.2: Se calculan para 11 profesionales teniendo en cuenta que cada profesional acompañara 2 municipios en la reciclatón. Incluyen IPC del 3%
A57: Visitas de PCB, RESPEL (viaticos) | D57: Viaje | E57: 200 | F57: =+'Gtos DyM'!C110+'Gtos DyM'!B110 -> 179800 | G57: =E57*F57 -> 35960000 | H57: =+G57 -> 35960000 | L57: ACTIVIDAD 2.1: En esta actividad se deben realizar 800 visitas, se realiza el calculo teniendo en cuenta que se realicen 4 visitas por dia, no se incrementa el IPC del 3%, ya que la idea es que las visitas se realicen en la vigencia 2025
A58: Desplazamientos para la realización capcitaciones (cultura+ gestión) | D58: Viaje | E58: 400 | F58: =+('Gtos DyM'!C110+'Gtos DyM'!B110)*1.03 -> 185194 | G58: =E58*F58 -> 74077600 | H58: =+G58 -> 74077600 | L58: ACTIVIDAD 2.4: | P58: valor actividades | Q58: % administración | R58: iva | S58: total
A59: Refrigerios cultura y gestión | D59: Unidad | E59: 8000 | F59: =Alimentación!K59 -> 11519.443 | G59: =E59*F59 -> 92155548 | H59: =+G59 -> 92155548 | L59: ACTIVIDAD 2.4: | P59: =SUM(H58:H62) -> 2.2123315e+08 | Q59: =P59*16% -> 35397304 | R59: =Q59*19% -> 6725487.7 | S59: =P59+Q59+R59 -> 2.6335594e+08
A60: materiales jornadas de foramciónm capacitación y sensibilización | D60: kit | E60: 1 | F60: 5000000 | G60: =E60*F60 -> 5000000 | H60: =+G60 -> 5000000 | L60: ACTIVIDAD 2.4:
A61: Domo inflable jornadas de sensiblización | D61: Unidad | E61: 1 | F61: 10000000 | G61: 10000000 | H61: =F61 -> 10000000 | L61: ACTIVIDAD 2.4: | O61: 8000 | P61: 40000000
A62: kit de sensibilización y apropiación (bolsa y termo) | D62: kit | E62: 8000 | F62: 5000 | G62: =F62*E62 -> 40000000 | H62: 40000000 | L62: ACTIVIDAD 2.4:
A63: ='Estudio de mercado'!A24 -> 0 | D63: Unidad | E63: 20 | F63: ='Estudio de mercado'!U24 | G63: =E63*F63 -> #VALUE! | H63: =+G63 -> #VALUE! | P63: =P61/O61 -> 5000
A64: ='Estudio de mercado'!A25 -> 0 | D64: Unidad | E64: 6 | F64: ='Estudio de mercado'!U25 | G64: =E64*F64 -> #VALUE! | H64: =+G64 -> #VALUE!
A65: ='Estudio de mercado'!A28 -> 0 | D65: Unidad | E65: 4 | F65: ='Estudio de mercado'!U28 | G65: =E65*F65 -> #VALUE! | H65: =+G65 -> #VALUE!
A66: ='Estudio de mercado'!A29 -> 0 | D66: Unidad | E66: 4 | F66: ='Estudio de mercado'!U29 | G66: =E66*F66 -> #VALUE! | H66: =+G66 -> #VALUE!
A67: ='Estudio de mercado'!A32 -> 0 | D67: Unidad | E67: 2 | F67: ='Estudio de mercado'!U32 | G67: =E67*F67 -> #VALUE! | H67: =+G67 -> #VALUE!
G68: =E68*F68 -> 0
G69: =E69*F69 -> 0
G70: =E70*F70 -> 0
A71: SUBTOTAL OTROS COSTOS | G71: =SUM(G37:G70) -> #NAME? | H71: =SUM(H37:H70) -> #NAME? | I71: =SUM(I37:I70) -> 0 | J71: =SUM(J37:J70) -> 0 | K71: =SUM(K37:K70) -> 0
A72: SUBTOTAL ACTIVIDAD | G72: =G34+G71 -> #REF! | H72: =H34+H71 -> #REF! | I72: =I34+I71 -> 0 | J72: =J34+J71 -> 0 | K72: =K34+K71 -> 0
A73: ¿ES UN CONTRATO O REQUIERE CONTRATO DERIVADO? | G73: No
A74: =IF(G73="Si","Administración","Gastos de administración") -> Gastos de administración | F74: 0.16 | G74: 0 | H74: =G74 -> 0 | L74: Gastos de administración
A75: =IF(G73="Si","Utilidad","") | G75: 0
A76: =IF(G73="Si","IVA","") | G76: 0 | L76: Info IVA
A77: =IF(G73="Si","TOTAL (después de AU e IVA)", "TOTAL (después de administración)") -> TOTAL (después de administración) | G77: =SUM(G74:G76)+G72 -> #REF! | H77: =SUM(H74:H76)+H72 -> #REF! | I77: =SUM(I74:I76)+I72 -> 0 | J77: =SUM(J74:J76)+J72 -> 0 | K77: =SUM(K74:K76)+K72 -> 0
A78: Unidades | C78: Unidad de medida | D78: Documentos | E78: Costo unitario (antes de administración, utilidad e IVA si aplican) | F78: =IFERROR(G72/B78,0) -> 0
A80: Unidades | C80: Unidad de medida | D80: =+D78 -> Documentos | E80: Costo unitario sin MO (antes de administración, utilidad e IVA si aplican) | F80: =IFERROR((G72-G34)/B80,0) -> 0 | G80: Descripción:
A83: Ítem | B83: Cantidad personal | C83: (%) Dedicación | D83: Unidad de medida | E83: Cantidad | F83: Valor unitario base | G83: Valor total | H83: DINERO | I83: ESPECIE | J83: DINERO | K83: ESPECIE
A84: COSTOS DE PERSONAL
A88: PROYECCIÓN COSTOS DE PERSONAL , VIGENCIAS FUTURAS
G92: =B92*C92*E92*F92 -> 0
G93: =B93*C93*E93*F93 -> 0
G94: =B94*C94*E94*F94 -> 0
G95: =B95*C95*E95*F95 -> 0
A96: SUBTOTAL COSTOS DE PERSONAL | G96: =SUM(G85:G95) -> 0 | H96: =SUM(H85:H95) -> 0 | I96: =SUM(I85:I95) -> 0 | J96: =SUM(J85:J95) -> 0 | K96: =SUM(K85:K95) -> 0
A97: Ítem | D97: Unidad de medida | E97: Cantidad | F97: Valor unitario | G97: Valor total | H97: DINERO | I97: ESPECIE | J97: DINERO | K97: ESPECIE
A98: OTROS COSTOS (Diferentes a los costos de personal)
G126: =E126*F126 -> 0
G127: =E127*F127 -> 0
G128: =E128*F128 -> 0
G129: =E129*F129 -> 0
G130: =E130*F130 -> 0
G131: =E131*F131 -> 0
G132: =E132*F132 -> 0
A133: SUBTOTAL OTROS COSTOS | G133: =SUM(G99:G132) -> 0 | H133: =SUM(H99:H132) -> 0 | I133: =SUM(I99:I132) -> 0 | J133: =SUM(J99:J132) -> 0 | K133: =SUM(K99:K132) -> 0
A134: SUBTOTAL ACTIVIDAD | G134: =G96+G133 -> 0 | H134: =H96+H133 -> 0 | I134: =I96+I133 -> 0 | J134: =J96+J133 -> 0 | K134: =K96+K133 -> 0
A135: ¿ES UN CONTRATO O REQUIERE CONTRATO DERIVADO? | G135: No
A136: =IF(G135="Si","Administración","Gastos de administración") -> Gastos de administración | F136: 0.16 | G136: 0 | H136: =G136 -> 0 | L136: Gastos de administración
A137: =IF(G135="Si","Utilidad","") | G137: 0
A138: =IF(G135="Si","IVA","") | G138: 0 | L138: Info IVA
A139: =IF(G135="Si","TOTAL (después de AU e IVA)", "TOTAL (después de administración)") -> TOTAL (después de administración) | G139: =SUM(G136:G138)+G134 -> 0 | H139: =SUM(H136:H138)+H134 -> 0 | I139: =SUM(I136:I138)+I134 -> 0 | J139: =SUM(J136:J138)+J134 -> 0 | K139: =SUM(K136:K138)+K134 -> 0
...

Sheet Estudio de mercado
B1: SISTEMA DE GESTIÓN INTEGRAL - SGI | V1: Instructivo
B2: ESTUDIO DE MERCADO
B3: CÓDIGO: F-PGC-21 | I3: =Instructivo!G3 -> VERSIÓN: 04
A5: MODALIDAD DE CONTRATACIÓN: | D5: =#REF! -> #REF!
A6: OBJETO A CONTRATAR: | D6: =#REF! -> #REF!
D8: 1 | E8: 2 | F8: 3 | G8: 4 | H8: 5 | I8: 6 | J8: 7 | K8: 8 | L8: 9 | M8: 10 | N8: 11 | O8: 12 | P8: 13 | Q8: 14 | R8: 15 | S8: 16 | T8: 17 | V8: IVA | X8: 1.19
A9: NÚMERO DE RADICADO: | D9: https://www.homecenter.com.co/homecenter-co/product/699517/paquete-x-12-pares-guante-multiflex-polyester-nitrilo-l/699517/?kid=goosho_1161562&shop=googleShopping&gad_source=1&gad_campaignid=17622046203&gbraid=0AAAAADt6wnqhK8hRVJg5f6fRE71oUxFm7&gclid=Cj0KCQjw5JXFBhCrARIsAL1ckPse7FvgY_Ezt8VCPjXoe4wcAi2MR4aIsilN_wSZNPbC2DBwJbWlNC4aAt7cEALw_wcB | E9: https://articulo.mercadolibre.com.co/MCO-635815046-paquete-x-12-pares-de-guante-nitrilopoliester-steelpro-t8s-_JM#polycard_client=search-nordic&position=8&search_layout=grid&type=item&tracking_id=50fd296e-a974-4b83-8f17-9fe29560f2d4&wid=MCO635815046&sid=search | F9: https://www.provesi.com.co/guantes-de-nitrilo-hycron/172-guante-nitrilo-poliester-edge-48-128-ansell.html?srsltid=AfmBOopOYgeWofX4U4IT6DioJJE09NySn4Wdx4DEXUAfUEXPrfBwbjyY | G9: 110-COE2508-29673 | H9: 110-COE2508-30312 | J9: https://www.panamericana.com.co/memoria-usb-de-32-gb-verbatim-slider-negra/p?idsku=480912 | K9: https://www.homecenter.com.co/homecenter-co/product/449959/memoria-usb-metal-32-gb/449959/ | L9: https://pcmartcolombia.com/producto/memoria-usb-kingston-32-gb-usb-3-2-exodia-retractil-dtxm-32-gb/?utm_source=WooCommerce%20Product%20Catalog%20Feed&utm_medium=Catalog&utm_campaign=xml&utm_content=Google%20Merchant&utm_term=Catalogo%20de%20productos&srsltid=AfmBOoq2DdkuybYflLblHeVumi5GmXl3yGhMTjO95BplRVsj-F_5JTNQhK0
A10: PROVEEDOR: | D10: HOMCENTER | E10: MERCADO LIBRE | F10: PROVESI | G10: ECO-BAG | H10: PROYECTPLAS | J10: PANAMERICANA | K10: HOMCENTER | L10: PCMART
A11: Ítem | B11: Unidad de medida | C11: Cantidad | D11: Valor unitario antes de IVA | E11: Valor unitario antes de IVA | F11: Valor unitario antes de IVA | G11: Valor unitario antes de IVA | H11: Valor unitario antes de IVA | I11: Valor unitario antes de IVA | J11: Valor unitario antes de IVA | K11: Valor unitario antes de IVA | L11: Valor unitario antes de IVA | M11: Valor unitario antes de IVA | N11: Valor unitario antes de IVA | O11: Valor unitario antes de IVA | P11: Valor unitario antes de IVA | Q11: Valor unitario antes de IVA | R11: Valor unitario antes de IVA | S11: Valor unitario antes de IVA | T11: Valor unitario antes de IVA | U11: PROMEDIO Valor unitario antes de IVA | W11: MEDIANA Valor unitario antes de IVA
A12: Guantes de nitrilo (recueperadores) | B12: Unidad | D12: =6992/X8 -> 5875.6303 | E12: =10833/X8 -> 9103.3613 | F12: =7500/X8 -> 6302.521 | U12: =IFERROR(AVERAGEIF(D12:T12,">0",D12:T12),"") -> 7093.8375 | W12: =IFERROR(MEDIAN(D12:J12),"") -> 6302.521
A13: Bolsas en cambrel (reciclatón) | B13: Unidad | G13: 2300 | H13: 5462 | U13: =IFERROR(AVERAGEIF(D13:T13,">0",D13:T13),"") -> 3881 | W13: =IFERROR(MEDIAN(D13:J13),"") -> 3881
A14: Bolsas en dril (reciclatón) | B14: Unidad | G14: 10450 | H14: 16887 | U14: =IFERROR(AVERAGEIF(D14:T14,">0",D14:T14),"") -> 13668.5 | W14: =IFERROR(MEDIAN(D14:J14),"") -> 13668.5
A15: Memoria USB 32 GB | B15: Unidad | J15: =22200/X8 -> 18655.462 | K15: =24900/X8 -> 20924.37 | L15: =25000/X8 -> 21008.403 | U15: =IFERROR(AVERAGEIF(D15:T15,">0",D15:T15),"") -> 20196.078 | W15: =IFERROR(MEDIAN(D15:J15),"") -> 18655.462
U16: =IFERROR(AVERAGEIF(D16:T16,">0",D16:T16),"")
U17: =IFERROR(AVERAGEIF(D17:T17,">0",D17:T17),"")
D19: 1 | E19: 2 | F19: 3 | G19: 4 | H19: 5 | I19: 6 | J19: 7 | K19: 8 | L19: 9 | M19: 10 | N19: 11 | O19: 12 | P19: 13 | Q19: 14 | R19: 15 | S19: 16 | T19: 17 | W19: =IFERROR(MEDIAN(D19:J19),"") -> 4
A20: NÚMERO DE RADICADO: | U20: =IFERROR(AVERAGEIF(D20:T20,">0",D20:T20),"") | W20: =IFERROR(MEDIAN(D20:J20),"")
A21: PROVEEDOR: | U21: =IFERROR(AVERAGEIF(D21:T21,">0",D21:T21),"") | W21: =IFERROR(MEDIAN(D21:J21),"")
A22: Ítem | B22: Unidad de medida | C22: Cantidad | D22: Valor unitario antes de IVA | E22: Valor unitario antes de IVA | F22: Valor unitario antes de IVA | G22: Valor unitario antes de IVA | H22: Valor unitario antes de IVA | I22: Valor unitario antes de IVA | J22: Valor unitario antes de IVA | K22: Valor unitario antes de IVA | L22: Valor unitario antes de IVA | M22: Valor unitario antes de IVA | N22: Valor unitario antes de IVA | O22: Valor unitario antes de IVA | P22: Valor unitario antes de IVA | Q22: Valor unitario antes de IVA | R22: Valor unitario antes de IVA | S22: Valor unitario antes de IVA | T22: Valor unitario antes de IVA | U22: =IFERROR(AVERAGEIF(D22:T22,">0",D22:T22),"") | W22: =IFERROR(MEDIAN(D22:J22),"")
U23: =IFERROR(AVERAGEIF(D23:T23,">0",D23:T23),"") | W23: =IFERROR(MEDIAN(D23:J23),"")
U24: =IFERROR(AVERAGEIF(D24:T24,">0",D24:T24),"")
U25: =IFERROR(AVERAGEIF(D25:T25,">0",D25:T25),"") | V25: EXENTO DE IVA | X25: Según Estatuto Tributario Articulo 424 (numeral 84.36.80) se factura como composteras de uso agricola
U26: =IFERROR(AVERAGEIF(D26:T26,">0",D26:T26),"") | V26: EXENTO DE IVA | W26: =IFERROR(MEDIAN(D26:J26),"")
U27: =IFERROR(AVERAGEIF(D27:T27,">0",D27:T27),"") | V27: EXENTO DE IVA | W27: =IFERROR(MEDIAN(D27:J27),"")
U28: =IFERROR(AVERAGEIF(D28:T28,">0",D28:T28),"")
U29: =IFERROR(AVERAGEIF(D29:T29,">0",D29:T29),"")
U30: =IFERROR(AVERAGEIF(D30:T30,">0",D30:T30),"") | W30: =IFERROR(MEDIAN(D30:J30),"")
U31: =IFERROR(AVERAGEIF(D31:T31,">0",D31:T31),"") | W31: =IFERROR(MEDIAN(D31:J31),"")
U32: =IFERROR(AVERAGEIF(D32:T32,">0",D32:T32),"") | W32: =IFERROR(MEDIAN(D32:J32),"")
U33: =IFERROR(AVERAGEIF(D33:T33,">0",D33:T33),"") | W33: =IFERROR(MEDIAN(D33:J33),"")
U34: =IFERROR(AVERAGEIF(D34:T34,">0",D34:T34),"") | W34: =IFERROR(MEDIAN(D34:J34),"")
U35: =IFERROR(AVERAGEIF(D35:T35,">0",D35:T35),"") | W35: =IFERROR(MEDIAN(D35:J35),"")
U36: =IFERROR(AVERAGEIF(D36:T36,">0",D36:T36),"") | W36: =IFERROR(MEDIAN(D36:J36),"")
U37: =IFERROR(AVERAGEIF(D37:T37,">0",D37:T37),"") | W37: =IFERROR(MEDIAN(D37:J37),"")
U38: =IFERROR(AVERAGEIF(D38:T38,">0",D38:T38),"") | W38: =IFERROR(MEDIAN(D38:J38),"")
U39: =IFERROR(AVERAGEIF(D39:T39,">0",D39:T39),"") | W39: =IFERROR(MEDIAN(D39:J39),"")
U40: =IFERROR(AVERAGEIF(D40:T40,">0",D40:T40),"") | W40: =IFERROR(MEDIAN(D40:J40),"")
U41: =IFERROR(AVERAGEIF(D41:T41,">0",D41:T41),"") | W41: =IFERROR(MEDIAN(D41:J41),"")
... U356: =IFERROR(AVERAGEIF(D356:T356,">0",D356:T356),"") | W356: =IFERROR(MEDIAN(D356:J356),"")
W357: =IFERROR(MEDIAN(D357:J357),"")
U358: =IFERROR(AVERAGEIF(D358:T358,">0",D358:T358),"") | W358: =IFERROR(MEDIAN(D358:J358),"")
U359: =IFERROR(AVERAGEIF(D359:T359,">0",D359:T359),"") | W359: =IFERROR(MEDIAN(D359:J359),"")
U360: =IFERROR(AVERAGEIF(D360:T360,">0",D360:T360),"") | W360: =IFERROR(MEDIAN(D360:J360),"")
U361: =IFERROR(AVERAGEIF(D361:T361,">0",D361:T361),"") | W361: =IFERROR(MEDIAN(D361:J361),"")
U362: =(SUM(U23:U361))-U25-U26-U27 -> #VALUE!
U363: =+U362*0.19 -> #VALUE!
U364: =+U362+U363 -> #VALUE!
A365: NOTA: A la hora de solicitar la cotización se deberá considerar que la misma esté expresada en los términos y unidades del presupuesto, igualmente, que en la medida de lo posible se encuentre en pesos colombianos, en caso de usar otra moneda explicitar la tasa de cambio utilizada, y la fecha y fuente de consulta de la misma.

Sheet Gastos de adm
B1: SISTEMA DE GESTIÓN INTEGRAL - SGI | G1: Instructivo
B2: DETERMINACIÓN DE GASTOS DE ADMINISTRACIÓN | G2: Impuestos y garantías
B3: CÓDIGO: F-PGC-21 | D3: =Instructivo!G3 -> VERSIÓN: 04
A5: MODALIDAD DE CONTRATACIÓN: | B5: =#REF! -> #REF!
A6: OBJETO A CONTRATAR: | B6: =#REF! -> #REF!
A8: COSTOS DIRECTOS EN DINERO NO EJECUTOR | B8: =+'Presupuesto Contrato'!L93 -> 4.1215501e+08 | D8: MESES | E8: 6
A10: GASTOS DE ADMINISTRACIÓN
A11: Ítem | B11: Unidad de medida | C11: Cantidad | D11: Valor unitario | E11: Valor total | F11: (%) PP
A12: Gastos de administración | B12: Unidad | C12: 1 | D12: =+E64 -> 65944802 | E12: =C12*D12 -> 65944802 | F12: =IFERROR(E12/$B$8,0) -> 0.16
E13: =C13*D13 -> 0 | F13: =IFERROR(E13/$B$8,0) -> 0
E14: =C14*D14 -> 0 | F14: =IFERROR(E14/$B$8,0) -> 0
E15: =C15*D15 -> 0 | F15: =IFERROR(E15/$B$8,0) -> 0
E16: =C16*D16 -> 0 | F16: =IFERROR(E16/$B$8,0) -> 0
E17: =C17*D17 -> 0 | F17: =IFERROR(E17/$B$8,0) -> 0
E18: =C18*D18 -> 0 | F18: =IFERROR(E18/$B$8,0) -> 0
E19: =C19*D19 -> 0 | F19: =IFERROR(E19/$B$8,0) -> 0
E20: =C20*D20 -> 0 | F20: =IFERROR(E20/$B$8,0) -> 0
E21: =C21*D21 -> 0 | F21: =IFERROR(E21/$B$8,0) -> 0
E22: =C22*D22 -> 0 | F22: =IFERROR(E22/$B$8,0) -> 0
E23: =C23*D23 -> 0 | F23: =IFERROR(E23/$B$8,0) -> 0
E24: =C24*D24 -> 0 | F24: =IFERROR(E24/$B$8,0) -> 0
... E59: =C59*D59 -> 0 | F59: =IFERROR(E59/$B$8,0) -> 0
A60: TOTAL GASTOS DE ADMINISTRACIÓN | E60: =SUM(E12:E59) -> 65944802 | F60: =SUM(F12:F59) -> 0.16
A62: En caso de convenios, si el conveniante ejecutor va a realizar un contrato derivado, considerar para el análisis:
A63: TOTAL APORTES EN DINERO NO EJECUTOR (antes de AU e IVA) | E63: =B8 -> 4.1215501e+08
A64: Administración | D64: 0.16 | E64: =D64*E63 -> 65944802
A65: Utilidad | D65: 0 | E65: =E63*D65 -> 0
A66: IVA | D66: 0.19 | E66: ='Presupuesto Contrato'!L96 -> 90838965 | F66: Info IVA
A67: TOTAL (incluido AU e IVA) | E67: =SUM(E63:E66) -> 5.6893878e+08
A69: TOTAL Porcentaje de gastos de administración a reconocer por análisis de contrato derivado (Sobre los costos directos en dinero del no ejecutor) | E69: =E64+E65+E66 -> 1.5678377e+08 | F69: =IFERROR(E69/E63,0) -> 0.3804

Sheet Gtos DyM
B1: SISTEMA DE GESTIÓN INTEGRAL - SGI | E1: Instructivo
B2: VALORES DE GASTOS DE DESPLAZAMIENTO Y MANUTENCIÓN
B3: CÓDIGO: F-PGC-21 | D3: =Instructivo!G3 -> VERSIÓN: 04
A5: AÑO VIGENTE: | B5: =Honorarios!B5 -> 2025
A6: MEMORANDO: | B6: 190-MEM2505-3559
A8: Cuatro N.1 Gastos de desplazamiento y manutención por municipio
A9: Municipio | B9: Valor total desplazamiento | C9: Valor total desplazamiento y manutención más de 4 horas sin pernocta | D9: Valor total desplazamiento y manutención con (1) una pernocta*
A10: Amaga | B10: 57000 | C10: 124000 | D10: 190000
A11: Amalfi | B11: 112000 | C11: 179000 | D11: 245000
A12: Andes | B12: 97000 | C12: 164000 | D12: 230000
A13: Angelópolis | B13: 57000 | C13: 124000 | D13: 190000
A14: Angostura | B14: 102000 | C14: 169000 | D14: 235000
A15: Anorí | B15: 137000 | C15: 204000 | D15: 270000
A16: Anzá | B16: 87000 | C16: 154000 | D16: 220000
A17: Armenia mantequilla | B17: 67000 | C17: 134000 | D17: 200000
A18: Barbosa | B18: 17000 | C18: 50000 | D18: N/A
A19: Bello | B19: 15000 | C19: 48000 | D19: N/A
A20: Belmira | B20: 67000 | C20: 134000 | D20: 200000
A21: Betania | B21: 107000 | C21: 174000 | D21: 240000
A22: Betulia | B22: 112000 | C22: 179000 | D22: 245000
A23: Briceño | B23: 112000 | C23: 179000 | D23: 245000
A24: Buriticá | B24: 92000 | C24: 159000 | D24: 225000
A25: Cáceres | B25: 233000 | C25: 300000 | D25: 366000
A26: Caicedo | B26: 112000 | C26: 179000 | D26: 245000
A27: Caldas | B27: 17000 | C27: 50000 | D27: 0
A28: Campamento | B28: 107000 | C28: 174000 | D28: 240000
A29: Caracolí | B29: 107000 | C29: 174000 | D29: 240000
A30: Caramanta | B30: 122000 | C30: 189000 | D30: 255000
A31: Carolina del Príncipe | B31: 92000 | C31: 159000 | D31: 225000
... A35: Concordia | B35: 92000 | C35: 159000 | D35: 225000
A36: Copacabana | B36: 17000 | C36: 50000 | D36: N/A
A37: Don Matías | B37: 52000 | C37: 119000 | D37: 185000
A38: Ebéjico | B38: 92000 | C38: 159000 | D38: 225000
A39: El Bagre | B39: 307000 | C39: 374000 | D39: 440000
A40: Entrerríos | B40: 72000 | C40: 139000 | D40: 205000
A41: Envigado | B41: 15000 | C41: 48000 | D41: 0
A42: Fredonia | B42: 72000 | C42: 139000 | D42: 205000
A43: Girardota | B43: 17000 | C43: 50000 | D43: N/A
A44: Gómez Plata | B44: 87000 | C44: 154000 | D44: 220000
A45: Guadalupe | B45: 97000 | C45: 164000 | D45: 230000
A46: Heliconia | B46: 87000 | C46: 154000 | D46: 220000
A47: Hispania | B47: 92000 | C47: 159000 | D47: 225000
A48: Itagüí | B48: 15000 | C48: 48000 | D48: 0
A49: Ituango | B49: 137000 | C49: 204000 | D49: 270000
A50: Jardín | B50: 122000 | C50: 189000 | D50: 255000
A51: Jericó | B51: 119000 | C51: 186000 | D51: 252000
A52: La Estrella | B52: 15000 | C52: 48000 | D52: 0
A53: La Pintada | B53: 82000 | C53: 149000 | D53: 215000
A54: Liborina | B54: 99000 | C54: 166000 | D54: 232000
A55: Maceo | B55: 102000 | C55: 169000 | D55: 235000
A56: Medellín | B56: 15000 | C56: 48000 | D56: N/A
A57: Montebello | B57: 67000 | C57: 134000 | D57: 200000
A58: Nechí | B58: 307000 | C58: 374000 | D58: 440000
A59: Olaya | B59: 87000 | C59: 154000 | D59: 220000
A60: Pueblo Rico | B60: 117000 | C60: 184000 | D60: 250000
A61: Puerto Berrío | B61: 112000 | C61: 179000 | D61: 245000
A62: Puerto Nare | B62: 127000 | C62: 194000 | D62: 260000
A63: Remedios | B63: 137000 | C63: 204000 | D63: 270000
A64: Sabanalarga | B64: 107000 | C64: 174000 | D64: 240000
A65: Sabaneta | B65: 15000 | C65: 48000 | D65: 0
A66: Salgar | B66: 92000 | C66: 159000 | D66: 225000
A67: San Andrés de Cuerquia | B67: 102000 | C67: 169000 | D67: 235000
A68: San Jerónimo | B68: 67000 | C68: 134000 | D68: 200000
... A89: Zaragoza | B89: 307000 | C89: 374000 | D89: 440000
A90: * Por cada día de pernocta adicional se reconocerán $133.000.
A91: ** El valor para reconocer por más de 4 horas sin pernocta corresponde a $67.000 y por cada pernocta $133.000. En los casos de los municipios del Área Metropolitana del Valle de Aburrá, se reconocerán $33.000 por manutención más los gastos de desplazamiento, de acuerdo con la tabla N°1; se aclara que en estos municipios está prohibido la pernocta.
A93: Tabla N.2 Gastos de desplazamiento y manutención por Territorial
A94: Territorial | B94: Promedio Valor total desplazamiento | C94: Valor total desplazamiento y manutención más de 4 horas sin pernocta | D94: Valor total desplazamiento y manutención con (1) pernocta*
A95: Aburrá Norte | B95: 16000 | C95: 49000 | D95: 0
A96: Aburrá Sur | B96: 42000 | C96: 92000 | D96: 109000
A97: Cartama | B97: 94000 | C97: 161000 | D97: 227000
A98: Citará | B98: 103000 | C98: 170000 | D98: 236000
A99: Hevéxicos | B99: 89000 | C99: 156000 | D99: 222000
A100: Panzenú | B100: 262000 | C100: 329000 | D100: 395000
A101: Tahamíes | B101: 95000 | C101: 162000 | D101: 228000
A102: Zenufaná | B102: 128000 | C102: 195000 | D102: 261000
A103: * Por cada día de pernocta adicional se reconocerán $133.000.
A104: ** El valor para reconocer por más de 4 horas sin pernocta corresponde a $67.000 y por cada pernocta $133.000. En los casos de los municipios del Área Metropolitana del Valle de Aburrá, se reconocerán $33.000 por manutención más los gastos de desplazamiento; se aclara que en estos municipios está prohibido la pernocta.
A105: *** Para la Oficina Territorial Aburra Sur, el valor promedio total desplazamiento y manutención con (1) pernocta, solo aplica para los municipios que siendo de esa jurisdicción no pertenecen al Área Metropolitana del Valle de Aburrá.
A106: *** En los municipios que se encuentren ubicados en el Área Metropolitana del Valle de Aburrá, no se autoriza a pernoctar.
A108: Cuatro N.3 Gastos de desplazamiento y manutención general
A109: Valor total desplazamiento | B109: Valor total desplazamiento y manutención más de 4 horas sin pernocta | C109: Valor total desplazamiento y manutención con (1) pernocta*
A110: 98000 | B110: 158000 | C110: 21800
A111: * Por cada día de pernocta adicional se reconocerán $120.000.
A112: ** En caso de reconocer solo gastos de manutención, se contemplará $60.000 por más de 4 horas sin pernocta y $120.000 por cada pernocta. En los casos de los municipios de Medellín, Bello, Itagüí, Sabaneta y Envigado, se reconocerá el 50% del valor de la manutención correspondiente a $30.000.
A113: *** En los municipios que se encuentren ubicados en el Área Metropolitana del Valle de Aburrá, no se autoriza a pernoctar.
A114: Se sugiere un valor de $30.000 para el trasporte entre municipios basado en el promedio valor de un solo tramo de Medellín al promedio de los municipios.

Sheet Honorarios
B1: SISTEMA DE GESTIÓN INTEGRAL - SGI | D1: Instructivo
B2: VALORES DE HONORARIOS (PRESTADORES DE SERVICIOS)
B3: CÓDIGO: F-PGC-21 | C3: =Instructivo!G3 -> VERSIÓN: 04
A5: AÑO VIGENTE: | B5: 2025
A6: MEMORANDO: | B6: 190-MEM2501-139
A8: Nivel Académico Requerido | B8: Valor mes Honorarios
A9: Asistencial | B9: 2448000
A10: Técnico | B10: 3500000
A11: Tecnólogo sin experiencia
A12: Tecnólogo | B12: 4500000
A13: Profesional | B13: 5095920
A14: Profesional especializado con experiencia | B14: 7493940
A15: Asesor o coordinador | B15: 8990280
A17: Nota
A18: El presente valor de los honorarios es el reconocido por la Corporación para la ejecución de sus contratos o convenios, cualquier cambio por parte del ejecutor en la modalidad de contratación de prestación de servicios a laboral será bajo cuenta y riesgo del este último y no podrá trasladar o solidarizar a la Corporación con la carga o gastos adicionales en los cuales incurra.

Sheet Jornal
C1: SISTEMA DE GESTIÓN INTEGRAL - SGI | K1: Instructivo
C2: VALORES DE JORNALES
C3: CÓDIGO: F-PGC-21 | G3: =Instructivo!G3 -> VERSIÓN: 04
A5: AÑO VIGENTE: | D5: 2025
A6: MEMORANDO: | D6: 190-MEM2503-2165
A7: SMMLVC: | D7: 1423500
A8: AUX TRANSPORTE MENSUAL: | D8: 200000
A10: DETERMINACIÓN DEL VALOR DEL JORNAL POR BASE
A11: Salario base en SMMLV | C11: 1 | D11: 1.25 | E11: 1.5 | F11: 1.75 | G11: 2 | H11: 3 | I11: 4 | J11: 5
A12: Salario base expresión monetaria | C12: =$D$7*C11 -> 1423500 | D12: =$D$7*D11 -> 1779375 | E12: =$D$7*E11 -> 2135250 | F12: =$D$7*F11 -> 2491125 | G12: =$D$7*G11 -> 2847000 | H12: =$D$7*H11 -> 4270500 | I12: =$D$7*I11 -> 5694000 | J12: =$D$7*J11 -> 7117500
A13: Total jornal diario a reconocer | C13: =C29/30 -> 82954.631 | D13: =D29/30 -> 101732.18 | E13: =E29/30 -> 120509.72 | F13: =F29/30 -> 139287.27 | G13: =G29/30 -> 158064.82 | H13: =H29/30 -> 225330.56 | I13: =I29/30 -> 300440.75 | J13: =J29/30 -> 375550.93
A14: Ítem | B14: Porcentaje | C14: Valor | D14: Valor | E14: Valor | F14: Valor | G14: Valor | H14: Valor | I14: Valor | J14: Valor
A15: Seguridad Social
A16: Salud (EPS) - Empleador | B16: 0.085 | C16: =$C$12*B16 -> 120997.5 | D16: =$D$12*B16 -> 151246.88 | E16: =$E$12*B16 -> 181496.25 | F16: =$F$12*B16 -> 211745.63 | G16: =$G$12*B16 -> 241995 | H16: =$H$12*B16 -> 362992.5 | I16: =$I$12*B16 -> 483990 | J16: =$J$12*B16 -> 604987.5
A17: Pensión - Empleador | B17: 0.12 | C17: =$C$12*B17 -> 170820 | D17: =$D$12*B17 -> 213525 | E17: =$E$12*B17 -> 256230 | F17: =$F$12*B17 -> 298935 | G17: =$G$12*B17 -> 341640 | H17: =$H$12*B17 -> 512460 | I17: =$I$12*B17 -> 683280 | J17: =$J$12*B17 -> 854100
A18: ARL - Riesgo V | B18: 0.0696 | C18: =$C$12*B18 -> 99075.6 | D18: =$D$12*B18 -> 123844.5 | E18: =$E$12*B18 -> 148613.4 | F18: =$F$12*B18 -> 173382.3 | G18: =$G$12*B18 -> 198151.2 | H18: =$H$12*B18 -> 297226.8 | I18: =$I$12*B18 -> 396302.4 | J18: =$J$12*B18 -> 495378
A19: Parafiscales
A20: Caja de compensación | B20: 0.04 | C20: =$C$12*B20 -> 56940 | D20: =$D$12*B20 -> 71175 | E20: =$E$12*B20 -> 85410 | F20: =$F$12*B20 -> 99645 | G20: =$G$12*B20 -> 113880 | H20: =$H$12*B20 -> 170820 | I20: =$I$12*B20 -> 227760 | J20: =$J$12*B20 -> 284700
A21: ICBF | B21: 0.03 | C21: =$C$12*B21 -> 42705 | D21: =$D$12*B21 -> 53381.25 | E21: =$E$12*B21 -> 64057.5 | F21: =$F$12*B21 -> 74733.75 | G21: =$G$12*B21 -> 85410 | H21: =$H$12*B21 -> 128115 | I21: =$I$12*B21 -> 170820 | J21: =$J$12*B21 -> 213525
A22: Sena | B22: 0.02 | C22: =$C$12*B22 -> 28470 | D22: =$D$12*B22 -> 35587.5 | E22: =$E$12*B22 -> 42705 | F22: =$F$12*B22 -> 49822.5 | G22: =$G$12*B22 -> 56940 | H22: =$H$12*B22 -> 85410 | I22: =$I$12*B22 -> 113880 | J22: =$J$12*B22 -> 142350
A23: Prestaciones sociales
A24: Cesantías | B24: 0.083333333 | C24: =($C$12+$D$8)*B24 -> 135291.67 | D24: =($D$12+$D$8)*B24 -> 164947.92 | E24: =(E12+$D$8)*$B$24 -> 194604.17 | F24: =(F12+$D$8)*$B$24 -> 224260.42 | G24: =(G12+$D$8)*$B$24 -> 253916.67 | H24: =H12*$B$24 -> 355875 | I24: =I12*$B$24 -> 474500 | J24: =J12*$B$24 -> 593125
A25: Intereses de cesantías | B25: 0.12 | C25: =C24*$B$25 -> 16235 | D25: =D24*$B$25 -> 19793.75 | E25: =E24*$B$25 -> 23352.5 | F25: =F24*$B$25 -> 26911.25 | G25: =G24*$B$25 -> 30470 | H25: =H24*$B$25 -> 42705 | I25: =I24*$B$25 -> 56940 | J25: =J24*$B$25 -> 71175
A26: Prima de servicios | B26: 0.083333333 | C26: =(C12+$D$8)*$B$26 -> 135291.67 | D26: =(D12+$D$8)*$B$26 -> 164947.92 | E26: =(E12+$D$8)*$B$26 -> 194604.17 | F26: =(F12+$D$8)*$B$26 -> 224260.42 | G26: =(G12+$D$8)*$B$26 -> 253916.67 | H26: =H12*$B$26 -> 355875 | I26: =I12*$B$26 -> 474500 | J26: =J12*$B$26 -> 593125
A27: Vacaciones | B27: =B24/2 -> 0.041666667 | C27: =C12*$B$27 -> 59312.5 | D27: =D12*$B$27 -> 74140.625 | E27: =E12*$B$27 -> 88968.75 | F27: =F12*$B$27 -> 103796.87 | G27: =G12*$B$27 -> 118625 | H27: =H12*$B$27 -> 177937.5 | I27: =I12*$B$27 -> 237250 | J27: =J12*$B$27 -> 296562.5
A28: Valor mensual prestaciones | C28: =SUM(C16:C27) -> 865138.93 | D28: =SUM(D16:D27) -> 1072590.3 | E28: =SUM(E16:E27) -> 1280041.7 | F28: =SUM(F16:F27) -> 1487493.1 | G28: =SUM(G16:G27) -> 1694944.5 | H28: =SUM(H16:H27) -> 2489416.8 | I28: =SUM(I16:I27) -> 3319222.4 | J28: =SUM(J16:J27) -> 4149028
A29: Total valor mensual | C29: =C12+$D$8+C28 -> 2488638.9 | D29: =D12+$D$8+D28 -> 3051965.3 | E29: =E12+$D$8+E28 -> 3615291.7 | F29: =F12+$D$8+F28 -> 4178618.1 | G29: =G12+$D$8+G28 -> 4741944.5 | H29: =H12+H28 -> 6759916.8 | I29: =I12+I28 -> 9013222.4 | J29: =J12+J28 -> 11266528
A31: CÁLCULO DEL FACTOR PRESTACIONAL (Para efectos de planeación)
A32: % factor prestacional | C32: =(C29-C12)/C12 -> 0.74825355 | D32: =(D29-D12)/D12 -> 0.71518951 | E32: =(E29-E12)/E12 -> 0.69314681 | F32: =(F29-F12)/F12 -> 0.67740203 | G32: =(G29-G12)/G12 -> 0.66559344 | H32: =(H29-H12)/H12 -> 0.58293333 | I32: =(I29-I12)/I12 -> 0.58293333 | J32: =(J29-J12)/J12 -> 0.58293333
A33: Jornal sin FP | C33: =C34/(1+C32) -> 47450 | D33: =D34/(1+D32) -> 59312.5 | E33: =E34/(1+E32) -> 71175 | F33: =F34/(1+F32) -> 83037.5 | G33: =G34/(1+G32) -> 94900 | H33: =H34/(1+H32) -> 142350 | I33: =I34/(1+I32) -> 189800 | J33: =J34/(1+J32) -> 237250
A34: Jornal con FP | C34: =C13 -> 82954.631 | D34: =D13 -> 101732.18 | E34: =E13 -> 120509.72 | F34: =F13 -> 139287.27 | G34: =G13 -> 158064.82 | H34: =H13 -> 225330.56 | I34: =I13 -> 300440.75 | J34: =J13 -> 375550.93
A36: Notas:
A37: Código Sustantivo del Trabajo Artículo 133. Jornal y sueldo: “Se denomina jornal el salario estipulado por días, y sueldo el estipulado por períodos mayores.”
A38: Independientemente la forma de pago pactada con el trabajador, en ningún caso el trabajador puede devengar un salario inferior al salario mínimo legal establecido, teniendo en cuenta también que los aportes a seguridad social y las acreencias laborales se siguen causando ya que las formas de pago no infieren en el desconocimiento de los derechos ciertos e indiscutibles de los trabajadores.
A40: Pago SS por cada jornal a cargo del trabajador
A41: Salud | B41: 0.125 | C41: =C33*$B$41 -> 5931.25 | D41: =D33*$B$41 -> 7414.0625 | E41: =E33*$B$41 -> 8896.875 | F41: =F33*$B$41 -> 10379.688 | G41: =G33*$B$41 -> 11862.5 | H41: =H33*$B$41 -> 17793.75 | I41: =I33*$B$41 -> 23725 | J41: =J33*$B$41 -> 29656.25
A42: Pensión | B42: 0.16 | C42: =C33*$B$42 -> 7592 | D42: =D33*$B$42 -> 9490 | E42: =E33*$B$42 -> 11388 | F42: =F33*$B$42 -> 13286 | G42: =G33*$B$42 -> 15184 | H42: =H33*$B$42 -> 22776 | I42: =I33*$B$42 -> 30368 | J42: =J33*$B$42 -> 37960
A43: ARL | B43: =B18 -> 0.0696 | C43: =C33*$B$43 -> 3302.52 | D43: =D33*$B$43 -> 4128.15 | E43: =E33*$B$43 -> 4953.78 | F43: =F33*$B$43 -> 5779.41 | G43: =G33*$B$43 -> 6605.04 | H43: =H33*$B$43 -> 9907.56 | I43: =I33*$B$43 -> 13210.08 | J43: =J33*$B$43 -> 16512.6
A44: Pago a entidades SS | C44: =SUM(C41:C43) -> 16825.77 | D44: =SUM(D41:D43) -> 21032.212 | E44: =SUM(E41:E43) -> 25238.655 | F44: =SUM(F41:F43) -> 29445.097 | G44: =SUM(G41:G43) -> 33651.54 | H44: =SUM(H41:H43) -> 50477.31 | I44: =SUM(I41:I43) -> 67303.08 | J44: =SUM(J41:J43) -> 84128.85

Sheet Salarios
C1: SISTEMA DE GESTIÓN INTEGRAL - SGI | G1: Instructivo
C2: VALORES DE SALARIOS
C3: CÓDIGO: F-PGC-21 | E3: =Instructivo!G3 -> VERSIÓN: 04
A5: AÑO VIGENTE: | B5: 2024
A6: DECRETO NACIONAL: | B6: 905 del 02/08/2023.
A8: Salarios percibidos por el personal con vinculación laboral en la corporación, estos valores se utilizan únicamente para cuantificar el aporte en especie corporativo de su personal, en los casos que aplique.
A10: SALARIOS PERSONAL VINCULADO LABORALMENTE A LA CORPORACIÓN
A11: Cargo | B11: Salario mensual 2023 | C11: Proyección Salario mensual 2024 | D11: Salario mensual con factor prestacional | E11: Salario diario con factor prestacional | F11: Salario por hora con factor prestacional
A12: Asistencial 5 | B12: 1160000 | C12: =B12*1.1088 -> 1286208 | D12: =C12*1.67 -> 2147967.4 | E12: =D12/21 -> 102284.16 | F12: =E12/8.8 -> 11623.2
A13: Asistencial 6 | B13: 1176401 | C13: =B13*1.1088 -> 1304393.4 | D13: =C13*1.67 -> 2178337 | E13: =D13/21 -> 103730.33 | F13: =E13/8.8 -> 11787.538
A14: Asistencial 7 | B14: 1287544 | C14: =B14*1.1088 -> 1427628.8 | D14: =C14*1.67 -> 2384140.1 | E14: =D14/21 -> 113530.48 | F14: =E14/8.8 -> 12901.191
A15: Asistencial 8 | B15: 1364250 | C15: =B15*1.1088 -> 1512680.4 | D15: =C15*1.67 -> 2526176.3 | E15: =D15/21 -> 120294.11 | F15: =E15/8.8 -> 13669.785
A16: Asistencial 9 | B16: 1451279 | C16: =B16*1.1088 -> 1609178.2 | D16: =C16*1.67 -> 2687327.5 | E16: =D16/21 -> 127967.98 | F16: =E16/8.8 -> 14541.816
A17: Asistencial 10 | B17: 1595122 | C17: =B17*1.1088 -> 1768671.3 | D17: =C17*1.67 -> 2953681 | E17: =D17/21 -> 140651.48 | F17: =E17/8.8 -> 15983.122
A18: Asistencial 11 | B18: 1721749 | C18: =B18*1.1088 -> 1909075.3 | D18: =C18*1.67 -> 3188155.7 | E18: =D18/21 -> 151816.94 | F18: =E18/8.8 -> 17251.925
A19: Asistencial 12 | B19: 1848706 | C19: =B19*1.1088 -> 2049845.2 | D19: =C19*1.67 -> 3423241.5 | E19: =D19/21 -> 163011.5 | F19: =E19/8.8 -> 18524.034
A20: Asistencial 13 | B20: 1908467 | C20: =B20*1.1088 -> 2116108.2 | D20: =C20*1.67 -> 3533900.7 | E20: =D20/21 -> 168280.99 | F20: =E20/8.8 -> 19122.839
A21: Asistencial 14 | B21: 1950276 | C21: =B21*1.1088 -> 2162466 | D21: =C21*1.67 -> 3611318.3 | E21: =D21/21 -> 171967.54 | F21: =E21/8.8 -> 19541.766
A22: Asistencial 15 | B22: 2010894 | C22: =B22*1.1088 -> 2229679.3 | D22: =C22*1.67 -> 3723564.4 | E22: =D22/21 -> 177312.59 | F22: =E22/8.8 -> 20149.158
A23: Asistencial 16 | B23: 2100304 | C23: =B23*1.1088 -> 2328817.1 | D23: =C23*1.67 -> 3889124.5 | E23: =D23/21 -> 185196.41 | F23: =E23/8.8 -> 21045.046
... A120: Directivo 28 | B120: 18226195 | C120: =B120*1.1088 -> 20209205 | D120: =C120*1.67 -> 33749372 | E120: =D120/21 -> 1607113 | F120: =E120/8.8 -> 182626.47

Sheet Alimentación
B1: SISTEMA DE GESTIÓN INTEGRAL - SGI | F1: Instructivo
B2: VALORES DE ALIMENTACIÓN
B3: CÓDIGO: F-PGC-21 | D3: =Instructivo!G3 -> VERSIÓN: 04
A5: AÑO VIGENTE: | B5: 2020
A6: MEMORANDO: | B6: 140-MEM2010-6732
A8: Relación de costos a considerar en actividades comunitarias de convenios, contratos o actividades propias y acogernos al: GU-FAF-03-Lineamientos Suministro Alimentacion Logistica Eventos
A10: DESAYUNO SERVIDO EN VAJILLA CUANDO SON EVENTOS QUE LA LAS PERSONAS LLEGAN DESDE TEMPRANO A UN EVENTO DE MAS DE SEIS HORAS | C10: COSTO | D10: OBSERVACIONES
A11: Arroz | C11: $ 10.000 a $12.000 | D11: El valor depende de la zona, el Bajo Cauca, Magadalena Medio y Nordeste minero son mas costosos que otras zonas
A12: Huevo revuelto o Chorizo o Salchichas
A13: Queso en bajo Cauca y Magdalena Medio o quesito en otras zonas
A14: Platano o Yuca en Bajo Cauca, Nordeste minero y Magdalena Medios o Tajadas en otras zonas
A15: Arepa
A16: Mantequilla o Suero en Bajo Cauca
A17: ALMUERZO O COMIDA SERVIDO EN VAJILLA RETORNABLE | C17: COSTO | D17: OBSERVACIONES
A18: Sopa o crema: Un plato sopero | C18: $ 15.000 a $18.000 | D18: El valor depende de la zona, el Bajo Cauca, Magadalena Medio y Nordeste minero son mas costosos que otras zonas
A19: Arroz: 150 gramos
A20: Acompañante: 80 gramos
A21: Proteico o carne en cocido: 100 gramos, en el caso de atender comunidades indigenas o afrocolombianas si se ofrece pescado debe ser entero frito o sudado nunca filete y si es pollo o gallina una presa nunca filete de pechuga.
A22: Verdura o ensalada: 80 gramos
A23: Arepa: 30 gramos
A24: Jugo de Fruta Natural: un Vaso de 12 onzas
A25: Postre: 30 gramos
A26: ALMUERZO TIPO FIAMBRE ENVUELTO EN HOJA Y AMARRADO CON CABUYA NATURAL cuando hay recorridos | C26: COSTO | D26: OBSERVACIONES
A27: Cereal: Arroz Blanco | C27: $ 15.000 a $18.000 | D27: El valor depende de la zona, el Bajo Cauca, Magadalena Medio y Nordeste minero son mas costosos que otras zonas
A28: Acompañante: Maduro, yuca y papa cocido o frito
A29: Proteico: Carne sofrita y Huevo cocido ó Chorizo, huevo y Chicharron
A30: Jugo de Fruta Natural: Jugo de mango, mora o tomate de árbol o guayaba o guandolo.
A31: Fruta de Mano: Banano criollo, Banano Bocadillo o Murrapo, Mandarina, Pera o Manzana
A32: Postre: Pastel de guayaba o arequipe
A33: REFRIGERIO CUANDO LA ACTIVIDAD DURA HASTA CUATRO HORAS Y NO SE DA ALMUERZO | C33: COSTO | D33: OBSERVACIONES
A34: Bebida: Jugo de fruta natural (mango, guayaba, mora o tomate de árbol) | C34: $ 8.000 | D34: El valor depende de la zona, el Bajo Cauca, Magadalena Medio y Nordeste minero son mas costosos que otras zonas
A35: Acompañante: Emparedado de Pan, Jamón, carnes frias, queso , lechuga y tomate
A36: Fruta Manzana o Pera
A37: Postre o chocolatina mediana
A38: REFRIGERIO EN LA MAÑANA CUANDO HAY DESAYUNO se recomienda fruta | C38: COSTO
A39: Fruta: mango, piña, papaya o melón en porción | C39: 2500
A40: REFRIGERIO EN LA TARDE | C40: COSTO
A41: Torta con Helado, Salpicón sin sandia y con helado, Yogur con cereal, Porción de Helado | C41: 4500
A42: REFRIGERIO DE LA MAÑANA O CUANDO LA ACTIVIDAD ES DE TODO EL DIA Y SE INCLUYEN DOS REFRIGERIOS | C42: COSTO
A43: Bebida: café con leche o chocolate UNA PORCION GRANDE = Taza | C43: $5.000 a $8.000
A44: Acompañanate: en la mañana o en la tarde segun los climas: Arepa GRANDE con quesito de 60 gramos, Empanadas grandes, Pastel de Pollo grande, Arepa de Huevo, Buñuelo dos unidades, Pandequeso dos unidades, en la tarde se puede ofrecer arroz con leche y quesito o mazamorra con bocadillo en taza grande, PORCIONES GRANDES
A45: Para el caso de atencion de eventos con Niñas y Niños se puede ofrecer
A46: PREPARACIONES PROPUESTAS | C46: COSTO | D46: OBSERVACIONES
A47: • Bebida: jugo de fruta natural, bebida con leche o bebida achocolatada. • Acompañante: Emparedado de jamón y queso. • Arroz con leche, quesito • Colada de avena y galletas con Mantequilla. • Ensalada de frutas con leche condensada • Salpicón con helado • Yogurt, banano y cereal • Chocolate con leche y pandequeso, buñuelos o empanadas • Malteada con torta • Pastel de Guayaba o arequipe con un vaso con leche. • Jugo de fruta natural con un perro pequeño o un pan salchicha • Palito de queso con bebida achocolatada. • Natilla con buñuelos. | C47: 40000 | D47: con este dinero alcanza para preparar refrigerios para 15 niños, tal como se describe en el listado
A49: ACTUALIZACIÓN DE VALORES
A50: Inflación | C50: NA | D50: 0.0161 | E50: 0.0562 | F50: 0.1312 | G50: 0.0928
A51: Año | C51: 2020 | D51: 2021 | E51: 2022 | F51: 2023 | G51: 2024
A52: Ítem | C52: Valor | D52: Valor | E52: Valor | F52: Valor | G52: Valor
A53: DESAYUNO SERVIDO EN VAJILLA - Límite inferior | C53: 10000 | D53: =ROUND((C53*$D$50)+C53,-2) -> 10200 | E53: =ROUND((D53*$E$50)+D53,-2) -> 10800 | F53: =E53*$F$50+E53 -> 12216.96 | G53: =F53*$G$50+F53 -> 13350.694
A54: DESAYUNO SERVIDO EN VAJILLA - Límite superior | C54: 12000 | D54: =ROUND((C54*$D$50)+C54,-2) -> 12200 | E54: =ROUND((D54*$E$50)+D54,-2) -> 12900 | F54: =E54*$F$50+E54 -> 14592.48 | G54: =F54*$G$50+F54 -> 15946.662
A55: ALMUERZO O COMIDA SERVIDO EN VAJILLA RETORNABLE - Límite inferior | C55: 15000 | D55: =ROUND((C55*$D$50)+C55,-2) -> 15200 | E55: =ROUND((D55*$E$50)+D55,-2) -> 16100 | F55: =E55*$F$50+E55 -> 18212.32 | G55: =F55*$G$50+F55 -> 19902.423
A56: ALMUERZO O COMIDA SERVIDO EN VAJILLA RETORNABLE - Límite superior | C56: 18000 | D56: =ROUND((C56*$D$50)+C56,-2) -> 18300 | E56: =ROUND((D56*$E$50)+D56,-2) -> 19300 | F56: =E56*$F$50+E56 -> 21832.16 | G56: =F56*$G$50+F56 -> 23858.184
A57: ALMUERZO TIPO FIAMBRE - Límite inferior | C57: 15000 | D57: =ROUND((C57*$D$50)+C57,-2) -> 15200 | E57: =ROUND((D57*$E$50)+D57,-2) -> 16100 | F57: =E57*$F$50+E57 -> 18212.32 | G57: =F57*$G$50+F57 -> 19902.423 | I57: VALOR INICIAL | J57: IPC 2024 para 2025 | K57: IPC 2025 para 2026
A58: ALMUERZO TIPO FIAMBRE - Límite superior | C58: 18000 | D58: =ROUND((C58*$D$50)+C58,-2) -> 18300 | E58: =ROUND((D58*$E$50)+D58,-2) -> 19300 | F58: =E58*$F$50+E58 -> 21832.16 | G58: =F58*$G$50+F58 -> 23858.184 | J58: 0.052 | K58: 0.03
A59: REFRIGERIO CUANDO LA ACTIVIDAD DURA HASTA CUATRO HORAS Y NO SE DA ALMUERZO | C59: 8000 | D59: =ROUND((C59*$D$50)+C59,-2) -> 8100 | E59: =ROUND((D59*$E$50)+D59,-2) -> 8600 | F59: =E59*$F$50+E59 -> 9728.32 | G59: =F59*$G$50+F59 -> 10631.108 | H59: =A59 -> REFRIGERIO CUANDO LA ACTIVIDAD DURA HASTA CUATRO HORAS Y NO SE DA ALMUERZO | I59: =G59 -> 10631.108 | J59: =I59+(I59*J58) -> 11183.926 | K59: =J59+(J59*K58) -> 11519.443
A60: REFRIGERIO EN LA MAÑANA CUANDO HAY DESAYUNO se recomienda fruta | C60: 2500 | D60: =ROUND((C60*$D$50)+C60,-2) -> 2500 | E60: =ROUND((D60*$E$50)+D60,-2) -> 2600 | F60: =E60*$F$50+E60 -> 2941.12 | G60: =F60*$G$50+F60 -> 3214.0559
A61: REFRIGERIO EN LA TARDE | C61: 4500 | D61: =ROUND((C61*$D$50)+C61,-2) -> 4600 | E61: =ROUND((D61*$E$50)+D61,-2) -> 4900 | F61: =E61*$F$50+E61 -> 5542.88 | G61: =F61*$G$50+F61 -> 6057.2593
A62: REFRIGERIO DE LA MAÑANA O CUANDO LA ACTIVIDAD ES DE TODO EL DIA Y SE INCLUYEN DOS REFRIGERIOS - Límite inferior | C62: 5000 | D62: =ROUND((C62*$D$50)+C62,-2) -> 5100 | E62: =ROUND((D62*$E$50)+D62,-2) -> 5400 | F62: =E62*$F$50+E62 -> 6108.48 | G62: =F62*$G$50+F62 -> 6675.3469
A63: REFRIGERIO DE LA MAÑANA O CUANDO LA ACTIVIDAD ES DE TODO EL DIA Y SE INCLUYEN DOS REFRIGERIOS - Límite superior | C63: 8000 | D63: =ROUND((C63*$D$50)+C63,-2) -> 8100 | E63: =ROUND((D63*$E$50)+D63,-2) -> 8600 | F63: =E63*$F$50+E63 -> 9728.32 | G63: =F63*$G$50+F63 -> 10631.108
A64: PREPARACIONES PROPUESTAS (15 niños) | C64: 40000 | D64: =ROUND((C64*$D$50)+C64,-2) -> 40600 | E64: =ROUND((D64*$E$50)+D64,-2) -> 42900 | F64: =E64*$F$50+E64 -> 48528.48 | G64: =F64*$G$50+F64 -> 53031.923
A66: Nota: En caso de las variables que se actualicen por parte de otras dependencias, la Subdirección Administrativa y Financiera actualizará la variable posterior a que la subdirección encargada emita el memorando, para estos casos, si hay cambio de vigencia (de un año a otro), se utilizará el valor que actualmente este establecido por memorando, actualizado con la inflación anual de la vigencia pasada, y redondeado a la centena más cercana.

Sheet Distintivos
B1: SISTEMA DE GESTIÓN INTEGRAL - SGI | D1: Instructivo
B2: VALORES DE DISTINTIVOS CORPORATIVOS
B3: CÓDIGO: F-PGC-21 | C3: =Instructivo!G3 -> VERSIÓN: 04
A5: AÑO VIGENTE: | B5: 2022
A6: MEMORANDO SUBDIRECCIÓN DE COMUNICACIONES: | B6: 040OC-MEM2204-3298
E7: Se incrementa el IPC debido a que los valores son de 2022. Para 2023 el IPC fue de 13.12%, para 2024 de 9.28% y para 2025 de 5.2% | G7: Se incrementa el IPC debido a que los valores son de 2022. Para 2023 el IPC fue de 13.12%, para 2024 de 9.28% y para 2025 de 5.2%
A8: ÍTEM | C8: VALOR (IVA incluido)
A9: Camisa tipo polo, color agua marina, con dos logos | C9: 61880 | E9: VALOR INICIAL | F9: IPC 2022 para 2023 | G9: IPC 2023 para 2024 | H9: IPC 2024 para 2025
A10: Gorra color beige con dos logos | C10: 36780 | F10: 0.1312 | G10: 0.0928 | H10: 0.052
A11: Pava con protector de cuello y ojales plásticos color beige, con dos logos | C11: 55880 | E11: =C14 -> 87880 | F11: =E11+(E11*F10) -> 99409.856 | G11: =F11+(F11*G10) -> 108635.09 | H11: =G11+(G11*H10) -> 114284.12 | I11: =A14 -> Chaleco color beige con 4 bolsillos y cinta reflectiva
A12: Camibuso color gris o azul oscuro en tela fresca liviana con dos logos | C12: 49600 | E12: =C10 -> 36780 | F12: =+E12+(E12*F10) -> 41605.536 | G12: =+F12+(F12*G10) -> 45466.53 | H12: =+G12+(G12*H10) -> 47830.789 | I12: =A10 -> Gorra color beige con dos logos
A13: Camisa blanca manga larga con dos logos | C13: 89880 | E13: =C11 -> 55880 | F13: =+E13+(E13*F10) -> 63211.456 | G13: =+F13+(F13*G10) -> 69077.479 | H13: =+G13+(G13*H10) -> 72669.508 | I13: =A11 -> Pava con protector de cuello y ojales plásticos color beige, con dos logos
A14: Chaleco color beige con 4 bolsillos y cinta reflectiva | C14: 87880
A16: Nota: Es importante tener en cuenta que estos valores pueden variar por diferentes razones: número de logos, si éstos son estampados o impresos, tipos de tela, cantidad de prendas, por lo anterior se debe tomar el precio antes mencionado, como una referencia de valores aproximados.

Sheet Cuantías
B1: SISTEMA DE GESTIÓN INTEGRAL - SGI | D1: Instructivo
B2: CUANTÍAS PARA CONTRATAR
B3: CÓDIGO: F-PGC-21 | C3: =Instructivo!G3 -> VERSIÓN: 04
A5: AÑO VIGENTE: | B5: =Honorarios!B5 -> 2025
A6: CIRCULAR: | B6: 190-ACT2312-7519
A8: SMMLVC | B8: =Jornal!D7 -> 1423500
A9: Presupuesto corporativo | B9: 164498279934
A11: De conformidad con el literal b, artículo 2 de la Ley 1150 de 2007 adicionado por el artículo 274 de la Ley 1450 de 2011, en consonancia con lo dispuesto en el artículo 2.2.1.2.1.5.2 del Decreto 1082 de 2015; las cuantías para los diferentes procesos de selección que debe adelantar la Corporación quedarán de la siguiente manera:
A13: CUANTÍAS PARA CONTRATAR
A14: Modalidad | B14: Límite inferior | C14: Límite inferior
A15: Mínima cuantía | B15: 1 | C15: 58500000
A16: Menor cuantía | B16: 58500001 | C16: 585000000
A17: Licitación pública | B17: 585000001 | C17: En adelante

Sheet Apoyo
B1: SISTEMA DE GESTIÓN INTEGRAL - SGI | D1: Instructivo
B2: DOCUMENTOS DE APOYO
B3: CÓDIGO: F-PGC-21 | C3: =Instructivo!G3 -> VERSIÓN: 04
A5: NORMATIVIDAD
A6: Norma | B6: Fecha | C6: Título
A7: Ley 80 de 1993 | B7: 34270 | C7: Por la cual se expide el Estatuto General de Contratación de la Administración Pública
A8: Ley 816 de 2003 | B8: 37809 | C8: Por medio de la cual se apoya a la industria nacional a través de la contratación pública
A9: Ley 905 de 2004 | B9: 38201 | C9: Por medio de la cual se modifica la Ley 590 de 2000 sobre promoción del desarrollo de la micro, pequeña y mediana empresa colombiana y se dictan otras disposiciones
A10: Ley 1106 de 2006 | B10: 39053 | C10: Por medio de la cual se prorroga la vigencia de la Ley 418 de 1997 prorrogada y modificada por las Leyes 548 de 1999 y 782 de 2002 y se modifican algunas de sus disposiciones.
A11: Ley 1150 de 2007 | B11: 39279 | C11: Por medio de la cual se introducen medidas para la eficiencia y la transparencia en la Ley 80 de 1993 y se dictan otras disposiciones generales sobre la contratación con Recursos Públicos
A12: Ley 1697 de 2013 | B12: 41628 | C12: Por la cual se crea la estampilla Pro Universidad Nacional de Colombia y demás universidades estatales de Colombia.
A13: Ley 2022 de 2020 | B13: 44034 | C13: Por la cual modifica el artículo 4 de la ley 1882 de 2018 y se dictan otras disposiciones
A14: Decreto 4170 de 2011 | B14: 40850 | C14: Por el cual se crea la Agencia Nacional de Contratación Pública –Colombia Compra Eficiente–, se determinan sus objetivos y estructura.
A15: Decreto 1510 de 2013 | B15: 41472 | C15: Por el cual se reglamenta el sistema de compras y contratación pública.
A16: Decreto1082 de 2015 | B16: 42181 | C16: Por medio del cual se expide el decreto único reglamentario del sector administrativo de planeación nacional
A17: Decreto 310 de 2021 | B17: 44280 | C17: Por el cual se reglamenta el artículo 41 de la Ley 1955 de 2019, sobre las condiciones para implementar la obligatoriedad y aplicación de los Acuerdos Marco de Precios y se modifican los artículos 2.2.1.2.1.2.7. Y 2.2.1.2.1.2.12. del Decreto 1082 de 2015, Único Reglamentario del Sector Administrativo de Planeación Nacional
A18: Decreto 399 de 2021 | B18: 44299 | C18: Por el cual se modifican los artículos 2.2.1.1.2.1.1., 2.2.1.2.1.3.2. Y 2.2.1.2.3.1.14., Y se adicionan unos parágrafos transitorios a los artículos 2.2.1.1.1.5.2., 2.2.1.1.1.5.6. Y 2.2.1.1.1.6.2. del Decreto 1082 de 2015, Único Reglamentario del Sector Administrativo de Planeación Nacional
... A23: Decreto 442 de 2022 | B23: 44648 | C23: Por el cual se modifica el Decreto 1082 de 2015, Único Reglamentario del Sector Administrativo de Planeación Nacional, con el fin de reglamentar el artículo 36 de la Ley 2069 de 2020 en lo relativo a la promoción de las compras públicas de tecnología e innovación
A25: GUÍAS Y MANUALES (Colombia Compra Eficiente)
A26: Título | C26: Ruta
A27: Guía para Determinar y Verificar la Capacidad Residual del Proponente en los Procesos de Contratación de Obra Pública | C27: https://colombiacompra.gov.co/manuales-guias-y-pliegos-tipo/manuales-y-guias/guia-para-determinar-y-verificar-la-capacidad
A28: Guía para el manejo de ofertas artificialmente bajas en Procesos de Contratación | C28: https://colombiacompra.gov.co/manuales-guias-y-pliegos-tipo/manuales-y-guias/guia-para-el-manejo-de-ofertas-artificialmente-bajas
A29: Guía para la contratación con entidades privadas sin ánimo de lucro y de reconocida idoneidad | C29: https://colombiacompra.gov.co/sites/cce_public/files/cce_documents/cce_guia_esal.pdf
A30: Guía para la Elaboración de Estudios de Sector | C30: https://www.colombiacompra.gov.co/manuales-guias-y-pliegos-tipo/manuales-y-guias/guia-para-la-elaboracion-de-estudios-de-sector
A31: Manual para determinar y verificar los requisitos habilitantes en los Procesos de Contratación | C31: https://colombiacompra.gov.co/manuales-guias-y-pliegos-tipo/manuales-y-guias/manual-para-determinar-y-verificar-los-requisitos
A32: Para acceder a todos los manuales, guías y documentos tipo de Colombia Compra Eficiente, acceder a la ruta: https://colombiacompra.gov.co/manuales-guias-y-pliegos-tipo/manuales-y-guias
A34: CONCEPTOS
A35: Entidad | B35: Fecha | C35: Tema
A36: Colombia Compra Eficiente | B36: 43935 | C36: Trabajos materiales sobre bienes inmuebles (inmuebles por adhesión) como obra pública
A37: Consejo de Estado | B37: 43348 | C37: Los contratos de prestación de servicios de mantenimiento por arreglos locativos sobre bienes inmuebles son contratos de obra
A38: Contraloría general de Medellín | B38: 43634 | C38: Posición respecto el reconocimiento y pago de los recursos establecidos como imprevistos (I) y Administración (A)
A39: DIAN | B39: 44237 | C39: Obligación de expedir factura de venta en convenios
A41: DIRECTRICES INTERNAS
A42: Radicado | B42: Fecha | C42: Tema
A43: Resolución 1202 - 16601 | B43: 40940 | C43: Procedimiento interno para la conformación de los comités asesores y evaluadores
A44: MN-FAF-01 | B44: V 17 - 09/2018 | C44: Manual de contratación
A45: 180-MEM1902-1392 | B45: 43514 | C45: Lineamientos en materia de supervisión e interventoría de contratos tipo bolsa
A46: 180-MEM1905-4400 | B46: 43613 | C46: Obligaciones a tener en cuenta en los convenios suscritos por la corporación (apertura de cuenta de ahorros y reintegro de rendimientos financieros)
A47: 180-MEM2102-888 | B47: 44237 | C47: Conocimiento y aplicación de normas que modifican actuaciones en materia de contratación estatal
A48: 180-MEM2104-2897 | B48: 44312 | C48: Socialización concepto C-150 de 2021 - Contratación directa
A49: 180-MEM2110-7038 | B49: 44483 | C49: Reconocimiento de viáticos en los contratos de prestación de servicios con personas naturales

Sheet Obra&K
B1: SISTEMA DE GESTIÓN INTEGRAL - SGI | D1: Instructivo
B2: INFORMACIÓN PROCESOS DE OBRA PÚBLICA Y CAPACIDAD RESIDUAL (K)
B3: CÓDIGO: F-PGC-21 | C3: =Instructivo!G3 -> VERSIÓN: 04
A5: ¿Qué son los contratos de obra?
A6: El artículo 32 de la Ley 80 de 1993, establece, "Son contratos estatales todos los actos jurídicos generadores de obligaciones que celebren las entidades a que se refiere el presente estatuto, previstos en el derecho privado o en disposiciones especiales, o derivados del ejercicio de la autonomía de la voluntad, así como los que, a título enunciativo, se definen a continuación: 1°. Contrato de Obra. Son contratos de obra los que celebren las entidades estatales para la construcción, mantenimiento, instalación y, en general, para la realización de cualquier otro trabajo material sobre bienes inmuebles, cualquiera que sea la modalidad de ejecución y apoyo. En los contratos de obra que hayan sido celebrados como resultado de un proceso de licitación o públicos, la interventoría deberá ser contratada con una persona independiente de la entidad contratante y del contratista, quien responderá por los hechos y omisiones que le fueren imputables en los términos previstos en el artículo 53 del presente estatuto".
A7: Fuente: Ley 80 de 1993
A9: ¿Sobre qué tipos de bienes inmuebles aplican los contratos de obra pública?
A10: Los contratos de obra pública aplican sobre los siguientes tipos de bienes inmuebles,
A11: Inmuebles por naturaleza. Inmuebles o fincas o bienes raíces son las cosas que no pueden transportarse de un lugar a otro; como las tierras y minas, y las que adhieren permanentemente a ellas, como los edificios, los árboles, las casas y veredas se llaman predios o fundos.(Art. 656 Código civil)
A12: Inmuebles por adhesión. Las plantas son inmuebles, mientras adhieren al suelo por sus raíces, a menos que estén en macetas o cajones que puedan transportarse de un lugar a otro. (Art. 657 Código civil)
A13: Inmuebles por destinación. Se reputan inmuebles, aunque por su naturaleza no lo sean, las cosas que están permanentemente destinadas al uso, cultivo y beneficio de un inmueble, sin embargo, de que puedan separarse sin detrimento. Tales son, por ejemplo: Las losas de un pavimento, Los tubos de las cañerías, Los utensilios de labranza o minería, y los animales actualmente destinados al cultivo o beneficio de una finca, con tal que hayan sido puestos en ella por el dueño de la finca, Los abonos existentes en ella y destinados por el dueño de la finca a mejorarla, Las prensas, calderas, cubas, alambiques, toneles y máquinas que forman parte de un establecimiento industrial adherente al suelo y pertenecen al dueño de éste, Los animales que se guardan en conejeras, pajareras, estanques, colmenas y cualesquiera otros vivares, con tal que estos adhieran al suelo, o sean parte del suelo mismo o de un edificio. (Art. 658 Código civil)
A15: ¿La reforestación y el mantenimiento de plantaciones se consideran obra pública?
A16: El concepto de Colombia Compra Eficiente C-225 de 2020 con Radicado No: 2202013000002653, aclara en su parte motiva que la reforestación y el mantenimiento de plantaciones se consideran de obra pública por lo que una vez se siembran plantaciones, esto constituye un trabajo material sobre bien inmueble y una vez se tenga la siembra, adquiere la categoria de inmuebles por adhesion, esto según el artículo 656 y 657 del código civil.
A17: Fuente: 180-MEM2106-3887
A19: ¿Qué contribuciones especiales se dan en los contratos de obra pública?
... A37: Para determinar la capacidad residual (K) de contratación, para un proceso en especifíco, se recomienda: 1. Estudiar la guía de Colombia Compra Eficiente, dispuesta para ello, por medio de la ruta: https://colombiacompra.gov.co/manuales-guias-y-pliegos-tipo/manuales-y-guias/guia-para-determinar-y-verificar-la-capacidad 2. Utilizar el aplicativo para cálcular la capacidad residual (K) de contratación de Colombia Compra Eficiente, dispuesto para ello, el cual, se obtiene en la ruta: https://colombiacompra.gov.co/manuales-guias-y-pliegos-tipo/manuales-y-guias/aplicacion-para-establecer-la-capacidad-residual

Sheet Imp & garantías
B1: SISTEMA DE GESTIÓN INTEGRAL - SGI | F1: Instructivo
B2: IMPUESTOS Y GARANTÍAS
B3: CÓDIGO: F-PGC-21 | D3: =Instructivo!G3 -> VERSIÓN: 04
A5: IMPUESTOS
A6: A continuación, se encontrará una lista enunciativa de los impuestos en los que puede incurrir el ejecutor, los cuales dependen de la especificidad del proceso. Lista de carácter informativa en caso que se emitan consultas al respecto.
A7: Base para la aplicación de los impuestos | E7: 0
A8: Ítem | B8: Descripción | C8: Porcentaje | D8: Aplica (Si/No) | E8: Valor
A9: IMPUESTOS EN CONTRATOS
A10: Impuesto sobre la Renta | B10: Aplica para contratos celebrados con contribuyentes del impuesto sobre la renta | C10: 0.032 | E10: =IF(D10="SI",C10*$E$7,0) -> 0
A11: Impuesto de ICA y complementarios | B11: Aplica para contratos celebrados donde se materialice la realización de actividades industriales, de comercio y de servicio sometidos del impuesto de industria y comercio | C11: 0.0115 | E11: =IF(D11="SI",C11*$E$7,0) -> 0
A12: GMF 4x1000 | B12: Aplica para contratos donde el GMF no se asuma con cargos a rendimientos financieros generados que pertenezcan a la entidad | C12: 0.004 | E12: =IF(D12="SI",C12*$E$7,0) -> 0
A13: Contribución Especial de obra pública | B13: Aplica para contratos de obra pública celebrados directamente por la corporación y convenios con entidades públicas que deriven en un contrato de obra pública | C13: 0.05 | E13: =IF(D13="SI",C13*$E$7,0) -> 0
A14: Estampilla Pro UNAL | B14: Aplica para contratos de obra pública y conexos celebrados directamente por la corporación y convenios con entidades públicas de orden nacional que deriven en un contrato de obra pública | C14: 0 | E14: =IF(D14="SI",C14*$E$7,0) -> 0
A15: IMPUESTOS EN CONTRATOS | E15: =SUM(E10:E14) -> 0
A16: IMPUESTOS EN CONVENIOS CON ENTIDADES DE ORDEN NACIONAL
A17: Impuesto sobre la Renta | B17: Aplica para contratos celebrados con contribuyentes del impuesto sobre la renta | C17: 0.016 | E17: =IF(D17="SI",C17*$E$7,0) -> 0
A18: Impuesto de ICA y complementarios | B18: Aplica para contratos celebrados donde se materialice la realización de actividades industriales, de comercio y de servicio sometidos del impuesto de industria y comercio | C18: 0.0115 | E18: =IF(D18="SI",C18*$E$7,0) -> 0
A19: GMF 4x1000 (contratista) | B19: Aplica para convenios con entidades de orden departamental cuya ejecución requiera la contratación de operador externo adelantada directamente por el conveniante | C19: 0.004 | E19: =IF(D19="SI",C19*$E$7,0) -> 0
A20: Contribución Especial de obra pública | B20: Aplica para contratos de obra pública celebrados directamente por la corporación y convenios con entidades públicas que deriven en un contrato de obra pública | C20: 0.05 | E20: =IF(D20="SI",C20*$E$7,0) -> 0
A21: Estampilla Pro UNAL | B21: Aplica para contratos de obra pública y conexos celebrados directamente por la corporación y convenios con entidades públicas de orden nacional que deriven en un contrato de obra pública | C21: 0 | E21: =IF(D21="SI",C21*$E$7,0) -> 0
A22: Estampilla Politécnico JIC | B22: Aplica para contratos celebrados por la corporación con personas diferentes a las entidades oficiales, Juntas de Acción Comunal, etc | C22: 0.004 | E22: =IF(D22="SI",C22*$E$7,0) -> 0
A23: IMPUESTOS EN CONVENIOS CON ENTIDADES DE ORDEN NACIONAL | E23: =SUM(E17:E22) -> 0
A24: IMPUESTOS EN CONVENIOS CON ENTIDADES DE ORDEN DEPARTAMENTAL
A25: Impuesto sobre la Renta | B25: Aplica para contratos celebrados con contribuyentes del impuesto sobre la renta | C25: 0.016 | E25: =IF(D25="SI",C25*$E$7,0) -> 0
A26: Impuesto de ICA y complementarios | B26: Aplica para contratos celebrados donde se materialice la realización de actividades industriales, de comercio y de servicio sometidos del impuesto de industria y comercio | C26: 0.0115 | E26: =IF(D26="SI",C26*$E$7,0) -> 0
A27: GMF 4x1000 (contratista) | B27: Aplica para convenios con entidades de orden departamental cuya ejecución requiera la contratación de operador externo adelantada directamente por el conveniante | C27: 0.004 | E27: =IF(D27="SI",C27*$E$7,0) -> 0
A28: Contribución Especial de obra pública | B28: Aplica para contratos de obra pública celebrados directamente por la corporación y convenios con entidades públicas que deriven en un contrato de obra pública | C28: 0.05 | E28: =IF(D28="SI",C28*$E$7,0) -> 0
A29: Estampilla Bienestar del Adulto Mayor | B29: Aplica para convenios con entidades de orden departamental cuya ejecución requiera la contratación de operador externo adelantada directamente por la entidad territorial respectiva | C29: 0.02 | E29: =IF(D29="SI",C29*$E$7,0) -> 0
A30: Estampilla Politécnico JIC | B30: Aplica para contratos celebrados por la corporación con personas diferentes a las entidades oficiales, Juntas de Acción Comunal, etc | C30: 0.004 | E30: =IF(D30="SI",C30*$E$7,0) -> 0
A31: Estampilla Pro-Desarrollo | B31: Aplica para convenios con entidades de orden departamental cuya ejecución requiera la contratación de operador externo adelantada directamente por la entidad territorial respectiva | C31: 0.006 | E31: =IF(D31="SI",C31*$E$7,0) -> 0
A32: Estampilla Pro-Hospitales Públicos | B32: Aplica para convenios con entidades de orden departamental cuya ejecución requiera la contratación de operador externo adelantada directamente por la entidad territorial respectiva | C32: 0.01 | E32: =IF(D32="SI",C32*$E$7,0) -> 0
A33: Estampilla Pro-Institución UE | B33: Aplica para convenios con entidades de orden departamental cuya ejecución requiera la contratación de operador externo adelantada directamente por la entidad territorial respectiva | C33: 0.004 | E33: =IF(D33="SI",C33*$E$7,0) -> 0
A34: Estampilla Pro-Deporte y Recreación | B34: Aplica para convenios con entidades de orden departamental cuya ejecución requiera la contratación de operador externo adelantada directamente por la entidad territorial respectiva | C34: 0 | E34: =IF(D34="SI",C34*$E$7,0) -> 0
A35: IMPUESTOS EN CONVENIOS CON ENTIDADES DE ORDEN DEPARTAMENTAL | E35: =SUM(E25:E34) -> 0
A36: IMPUESTOS EN CONVENIOS CON ENTIDADES DE ORDEN MUNICIPAL
A37: Impuesto sobre la Renta | B37: Aplica para contratos celebrados con contribuyentes del impuesto sobre la renta | C37: 0.016 | E37: =IF(D37="SI",C37*$E$7,0) -> 0
A38: Impuesto de ICA y complementarios | B38: Aplica para contratos celebrados donde se materialice la realización de actividades industriales, de comercio y de servicio sometidos del impuesto de industria y comercio | C38: 0.0115 | E38: =IF(D38="SI",C38*$E$7,0) -> 0
A39: GMF 4x1000 (contratista) | B39: Aplica para convenios con entidades de orden departamental cuya ejecución requiera la contratación de operador externo adelantada directamente por el conveniante | C39: 0.004 | E39: =IF(D39="SI",C39*$E$7,0) -> 0
A40: Contribución Especial de obra pública | B40: Aplica para contratos de obra pública celebrados directamente por la corporación y convenios con entidades públicas que deriven en un contrato de obra pública | C40: 0.05 | E40: =IF(D40="SI",C40*$E$7,0) -> 0
A41: Estampilla Procultura | B41: Aplica para convenios con entidades de orden departamental cuya ejecución requiera la contratación de operador externo adelantada directamente por la entidad territorial respectiva | C41: 0 | E41: =IF(D41="SI",C41*$E$7,0) -> 0
A42: Estampilla Bienestar del Adulto Mayor | B42: Aplica para convenios con entidades de orden departamental cuya ejecución requiera la contratación de operador externo adelantada directamente por la entidad territorial respectiva | C42: 0 | E42: =IF(D42="SI",C42*$E$7,0) -> 0
A43: Estampilla Pro-Universidad de Antioquia | B43: Aplica para convenios con entidades de orden departamental cuya ejecución requiera la contratación de operador externo adelantada directamente por la entidad territorial respectiva | C43: 0 | E43: =IF(D43="SI",C43*$E$7,0) -> 0
A44: Estampilla Pro-hospital | B44: Aplica para convenios con entidades de orden departamental cuya ejecución requiera la contratación de operador externo adelantada directamente por la entidad territorial respectiva | C44: 0 | E44: =IF(D44="SI",C44*$E$7,0) -> 0
A45: Estampilla Pro-Deporte y Recreación | B45: Aplica para convenios con entidades de orden departamental cuya ejecución requiera la contratación de operador externo adelantada directamente por la entidad territorial respectiva | C45: 0 | E45: =IF(D45="SI",C45*$E$7,0) -> 0
A46: IMPUESTOS EN CONVENIOS CON ENTIDADES DE ORDEN MUNICIPAL | E46: =SUM(E37:E45) -> 0
A49: PÓLIZAS DE GARANTÍAS
A50: A continuación, se encontrará una lista enunciativa de las pólizas de garantías en las que puede incurrir el ejecutor, las cuales dependen de la especificidad del proceso. Lista de carácter informativa en caso que se emitan consultas al respecto.
A51: Ítem | C51: Descripción
A52: Seriedad de la oferta | C52: Desde la presentación de la oferta y hasta la aprobación de la garantía de cumplimiento.
A53: Cumplimiento | C53: Debe estar vigente como mínimo hasta la liquidación del contrato.
A54: Buen manejo y correcta inversión del anticipo | C54: Hasta la liquidación del contrato o hasta la amortización del anticipo, de acuerdo con lo que determine la Entidad Estatal.
A55: Pago anticipado | C55: Hasta la liquidación del contrato o hasta que la Entidad Estatal verifique el cumplimiento de todas las actividades o la entrega de todos los bienes o servicios asociados al pago anticipado.
A56: Pagos de salarios, prestaciones sociales legales e indemnizaciones laborales | C56: Debe estar vigente por el plazo del contrato y tres años más.
A57: Estabilidad y calidad de la obra | C57: Debe estar vigente por un término no inferior a cinco años contados a partir de la fecha en la cual la Entidad Estatal recibe a satisfacción la obra.
A58: Calidad del servicio | C58: La vigencia del amparo debe ser determinada por la Entidad Estatal de acuerdo con el objeto, el valor, la naturaleza y las obligaciones contenidas en el contrato.
A59: Calidad del servicio en contratos de interventoría | C59: La vigencia debe ser igual al plazo de la garantía de estabilidad y calidad de la obra del contrato principal.
A60: Calidad de bienes | C60: La vigencia del amparo debe ser determinada por la Entidad Estatal de acuerdo con el objeto, el valor, la naturaleza y las obligaciones contenidas en el contrato, la garantía mínima y los vicios ocultos.
A61: Responsabilidad civil extracontractual | C61: La vigencia de esta garantía deberá ser igual al período de ejecución del contrato.

Sheet A&PA
B1: SISTEMA DE GESTIÓN INTEGRAL - SGI | F1: Instructivo
B2: INFORMACIÓN ANTICIPOS Y PAGOS ANTICIPADOS | F2: Plan de ejecución física y de inversiones
B3: CÓDIGO: F-PGC-21 | D3: =Instructivo!G3 -> VERSIÓN: 04
A5: Consideración incial: La programación financiera debe ser coherente con la programación física, todo pago que no sea soportado en la ejecución física efectiva y certificada es un anticipo o pago anticipado.
A7: ¿Cuál es la diferencia entre el anticipo y el pago anticipado?
A8: El anticipo es un adelanto o avance del precio del contrato destinado a apalancar el cumplimiento de su objeto, de modo que los recursos girados por dicho concepto solo se integran al patrimonio del contratista en la medida que se cause su amortización mediante la ejecución de actividades programadas del contrato. El pago anticipado es un pago efectivo del precio de forma que los recursos se integran al patrimonio del contratista desde su desembolso.
A9: Fuente: https://colombiacompra.gov.co/ciudadanos/preguntas-frecuentes/ejecucion
A11: ¿Cuál es el manejo que se deben dar a los pagos anticipados y anticipos en la contratación estatal?
A12: Salvo casos excepcionales plenamente justificados y motivados, las entidades no pactarán pagos anticipados. Esta restricción no se aplicará al Sector de la Defensa Nacional. Para el caso de los anticipos se establece como criterio que la entrega de recursos se realice utilizando instrumentos financieros que aseguren el manejo transparente de los recursos y su destinación exclusiva al contrato. Deberá estipularse en los contratos estatales que la entidad pública contratante es la propietaria de los recursos entregados en calidad de anticipo y en consecuencia los rendimientos financieros que los mismos generen pertenecen al Tesoro.
A13: Fuente: Directiva presidencial 04 de 2003.
A15: ¿Cuál es el monto máximo en que se puede pactar el pago anticipado y la entrega del anticipo?
A16: En los contratos que celebren las entidades estatales se podrá pactar el pago anticipado y la entrega de anticipos, pero su monto no podrá exceder del cincuenta por ciento (50%) del valor del respectivo contrato. Los contratos no podrán adicionarse en más del cincuenta por ciento (50%) de su valor inicial, expresado este en salarios mínimos legales mensuales.
A17: Fuente: Parágrafo. Artículo 40°, Ley 80 de 1993.
A19: ¿Hay estipulaciones especiales para la entrega de anticipos?
A20: En los contratos de obra, concesión, salud, o los que se realicen por licitación pública, el contratista deberá constituir una fiducia o un patrimonio autónomo irrevocable para el manejo de los recursos que reciba a título de anticipo, con el fin de garantizar que dichos recursos se apliquen exclusivamente a la ejecución del contrato correspondiente, salvo que el contrato sea de menor o mínima cuantía. El costo de la comisión fiduciaria será cubierto directamente por el contratista. PARÁGRAFO . La información financiera y contable de la fiducia podrá ser consultada por los Organismos de Vigilancia y Control Fiscal.
... A25: Fuente: https://colombiacompra.gov.co/ciudadanos/preguntas-frecuentes/ejecucion

Sheet IVA
B1: SISTEMA DE GESTIÓN INTEGRAL - SGI | F1: Instructivo | G1: Memoria de cálculo opc 1 | H1: Gastos de adm
B2: INFORMACIÓN IVA | F2: Presupuesto contrato | G2: Memoria de cálculo opc 2
B3: CÓDIGO: F-PGC-21 | D3: =Instructivo!G3 -> VERSIÓN: 04 | F3: Presupuesto convenio | G3: Memoria de cálculo opc 3
A5: ¿Qué es el IVA?
A6: El impuesto sobre las ventas o Impuesto al Valor Agregado (IVA), es un impuesto de orden nacional, indirecto, de causación instantánea y de régimen general. Es un impuesto de orden nacional bajo el entendido que las reglas aplicables al impuesto se dan de forma similar en todo el territorio nacional. Es un impuesto indirecto, ya que no tiene en cuenta la capacidad económica de las personas, es decir, que no está relacionado con el poder adquisitivo de estas. El impuesto sobre las ventas es un impuesto de causación instantánea toda vez que este se genera en el momento en el que se cumple con el hecho generador; es decir, que la causación se da en el momento en que el que se realiza la operación. De manera general, grava la venta de bienes y la prestación de servicios.
A7: Fuente: Curso Fiscalización tributaria, aduanera, cambiaria e internacional - TACI, Universidad Sergio Arboleda - DIAN, 2021
A9: ¿Quiénes son responsables del IVA?
A10: Por regla general toda persona natural o jurídica que venda productos gravados con el Iva o preste servicios gravados con el Iva, es responsable del impuesto a las ventas. Si el contribuyente, persona natural o jurídica, vende productos o presta servicios que no están gravados con Iva, no son responsables del Iva. No obstante, hay excepciones estipuladas en el Art. 437 del Estatuto Tributario, el cual se cita en extenso,
A11: Art. 437. Los comerciantes y quienes realicen actos similares a los de ellos y los importadores son sujetos pasivos. Son responsables del impuesto: a. En las ventas, los comerciantes, cualquiera que sea la fase de los ciclos de producción y distribución en la que actúen y quienes sin poseer tal carácter, ejecuten habitualmente actos similares a los de aquellos. b. En las ventas de aerodinos, tanto los comerciantes como los vendedores ocasionales de éstos. c. Quienes presten servicios. d. Los importadores. e. Los contribuyentes pertenecientes al régimen común del impuesto sobre las ventas, cuando realicen compras o adquieran servicios gravados con personas pertenecientes al régimen simplificado, por el valor del impuesto retenido, sobre dichas transacciones.
A12: f. ** -Adicionado- Los contribuyentes pertenecientes al régimen común del Impuesto sobre las Ventas, por el impuesto causado en la compra o adquisición de los bienes y servicios gravados relacionados en el artículo 468-1, cuando estos sean enajenados o prestados por personas naturales no comerciantes que no se hayan inscrito en el régimen común del impuesto sobre las ventas. El impuesto causado en estas operaciones será asumido por el comprador o adquirente del régimen común, y deberá ser declarado y consignado en el mes correspondiente a la fecha del pago o abono en cuenta. El impuesto retenido podrá ser tratado como descontable en la forma prevista por los artículos 485, 485-1, 488 y 490 de este Estatuto. Sobre las operaciones previstas en este literal, cualquiera sea su cuantía, el adquirente emitirá al vendedor el documento equivalente a la factura, en los términos que señale el reglamento. Los consorcios y uniones temporales cuando en forma directa sean ellos quienes realicen actividades gravadas. La responsabilidad se extiende también a la venta de bienes corporales muebles aunque no se enajenen dentro del giro ordinario del negocio, pero respecto de cuya adquisición o importación se hubiere generado derecho al descuento.
A13: PAR. A las personas que pertenezcan al régimen simplificado, que vendan bienes o presten servicios, les esta prohibido adicionar al precio suma alguna por concepto del impuesto sobre las ventas. Si lo hicieren, deberán cumplir íntegramente con las obligaciones predicables de quienes pertenecen al régimen común.
A14: -Adionado- PARÁGRAFO 2. La Dirección de Impuestos y Aduanas Nacionales establecerá mediante resolución el procedimiento mediante el cual los prestadores de servicios desde el exterior cumplirán con sus obligaciones, entre ellas la de declarar y pagar, en su calidad de responsables cuando los servicios prestados se encuentren gravados. La Obligación aqui prevista solamente se hará exigible a partir del 1 de julio de 2018, salvo en aquellos casos previstos en el numeral 3 del artículo 437-2 de este Estatuto. Nota 1. Estas declaraciones podrán presentarse mediante un formulario, que permitirá liquidar la obligación tributaria en dólares convertida a pesos colombianos a latasa de cambio representativa de mercado –TRM del día de la declaración y pago. Las declaraciones presentadas sin pago total no producirán efecto, sin necesidad de acto administrativo que así lo declare. Los prestadores de servicios desde el exterior, sin residencia fiscal en Colombia, no estarán obligados a expedir factura o documento equivalente por laprestación de los servicios electrónicos o digitales. Lo anterior sin perjuicio de las facultades de la Dirección de Impuestos y Aduanas Nacionales -DIAN para establecer la obligación de facturar electrónicamente o de soportar las operaciones en un documento electrónico.
A15: Nota 1. PARÁGRAFO 3. Deberán registrarse como responsables del IVA quienes realicen actividades gravadas con el impuesto, con excepción de las personas naturales comerciantes y los artesanos, que sean minoristas o detallistas, los pequeños agricultores y los ganaderos, así como quienes presten servicios, siempre y cuando cumplan la totalidad de las siguientes condiciones: 1. Que en el año anterior o en el año en curso hubieren obtenido ingresos brutostotales provenientes de la actividad, inferiores a 3.500 UVT. 2. Que no tengan más de un establecimiento de comercio, oficina, sede, local onegocio donde ejerzan su actividad. 3. Que en el establecimiento de comercio, oficina, sede, local o negocio no sedesarrollen actividades bajo franquicia, concesión, regalía, autorización ocualquier otro sistema que implique la explotación de intangibles. 4. Que no sean usuarios aduaneros. 5. Que no hayan celebrado en el año inmediatamente anterior ni en el año encurso contratos de venta de bienes y/o prestación de servicios gravados porvalor individual, igual o superior a 3.500 UVT. 6. Que el monto de sus consignaciones bancarias, depósitos o inversionesfinancieras durante el año anterior o durante el respectivo año, provenientes deactividades gravadas con el impuesto sobre las ventas – IVA, no supere la sumade 3.500 UVT.
A16: Para la celebración de contratos de venta de bienes y/o de prestación deservicios gravados por cuantía individual y superior a 3.500 UVT, estas personas deberán inscribirse previamente como responsables del impuesto sobre lasventas –IVA, formalidad que deberá exigirse por el contratista para la procedencia de costos y deducciones. Lo anterior también será aplicable cuando un mismo contratista celebre varios contratos que superen la suma de 3.500 UVT. Los responsables del impuesto sólo podrán solicitar su retiro del régimen cuando demuestren que en el año fiscal anterior se cumplieron, las condiciones establecidas en la presente disposición. Cuando los no responsables realicen operaciones con los responsables del impuesto deberán registrar en el Registro Único Tributario -RUT su condición detales y entregar copia del mismo al adquirente de los bienes o servicios, en lostérminos señalados en el reglamento. Autorícese a la Dirección de Impuestos y Aduanas Nacionales –DIAN para adoptar medidas tendientes al control de la evasión, para lo cual podrá imponer obligaciones formales a los sujetos no responsables a que alude la presente disposición. De conformidad con el artículo 869 y siguientes de este Estatuto, la Dirección de Impuestos y Aduanas Nacionales –DIAN tiene la facultad de desconocer toda operación o serie de operaciones cuyo propósito sea inaplicar la presente disposición, como: (i) la cancelación injustificada de establecimientos de comercio para abrir uno nuevo con el mismo objeto o actividad y (ii) el fraccionamiento de la actividad empresarial en varios miembros de una familia para evitar la inscripción del prestador de los bienes y servicios gravados en elrégimen de responsabilidad del impuesto sobre las ventas -IVA. Para efectos de la inclusión de oficio como responsable del impuesto sobre las ventas -IVA, la Administración Tributaria también tendrá en cuenta los costos y gastos atribuibles a los bienes y servicios gravados, como arrendamientos, pagos por seguridad social y servicios públicos, y otra información que estádisponible en su sistema de información masiva y análisis de riesgo.
A17: Nota 1. Parágrafo 4. No serán responsables del impuesto sobre las ventas – IVA los contribuyentes del impuesto unificado bajo el Régimen Simple de Tributación -SIMPLE cuando únicamente desarrollen una o más actividades establecidas enel numeral 1 del artículo 908 del Estatuto Tributario. ***- Por el año 2022, tampoco serán responsables del impuesto sobre las ventas - IVA, los contribuyentes del impuesto unificado bajo el Régimen Simple de Tributación -SIMPLE cuando únicamente desarrollen actividades de expendio de comidas y bebidas de las que trata el numeral 4 del artículo 908 del Estatuto Tributario. Nota 1. Parágrafo 5. Los límites de que trata el parágrafo 3 de este artículo serán 4.000 UVT para aquellos prestadores de servicios personas naturales que derivan susingresos de contratos con el Estado.
... A100: Lo dispuesto en el presente parágrafo no aplica para las industrias de minería e hidrocarburos.

Sheet Notas PE
B1: SISTEMA DE GESTIÓN INTEGRAL - SGI | F1: Instructivo | G1: Propuesta económica Opc 1
B2: NOTAS PROPUESTA ECONÓMICA | G2: Propuesta económica Opc 2
B3: CÓDIGO: F-PGC-21 | D3: =Instructivo!G3 -> VERSIÓN: 04 | G3: Propuesta económica Opc 3
A5: A continuación, se encontrará una lista enunciativa de notas que pueden ser incluidas en el formato de propuesta económica, de acuerdo, a la especificidad del proceso. La elección de las notas es de responsabilidad del asesor(a) financiero(a), quien podrá contar con apoyo del asesor(a) técnico(a) y asesor(a) jurídico(a) del proceso, para llevar a cabo dicho cometido. En concordancia con las características del proceso, se podrán utilizar notas que no estén relacionadas en la siguiente lista enunciativa.
A7: Notas sobre diligenciamiento
A8: Nota: Este formato es inmodificable en cuanto a los ítems y las cantidades solicitadas.
A9: Nota: El proponente deberá establecer los valores unitarios de cada uno de los ítems y el valor total de conformidad con las cantidades solicitadas (espacios subrayados en gris). Será causal de rechazo no diligenciar o modificar, uno o varios de los ítems solicitados. Los valores deben estar acorde a las especificaciones técnicas de acuerdo a los Estudios previos del proceso.
A10: Nota: El proponente deberá establecer los valores unitarios, los valores totales (de conformidad con las cantidades solicitadas) y los subtotales para cada vigencia, al igual, que los valores que totalizan las vigencias (espacios subrayados en gris claro). Será causal de rechazo no diligenciar o modificar, uno o varios de los ítems solicitados. Los valores deben estar acorde a las especificaciones técnicas de acuerdo a los Estudios previos del proceso, y se deben expresar en números enteros o sin decimales.
A11: Nota: El presente formato también podrá ser diligenciado en formato Excel, en caso de presentarse la propuesta económica en ambos formatos sus cifras deberán ser coincidentes, so pena de rechazo.
A12: Nota: El formato 6 - PROPUESTA ECONÓMICA se debe presentar en archivo tipo Excel y pdf, si entre ellos existe alguna diferencia, primará el documento presentado en archivo pdf.
A13: Nota: El oferente deberá diligenciar los Valores unitarios del oferente antes de AU e IVA, para cada uno de los ítems ajustados al peso (redondear), bien sea por exceso o por defecto. Propuesta que en su formato no relacione el precio de los Valores unitarios del oferente antes de AU e IVA, será rechazada.
A14: Nota: En caso de modificaciones u omisiones por parte de los proponentes al presente formato, prevalecerá y sólo será válida la descripción y unidad que se detalla en el formato (incluidas las variaciones en atención a las modificaciones o adendas a las condiciones de contratación). En este sentido, cualquier variación en la descripción y unidad del Formato No. 6 presentado por el proponente, se entenderá como no escrita, prevaleciendo la descripción y unidad descritas en el dicho formato.
A15: Nota: El formato denominado Anexo 6 - Documento Estandarizado Propuesta Económica, es la tabla conformada por la oferta económica del proponente para xxxxxx y sus diferentes ítems, contemplados en el presupuesto oficial o Memoria de Cálculo del Formato FT-FAF-175, de la entidad para el presente proceso de contratación. Dichas actividades o ítems son las que han sido requeridas en el histórico de la entidad o en actividades previstas para la presente vigencia. La tabla esta compuesta por los siguientes capítulos, Subcapítulos y actividades: Capítulo 1. XXXXXXX (SUMA Subcapítulos A+B). Capítulo 2. - XXXXXXXX - A DEMANDA (precio no modificable por el oferente). En el caso del Capítulo 2, las actividades hacen parte de la bolsa de recursos descrita en la nota X, la cual se ejecutará A DEMANDA y cuyo valor no puede ser modificado por el oferente. Sin embargo, el oferente deberá ofertar los precios unitarios de las actividades incluidas en el formato, es decir, los ítems XX a XX del Subcapítulo X. VARIOS; y XX a XX del subcapitulo D. XXXXXXXXXXXXXXX La no presentación del valor unitario de una o varias de las actividades y costos consignados en este documento será causal de rechazo de la oferta. Igualmente cuando en la presentación de valores que, en caso de error del oferente, no se les pueda realizar una corrección aritmética sin afectar el valor de la oferta en contra de los demás oferentes. Asi mismo, será causal de rechazo cuando uno o varios de los valores unitarios ofertados de las tabla superen el X% de acuerdo con el precio establecido en el Formato FT-FAF-175, Presupuesto oficial o Memoria de Cálculo.
A17: Notas sobre estipulación de valores y porcentajes
A18: Nota: Los valores que se asignen en valores unitarios deberán sostenerse y demostrar su cumplimiento durante la ejecución del contrato.
... A40: Nota: Se habla de “AU” porque la Corporación no paga Imprevistos

Sheet CF&O
B1: SISTEMA DE GESTIÓN INTEGRAL - SGI | F1: Instructivo
B2: REQUISITOS HABILITANTES CAPACIDAD FINANCIERA Y ORGANIZACIONAL | F2: Verificación de requisitos habilitantes de los proponentes sobre capacidad financiera y organizacional
B3: CÓDIGO: F-PGC-21 | D3: =Instructivo!G3 -> VERSIÓN: 04
A5: REQUISITOS GENERALES
A7: REQUISITOS DE CAPACIDAD FINANCIERA GENERALES
A8: NOMBRE DEL INDICADOR | B8: VALORES MÍNIMOS EXIGIDOS
A9: Liquidez | B9: Debe demostrarse una liquidez MAYOR A UNO (1), expresado máximo con dos decimales, o el equivalente expresado en otra unidad.
A10: Nivel de Endeudamiento | B10: Debe demostrarse un endeudamiento MENOR O IGUAL AL SETENTA POR CIENTO (70%) expresado con dos decimales, o el equivalente expresado en otra unidad.
A11: Razón de Cobertura de Intereses | B11: Se deberá acreditar una razón de cobertura de intereses POSITIVA MAYOR O IGUAL a DOS (2), expresado con dos decimales, o el equivalente expresado en otra unidad. Nota: cuando el resultado en el RUP de indeterminado, el proponente cumple con el indicador.
A13: REQUISITOS DE CAPACIDAD ORGANIZACIONAL GENERALES
A14: NOMBRE DEL INDICADOR | B14: VALORES MÍNIMOS EXIGIDOS
A15: Rentabilidad del Patrimonio | B15: Los proponentes deberán presentar una Rentabilidad del Patrimonio MAYOR AL UNO PORCIENTO (1%), expresado con dos decimales, o el equivalente expresado en otra unidad.
A16: Rentabilidad del Activo | B16: Los proponentes deberán presentar una Rentabilidad del Activo MAYOR AL UNO PORCIENTO (1%), expresado con dos decimales, o el equivalente expresado en otra unidad.
A18: REQUISITOS DIFERENCIALES
A19: En virtud del Decreto 1082 de 2015, artículos 2.2.1.2.4.2.15. y 2.2.1.2.4.2.18, donde se estipula,
A20: ARTÍCULO 2.2.1.2.4.2.15. Criterios diferenciales para emprendimientos y empresas de mujeres en el sistema de compras públicas. En los procesos de licitación pública, selección abreviada de menor cuantía y concurso de méritos, así como en los procesos competitivos que adelanten las Entidades Estatales no sometidas al Estatuto General de Contratación de la Administración Pública, las Entidades incluirán condiciones habilitantes para incentivar los emprendimientos y empresas de mujeres con domicilio en el territorio nacional. Para el efecto, los Documentos del Proceso deberán incorporar requisitos habilitantes diferenciales relacionados con alguno o algunos de los siguientes aspectos: 1. Tiempo de experiencia. 2. Número de contratos para la acreditación de la experiencia. 3. Índices de capacidad financiera. 4. Índices de capacidad organizacional. 5. Valor de la garantía de seriedad de la oferta.
A21: Los requisitos mencionados deberán fijarse respetando las condiciones habilitantes requeridas para el cumplimiento adecuado del contrato, teniendo en cuenta el alcance de las obligaciones. En desarrollo de lo anterior, con la finalidad de beneficiar a las empresas y emprendimientos de mujeres, se establecerán condiciones más exigentes respecto a alguno o algunos de los criterios de participación antes enunciados frente a los demás proponentes que concurran al procedimiento de selección que no sean empresas o emprendimientos de mujeres. De manera que no se ponga en riesgo el cumplimiento adecuado del objeto contractual, con excepción de los procedimientos donde el menor precio ofrecido sea el único factor de evaluación, las Entidades también otorgarán un puntaje adicional de hasta el cero punto veinticinco por ciento (0.25%) del valor total de los puntos establecidos en los pliegos de condiciones o documentos equivalentes, a los proponentes que acrediten alguno de los supuestos del artículo 2.2.1.2.4.2.14 del presente Decreto. Las Entidades incluirán estos requisitos diferenciales y puntajes adicionales de acuerdo con los resultados del análisis del sector, desde la perspectiva del estudio de la oferta de las obras, bienes o servicios que requiere, sin perjuicio de los compromisos adquiridos por Colombia en los Acuerdos Comerciales vigentes.
A22: PARÁGRAFO 1. Tratándose de proponentes plurales, los criterios diferenciales y los puntajes adicionales solo se aplicarán si por lo menos uno de los integrantes acredita que es emprendimiento y empresa de mujeres bajo los criterios dispuestos en el artículo precedente y que tiene una participación igual o superior al diez por ciento (10%) en el consorcio o la unión temporal. PARÁGRAFO 2. Los incentivos contractuales para las empresas y emprendimientos de mujeres no excluyen la aplicación de los criterios diferenciales para Mipyme en el sistema de compras públicas. (Adicionado por el Art. 3 del Decreto 1860 de 2021)
A23: ARTÍCULO 2.2.1.2.4.2.18. Criterios diferenciales para Mipyme en el sistema de compras públicas. De acuerdo con el numeral 1 del artículo 12 de la Ley 590 de 2000, según los resultados del análisis del sector, las Entidades Estatales indistintamente de su régimen de contratación, los patrimonios autónomos constituidos por Entidades Estatales y los particulares que ejecuten recursos públicos establecerán condiciones habilitantes diferenciales que promuevan y faciliten la participación en los procedimientos de selección competitivos de las Mipyme domiciliadas en Colombia. Para el efecto, en función de los criterios de clasificación empresarial, los Documentos del Proceso deberán incorporar requisitos habilitantes diferenciales relacionados con alguno o algunos de los siguientes aspectos: 1. Tiempo de experiencia. 2. Número de contratos para la acreditación de la experiencia. 3. Índices de capacidad financiera. 4. Índices de capacidad organizacional. 5. Valor de la garantía de seriedad de la oferta.
A24: Los requisitos mencionados deberán fijarse respetando las condiciones habilitantes requeridas para el cumplimiento adecuado del contrato, teniendo en cuenta el alcance de las obligaciones. En desarrollo de lo anterior, con la finalidad de beneficiar a las Mipyme, se establecerán condiciones más exigentes respecto a alguno o algunos de los criterios de participación antes enunciados frente a los demás proponentes que concurran al procedimiento de selección que no sean Mipyme. Con excepción de los procedimientos de selección abreviada por subasta inversa y de mínima cuantía, las entidades sometidas al Estatuto General de Contratación de la Administración Pública, teniendo en cuenta los criterios de clasificación empresarial, podrán establecer puntajes adicionales para Mipyme. En ningún caso, estos podrán superar el cero punto veinticinco por ciento (0.25%) del total de los puntos establecidos en el pliego de condiciones.
A25: PARÁGRAFO 1. Para los efectos de este artículo, los criterios de clasificación empresarial son los definidos en el artículo 2.2.1.13.2.2 del Decreto 1074 de 2015, Único Reglamentario del Sector Comercio, Industria y Turismo, o la norma que lo modifique, derogue o sustituya. PARÁGRAFO 2. Tratándose de proponentes plurales, los criterios diferenciales y los puntajes adicionales solo se aplicarán si por lo menos uno de los integrantes acredita la calidad de Mipyme y tiene una participación igual o superior al diez por ciento (10%) en el consorcio o la unión temporal. PARÁGRAFO 3. Lo previsto en esta norma aplica sin perjuicio de lo dispuesto en los Acuerdos Comerciales suscritos por el Estado colombiano, pero no rige en las convocatorias limitadas que se realicen conforme a los artículos 2.2.1.2.4.2.2 y 2.2.1.2.4.2.3 de este Decreto." (Adicionado por el Art. 3 del Decreto 1860 de 2021)
